Workbook

Sheet MANO DE OBRA VEHICULOS
B1: ANEXO II - ESTUDIO DEL SECTOR
B4: MANO DE OBRA DE MANTENIMIENTO VEHICULOS
C6: COTIZACIÓN No.1 | D6: COTIZACIÓN No.2 | E6: HISTORICOS DE CONTRATACIÓN | F6: MINIMO | G6: PROMEDIO | H6: VALOR SELECCIONADO
B7: CLASE | C7: VALOR UNITARIO INCLUIDO IVA HORA HOMBRE | D7: VALOR UNITARIO INCLUIDO IVA HORA HOMBRE | E7: VALOR UNITARIO INCLUIDO IVA HORA HOMBRE | F7: VALOR UNITARIO INCLUIDO IVA HORA HOMBRE | G7: VALOR UNITARIO INCLUIDO IVA HORA HOMBRE | H7: VALOR UNITARIO INCLUIDO IVA HORA HOMBRE
B8: AUTOMÓVIL | C8: 71400 | D8: 85784 | E8: 52227.747 | F8: =+IF(C8="N/A","N/A",MIN(C8:E8)) -> 52227.747 | G8: =+IF(C8="N/A","N/A",ROUND(AVERAGE(C8:E8),0)) -> 69804 | H8: =+IF(F8="N/A","N/A",AVERAGE(F8:G8)) -> 61015.874
B9: CAMIONETA | C9: 95200 | D9: 92548 | E9: 54039.114 | F9: =+IF(C9="N/A","N/A",MIN(C9:E9)) -> 54039.114 | G9: =+IF(C9="N/A","N/A",ROUND(AVERAGE(C9:E9),0)) -> 80596 | H9: =+IF(F9="N/A","N/A",AVERAGE(F9:G9)) -> 67317.557
B10: DOBLE CABINA | D10: 90833 | E10: 57722.227 | F10: =+IF(D10="N/A","N/A",MIN(C10:E10)) -> 57722.227 | G10: =+IF(D10="N/A","N/A",ROUND(AVERAGE(C10:E10),0)) -> 74278 | H10: =+IF(F10="N/A","N/A",AVERAGE(F10:G10)) -> 66000.113
B11: VAN | D11: 87911 | E11: 54039.114 | F11: =+IF(D11="N/A","N/A",MIN(C11:E11)) -> 54039.114 | G11: =+IF(D11="N/A","N/A",ROUND(AVERAGE(C11:E11),0)) -> 70975 | H11: =+IF(F11="N/A","N/A",AVERAGE(F11:G11)) -> 62507.057
B12: WAGON | D12: 87911 | E12: 54039.114 | F12: =+IF(D12="N/A","N/A",MIN(C12:E12)) -> 54039.114 | G12: =+IF(D12="N/A","N/A",ROUND(AVERAGE(C12:E12),0)) -> 70975 | H12: =+IF(F12="N/A","N/A",AVERAGE(F12:G12)) -> 62507.057
B13: CAMIÓN | C13: 130900 | D13: 99843 | F13: =+IF(C13="N/A","N/A",MIN(C13:E13)) -> 99843 | G13: =+IF(C13="N/A","N/A",ROUND(AVERAGE(C13:E13),0)) -> 115372 | H13: =+IF(F13="N/A","N/A",AVERAGE(F13:G13)) -> 107607.5
B14: TOTAL | C14: =SUM(C8:C13) -> 297500 | D14: =SUM(D8:D13) -> 544830 | E14: =SUM(E8:E13) -> 272067.32 | F14: =SUM(F8:F13) -> 371910.32 | G14: =SUM(G8:G13) -> 482000 | H14: =SUM(H8:H13) -> 426955.16

Sheet REPUESTOS VEHICULOS
E2: COTIZACIÓN No.1 | F2: COTIZACIÓN No.2 | G2: HISTORICOS DE CONTRATACIÓN | H2: MINIMO | I2: VALOR SELECCIONADO | J2: MEDIA ARITMETICA BAJA | L2: COTIZACIÓN No.1 | M2: COTIZACIÓN No.2 | N2: HISTORICOS DE CONTRATACIÓN | O2: MINIMO | P2: VALOR SELECCIONADO | Q2: MEDIA ARITMETICA BAJA | S2: COTIZACIÓN No.1 | T2: COTIZACIÓN No.2 | U2: HISTORICOS DE CONTRATACIÓN | V2: MINIMO | W2: VALOR SELECCIONADO | X2: MEDIA ARITMETICA BAJA | Z2: COTIZACIÓN No.1 | AA2: COTIZACIÓN No.2 | AB2: HISTORICOS DE CONTRATACIÓN | AC2: MINIMO | AD2: VALOR SELECCIONADO | AE2: MEDIA ARITMETICA BAJA | AG2: COTIZACIÓN No.1 | AH2: COTIZACIÓN No.2 | AI2: HISTORICOS DE CONTRATACIÓN | AJ2: MINIMO | AK2: VALOR SELECCIONADO | AL2: MEDIA ARITMETICA BAJA | AN2: COTIZACIÓN No.1 | AO2: COTIZACIÓN No.2 | AP2: HISTORICOS DE CONTRATACIÓN | AQ2: MINIMO | AR2: VALOR SELECCIONADO | AS2: MEDIA ARITMETICA BAJA | AU2: COTIZACIÓN No.1 | AV2: COTIZACIÓN No.2 | AW2: HISTORICOS DE CONTRATACIÓN | AX2: MINIMO | AY2: VALOR SELECCIONADO | AZ2: MEDIA ARITMETICA BAJA | BB2: COTIZACIÓN No.1 | BC2: COTIZACIÓN No.2 | BD2: HISTORICOS DE CONTRATACIÓN | BE2: MINIMO | BF2: VALOR SELECCIONADO | BG2: MEDIA ARITMETICA BAJA | BI2: COTIZACIÓN No.1 | BJ2: COTIZACIÓN No.2 | BK2: HISTORICOS DE CONTRATACIÓN | BL2: MINIMO | BM2: VALOR SELECCIONADO | BN2: MEDIA ARITMETICA BAJA | BP2: COTIZACIÓN No.1 | BQ2: COTIZACIÓN No.2 | BR2: HISTORICOS DE CONTRATACIÓN | BS2: MINIMO | BT2: VALOR SELECCIONADO | BU2: MEDIA ARITMETICA BAJA | BW2: COTIZACIÓN No.1 | BX2: COTIZACIÓN No.2 | BY2: HISTORICOS DE CONTRATACIÓN | BZ2: MINIMO | CA2: VALOR SELECCIONADO | CB2: MEDIA ARITMETICA BAJA | CD2: COTIZACIÓN No.1 | CE2: COTIZACIÓN No.2 | CF2: HISTORICOS DE CONTRATACIÓN | CG2: MINIMO | CH2: VALOR SELECCIONADO | CI2: MEDIA ARITMETICA BAJA | CK2: COTIZACIÓN No.1 | CL2: COTIZACIÓN No.2 | CM2: HISTORICOS DE CONTRATACIÓN | CN2: MINIMO | CO2: VALOR SELECCIONADO | CP2: MEDIA ARITMETICA BAJA | CR2: COTIZACIÓN No.1 | CS2: COTIZACIÓN No.2 | CT2: HISTORICOS DE CONTRATACIÓN | CU2: MINIMO | CV2: VALOR SELECCIONADO | CW2: MEDIA ARITMETICA BAJA | CY2: COTIZACIÓN No.1 | CZ2: COTIZACIÓN No.2 | DA2: HISTORICOS DE CONTRATACIÓN | DB2: MINIMO | DC2: VALOR SELECCIONADO | DD2: MEDIA ARITMETICA BAJA | DF2: COTIZACIÓN No.1 | DG2: COTIZACIÓN No.2 | DH2: HISTORICOS DE CONTRATACIÓN | DI2: MINIMO | DJ2: VALOR SELECCIONADO | DK2: MEDIA ARITMETICA BAJA | DM2: COTIZACIÓN No.1 | DN2: COTIZACIÓN No.2 | DO2: HISTORICOS DE CONTRATACIÓN | DP2: MINIMO | DQ2: VALOR SELECCIONADO | DR2: MEDIA ARITMETICA BAJA | DT2: COTIZACIÓN No.1 | DU2: COTIZACIÓN No.2 | DV2: HISTORICOS DE CONTRATACIÓN | DW2: MINIMO | DX2: VALOR SELECCIONADO | DY2: MEDIA ARITMETICA BAJA | EA2: COTIZACIÓN No.1 | EB2: COTIZACIÓN No.2 | EC2: HISTORICOS DE CONTRATACIÓN | ED2: MINIMO | EE2: VALOR SELECCIONADO | EF2: MEDIA ARITMETICA BAJA | EH2: COTIZACIÓN No.1 | EI2: COTIZACIÓN No.2 | EJ2: HISTORICOS DE CONTRATACIÓN | EK2: MINIMO | EL2: VALOR SELECCIONADO | EM2: MEDIA ARITMETICA BAJA | EO2: COTIZACIÓN No.1 | EP2: COTIZACIÓN No.2 | EQ2: HISTORICOS DE CONTRATACIÓN | ER2: MINIMO | ES2: VALOR SELECCIONADO | ET2: MEDIA ARITMETICA BAJA | EV2: COTIZACIÓN No.1 | EW2: COTIZACIÓN No.2 | EX2: HISTORICOS DE CONTRATACIÓN | EY2: MINIMO | EZ2: VALOR SELECCIONADO | FA2: MEDIA ARITMETICA BAJA
A3: NECESIDAD CONTRATACIÓN MULTIMARCA REPUESTOS | E3: 1. REPUESTOS | F3: 1. REPUESTOS | G3: 1. REPUESTOS | H3: 1. REPUESTOS | I3: 1. REPUESTOS | J3: 1. REPUESTOS | L3: 2. REPUESTOS | M3: 2. REPUESTOS | N3: 2. REPUESTOS | O3: 2. REPUESTOS | P3: 2. REPUESTOS | Q3: 2. REPUESTOS | S3: 3. REPUESTOS | T3: 3. REPUESTOS | U3: 3. REPUESTOS | V3: 3. REPUESTOS | W3: 3. REPUESTOS | X3: 3. REPUESTOS | Z3: 4. REPUESTOS | AA3: 4. REPUESTOS | AB3: 4. REPUESTOS | AC3: 4. REPUESTOS | AD3: 4. REPUESTOS | AE3: 4. REPUESTOS | AG3: 5. REPUESTOS | AH3: 5. REPUESTOS | AI3: 5. REPUESTOS | AJ3: 5. REPUESTOS | AK3: 5. REPUESTOS | AL3: 5. REPUESTOS | AN3: 6. REPUESTOS | AO3: 6. REPUESTOS | AP3: 6. REPUESTOS | AQ3: 6. REPUESTOS | AR3: 6. REPUESTOS | AS3: 6. REPUESTOS | AU3: 7. REPUESTOS | AV3: 7. REPUESTOS | AW3: 7. REPUESTOS | AX3: 7. REPUESTOS | AY3: 7. REPUESTOS | AZ3: 7. REPUESTOS | BB3: 8. REPUESTOS | BC3: 8. REPUESTOS | BD3: 8. REPUESTOS | BE3: 8. REPUESTOS | BF3: 8. REPUESTOS | BG3: 8. REPUESTOS | BI3: 9. REPUESTOS | BJ3: 9. REPUESTOS | BK3: 9. REPUESTOS | BL3: 9. REPUESTOS | BM3: 9. REPUESTOS | BN3: 9. REPUESTOS | BP3: 10. REPUESTOS | BQ3: 10. REPUESTOS | BR3: 10. REPUESTOS | BS3: 10. REPUESTOS | BT3: 10. REPUESTOS | BU3: 10. REPUESTOS | BW3: 11. REPUESTOS | BX3: 11. REPUESTOS | BY3: 11. REPUESTOS | BZ3: 11. REPUESTOS | CA3: 11. REPUESTOS | CB3: 11. REPUESTOS | CD3: 12. REPUESTOS | CE3: 12. REPUESTOS | CF3: 12. REPUESTOS | CG3: 12. REPUESTOS | CH3: 12. REPUESTOS | CI3: 12. REPUESTOS | CK3: 13. REPUESTOS | CL3: 13. REPUESTOS | CM3: 13. REPUESTOS | CN3: 13. REPUESTOS | CO3: 13. REPUESTOS | CP3: 13. REPUESTOS | CR3: 14. REPUESTOS | CS3: 14. REPUESTOS | CT3: 14. REPUESTOS | CU3: 14. REPUESTOS | CV3: 14. REPUESTOS | CW3: 14. REPUESTOS | CY3: 15. REPUESTOS | CZ3: 15. REPUESTOS | DA3: 15. REPUESTOS | DB3: 15. REPUESTOS | DC3: 15. REPUESTOS | DD3: 15. REPUESTOS | DF3: 16. REPUESTOS | DG3: 16. REPUESTOS | DH3: 16. REPUESTOS | DI3: 16. REPUESTOS | DJ3: 16. REPUESTOS | DK3: 16. REPUESTOS | DM3: 17. REPUESTOS | DN3: 17. REPUESTOS | DO3: 17. REPUESTOS | DP3: 17. REPUESTOS | DQ3: 17. REPUESTOS | DR3: 17. REPUESTOS | DT3: 18. REPUESTOS | DU3: 18. REPUESTOS | DV3: 18. REPUESTOS | DW3: 18. REPUESTOS | DX3: 18. REPUESTOS | DY3: 18. REPUESTOS | EA3: 19. REPUESTOS | EB3: 19. REPUESTOS | EC3: 19. REPUESTOS | ED3: 19. REPUESTOS | EE3: 19. REPUESTOS | EF3: 19. REPUESTOS | EH3: 20. REPUESTOS | EI3: 20. REPUESTOS | EJ3: 20. REPUESTOS | EK3: 20. REPUESTOS | EL3: 20. REPUESTOS | EM3: 20. REPUESTOS | EO3: 21. REPUESTOS | EP3: 21. REPUESTOS | EQ3: 21. REPUESTOS | ER3: 21. REPUESTOS | ES3: 21. REPUESTOS | ET3: 21. REPUESTOS | EV3: 22. REPUESTOS | EW3: 22. REPUESTOS | EX3: 22. REPUESTOS | EY3: 22. REPUESTOS | EZ3: 22. REPUESTOS | FA3: 22. REPUESTOS
A5: NOMBRE DEL ACTIVO | E5: CAMIONETA | F5: CAMIONETA | G5: CAMIONETA | H5: CAMIONETA | I5: CAMIONETA | J5: CAMIONETA | L5: CAMIONETA | M5: CAMIONETA | N5: CAMIONETA | O5: CAMIONETA | P5: CAMIONETA | Q5: CAMIONETA | S5: VAN | T5: VAN | U5: VAN | V5: VAN | W5: VAN | X5: VAN | Z5: CAMIONETA | AA5: CAMIONETA | AB5: CAMIONETA | AC5: CAMIONETA | AD5: CAMIONETA | AE5: CAMIONETA | AG5: CAMIONETA | AH5: CAMIONETA | AI5: CAMIONETA | AJ5: CAMIONETA | AK5: CAMIONETA | AL5: CAMIONETA | AN5: AUTOMÓVIL | AO5: AUTOMÓVIL | AP5: AUTOMÓVIL | AQ5: AUTOMÓVIL | AR5: AUTOMÓVIL | AS5: AUTOMÓVIL | AU5: AUTOMÓVIL | AV5: AUTOMÓVIL | AW5: AUTOMÓVIL | AX5: AUTOMÓVIL | AY5: AUTOMÓVIL | AZ5: AUTOMÓVIL | BB5: CAMIONETA | BC5: CAMIONETA | BD5: CAMIONETA | BE5: CAMIONETA | BF5: CAMIONETA | BG5: CAMIONETA | BI5: AUTOMÓVIL | BJ5: AUTOMÓVIL | BK5: AUTOMÓVIL | BL5: AUTOMÓVIL | BM5: AUTOMÓVIL | BN5: AUTOMÓVIL | BP5: CAMIONETA | BQ5: CAMIONETA | BR5: CAMIONETA | BS5: CAMIONETA | BT5: CAMIONETA | BU5: CAMIONETA | BW5: CAMIONETA | BX5: CAMIONETA | BY5: CAMIONETA | BZ5: CAMIONETA | CA5: CAMIONETA | CB5: CAMIONETA | CD5: AUTOMÓVIL | CE5: AUTOMÓVIL | CF5: AUTOMÓVIL | CG5: AUTOMÓVIL | CH5: AUTOMÓVIL | CI5: AUTOMÓVIL | CK5: CAMIONETA | CL5: CAMIONETA | CM5: CAMIONETA | CN5: CAMIONETA | CO5: CAMIONETA | CP5: CAMIONETA | CR5: CAMIONETA | CS5: CAMIONETA | CT5: CAMIONETA | CU5: CAMIONETA | CV5: CAMIONETA | CW5: CAMIONETA | CY5: CAMPERO | CZ5: CAMPERO | DA5: CAMPERO | DB5: CAMPERO | DC5: CAMPERO | DD5: CAMPERO | DF5: CAMPERO | DG5: CAMPERO | DH5: CAMPERO | DI5: CAMPERO | DJ5: CAMPERO | DK5: CAMPERO | DM5: CAMIONETA | DN5: CAMIONETA | DO5: CAMIONETA | DP5: CAMIONETA | DQ5: CAMIONETA | DR5: CAMIONETA | DT5: CAMIONETA | DU5: CAMIONETA | DV5: CAMIONETA | DW5: CAMIONETA | DX5: CAMIONETA | DY5: CAMIONETA | EA5: AUTOMÓVIL | EB5: AUTOMÓVIL | EC5: AUTOMÓVIL | ED5: AUTOMÓVIL | EE5: AUTOMÓVIL | EF5: AUTOMÓVIL | EH5: CAMIONETA | EI5: CAMIONETA | EJ5: CAMIONETA | EK5: CAMIONETA | EL5: CAMIONETA | EM5: CAMIONETA | EO5: CAMIONETA | EP5: CAMIONETA | EQ5: CAMIONETA | ER5: CAMIONETA | ES5: CAMIONETA | ET5: CAMIONETA | EV5: CAMIONETA | EW5: CAMIONETA | EX5: CAMIONETA | EY5: CAMIONETA | EZ5: CAMIONETA | FA5: CAMIONETA
A6: MARCA | E6: CHEVROLET | F6: CHEVROLET | G6: CHEVROLET | H6: CHEVROLET | I6: CHEVROLET | J6: CHEVROLET | L6: CHEVROLET | M6: CHEVROLET | N6: CHEVROLET | O6: CHEVROLET | P6: CHEVROLET | Q6: CHEVROLET | S6: CHEVROLET | T6: CHEVROLET | U6: CHEVROLET | V6: CHEVROLET | W6: CHEVROLET | X6: CHEVROLET | Z6: CHEVROLET | AA6: CHEVROLET | AB6: CHEVROLET | AC6: CHEVROLET | AD6: CHEVROLET | AE6: CHEVROLET | AG6: CHEVROLET | AH6: CHEVROLET | AI6: CHEVROLET | AJ6: CHEVROLET | AK6: CHEVROLET | AL6: CHEVROLET | AN6: CHEVROLET | AO6: CHEVROLET | AP6: CHEVROLET | AQ6: CHEVROLET | AR6: CHEVROLET | AS6: CHEVROLET | AU6: CHEVROLET | AV6: CHEVROLET | AW6: CHEVROLET | AX6: CHEVROLET | AY6: CHEVROLET | AZ6: CHEVROLET | BB6: DODGE | BC6: DODGE | BD6: DODGE | BE6: DODGE | BF6: DODGE | BG6: DODGE | BI6: HYUNDAI | BJ6: HYUNDAI | BK6: HYUNDAI | BL6: HYUNDAI | BM6: HYUNDAI | BN6: HYUNDAI | BP6: MAZDA | BQ6: MAZDA | BR6: MAZDA | BS6: MAZDA | BT6: MAZDA | BU6: MAZDA | BW6: MITSUBISHI | BX6: MITSUBISHI | BY6: MITSUBISHI | BZ6: MITSUBISHI | CA6: MITSUBISHI | CB6: MITSUBISHI | CD6: NISSAN | CE6: NISSAN | CF6: NISSAN | CG6: NISSAN | CH6: NISSAN | CI6: NISSAN | CK6: NISSAN | CL6: NISSAN | CM6: NISSAN | CN6: NISSAN | CO6: NISSAN | CP6: NISSAN | CR6: NISSAN | CS6: NISSAN | CT6: NISSAN | CU6: NISSAN | CV6: NISSAN | CW6: NISSAN | CY6: NISSAN | CZ6: NISSAN | DA6: NISSAN | DB6: NISSAN | DC6: NISSAN | DD6: NISSAN | DF6: RENAULT | DG6: RENAULT | DH6: RENAULT | DI6: RENAULT | DJ6: RENAULT | DK6: RENAULT | DM6: RENAULT | DN6: RENAULT | DO6: RENAULT | DP6: RENAULT | DQ6: RENAULT | DR6: RENAULT | DT6: RENAULT | DU6: RENAULT | DV6: RENAULT | DW6: RENAULT | DX6: RENAULT | DY6: RENAULT | EA6: RENAULT | EB6: RENAULT | EC6: RENAULT | ED6: RENAULT | EE6: RENAULT | EF6: RENAULT | EH6: SUZUKI | EI6: SUZUKI | EJ6: SUZUKI | EK6: SUZUKI | EL6: SUZUKI | EM6: SUZUKI | EO6: TOYOTA | EP6: TOYOTA | EQ6: TOYOTA | ER6: TOYOTA | ES6: TOYOTA | ET6: TOYOTA | EV6: TOYOTA | EW6: TOYOTA | EX6: TOYOTA | EY6: TOYOTA | EZ6: TOYOTA | FA6: TOYOTA
A7: LÍNEA | C7: CANTIDAD | E7: LUV D-MAX DIESEL (7) | F7: LUV D-MAX DIESEL (7) | G7: LUV D-MAX DIESEL (7) | H7: LUV D-MAX DIESEL (7) | I7: LUV D-MAX DIESEL (7) | J7: LUV D-MAX DIESEL (7) | L7: LUV D-MAX GASOLINA (1) | M7: LUV D-MAX GASOLINA (1) | N7: LUV D-MAX GASOLINA (1) | O7: LUV D-MAX GASOLINA (1) | P7: LUV D-MAX GASOLINA (1) | Q7: LUV D-MAX GASOLINA (1) | S7: N300 (1) | T7: N300 (1) | U7: N300 (1) | V7: N300 (1) | W7: N300 (1) | X7: N300 (1) | Z7: TRAVERSE (1) | AA7: TRAVERSE (1) | AB7: TRAVERSE (1) | AC7: TRAVERSE (1) | AD7: TRAVERSE (1) | AE7: TRAVERSE (1) | AG7: TRACKER (2) | AH7: TRACKER (2) | AI7: TRACKER (2) | AJ7: TRACKER (2) | AK7: TRACKER (2) | AL7: TRACKER (2) | AN7: AVEO EMOTION (2) | AO7: AVEO EMOTION (2) | AP7: AVEO EMOTION (2) | AQ7: AVEO EMOTION (2) | AR7: AVEO EMOTION (2) | AS7: AVEO EMOTION (2) | AU7: SONIC (3) | AV7: SONIC (3) | AW7: SONIC (3) | AX7: SONIC (3) | AY7: SONIC (3) | AZ7: SONIC (3) | BB7: RAM (1) | BC7: RAM (1) | BD7: RAM (1) | BE7: RAM (1) | BF7: RAM (1) | BG7: RAM (1) | BI7: ACCENT GLS (1) | BJ7: ACCENT GLS (1) | BK7: ACCENT GLS (1) | BL7: ACCENT GLS (1) | BM7: ACCENT GLS (1) | BN7: ACCENT GLS (1) | BP7: BT50B22DC7MT 2200CC 4X2 (3) | BQ7: BT50B22DC7MT 2200CC 4X2 (3) | BR7: BT50B22DC7MT 2200CC 4X2 (3) | BS7: BT50B22DC7MT 2200CC 4X2 (3) | BT7: BT50B22DC7MT 2200CC 4X2 (3) | BU7: BT50B22DC7MT 2200CC 4X2 (3) | BW7: L200 2.5 (2) | BX7: L200 2.5 (2) | BY7: L200 2.5 (2) | BZ7: L200 2.5 (2) | CA7: L200 2.5 (2) | CB7: L200 2.5 (2) | CD7: VERSA (1) | CE7: VERSA (1) | CF7: VERSA (1) | CG7: VERSA (1) | CH7: VERSA (1) | CI7: VERSA (1) | CK7: FRONTIER D22 (5) | CL7: FRONTIER D22 (5) | CM7: FRONTIER D22 (5) | CN7: FRONTIER D22 (5) | CO7: FRONTIER D22 (5) | CP7: FRONTIER D22 (5) | CR7: NAVARA (2) | CS7: NAVARA (2) | CT7: NAVARA (2) | CU7: NAVARA (2) | CV7: NAVARA (2) | CW7: NAVARA (2) | CY7: XTRAIL (1) | CZ7: XTRAIL (1) | DA7: XTRAIL (1) | DB7: XTRAIL (1) | DC7: XTRAIL (1) | DD7: XTRAIL (1) | DF7: DUSTER DYNAMIQUE 4X4 - 2000 CC(1) | DG7: DUSTER DYNAMIQUE 4X4 - 2000 CC(1) | DH7: DUSTER DYNAMIQUE 4X4 - 2000 CC(1) | DI7: DUSTER DYNAMIQUE 4X4 - 2000 CC(1) | DJ7: DUSTER DYNAMIQUE 4X4 - 2000 CC(1) | DK7: DUSTER DYNAMIQUE 4X4 - 2000 CC(1) | DM7: DUSTER OROCH (2) | DN7: DUSTER OROCH (2) | DO7: DUSTER OROCH (2) | DP7: DUSTER OROCH (2) | DQ7: DUSTER OROCH (2) | DR7: DUSTER OROCH (2) | DT7: KOLEOS SPORTWAY (2) | DU7: KOLEOS SPORTWAY (2) | DV7: KOLEOS SPORTWAY (2) | DW7: KOLEOS SPORTWAY (2) | DX7: KOLEOS SPORTWAY (2) | DY7: KOLEOS SPORTWAY (2) | EA7: LOGAN (6) | EB7: LOGAN (6) | EC7: LOGAN (6) | ED7: LOGAN (6) | EE7: LOGAN (6) | EF7: LOGAN (6) | EH7: GRAND VITARA (1) | EI7: GRAND VITARA (1) | EJ7: GRAND VITARA (1) | EK7: GRAND VITARA (1) | EL7: GRAND VITARA (1) | EM7: GRAND VITARA (1) | EO7: FORTUNER (2) | EP7: FORTUNER (2) | EQ7: FORTUNER (2) | ER7: FORTUNER (2) | ES7: FORTUNER (2) | ET7: FORTUNER (2) | EV7: HILUX (1) | EW7: HILUX (1) | EX7: HILUX (1) | EY7: HILUX (1) | EZ7: HILUX (1) | FA7: HILUX (1)
A8: MODELO | E8: 2008 A 2020 | F8: 2008 A 2020 | G8: 2008 A 2020 | H8: 2008 A 2020 | I8: 2008 A 2020 | J8: 2008 A 2020 | L8: 2005 | M8: 2005 | N8: 2005 | O8: 2005 | P8: 2005 | Q8: 2005 | S8: 2017 | T8: 2017 | U8: 2017 | V8: 2017 | W8: 2017 | X8: 2017 | Z8: 2018 | AA8: 2018 | AB8: 2018 | AC8: 2018 | AD8: 2018 | AE8: 2018 | AG8: 2018-2020 | AH8: 2018-2020 | AI8: 2018-2020 | AJ8: 2018-2020 | AK8: 2018-2020 | AL8: 2018-2020 | AN8: 2011 A 2012 | AO8: 2011 A 2012 | AP8: 2011 A 2012 | AQ8: 2011 A 2012 | AR8: 2011 A 2012 | AS8: 2011 A 2012 | AU8: 2016 | AV8: 2016 | AW8: 2016 | AX8: 2016 | AY8: 2016 | AZ8: 2016 | BB8: 2014 | BC8: 2014 | BD8: 2014 | BE8: 2014 | BF8: 2014 | BG8: 2014 | BI8: 2011 | BJ8: 2011 | BK8: 2011 | BL8: 2011 | BM8: 2011 | BN8: 2011 | BP8: 2008 A 2011 | BQ8: 2008 A 2011 | BR8: 2008 A 2011 | BS8: 2008 A 2011 | BT8: 2008 A 2011 | BU8: 2008 A 2011 | BW8: 2017 - 2019 | BX8: 2017 - 2019 | BY8: 2017 - 2019 | BZ8: 2017 - 2019 | CA8: 2017 - 2019 | CB8: 2017 - 2019 | CD8: 2015 | CE8: 2015 | CF8: 2015 | CG8: 2015 | CH8: 2015 | CI8: 2015 | CK8: 2012-2013 | CL8: 2012-2013 | CM8: 2012-2013 | CN8: 2012-2013 | CO8: 2012-2013 | CP8: 2012-2013 | CR8: 2014-2015 | CS8: 2014-2015 | CT8: 2014-2015 | CU8: 2014-2015 | CV8: 2014-2015 | CW8: 2014-2015 | CY8: 2014 | CZ8: 2014 | DA8: 2014 | DB8: 2014 | DC8: 2014 | DD8: 2014 | DF8: 2016 | DG8: 2016 | DH8: 2016 | DI8: 2016 | DJ8: 2016 | DK8: 2016 | DM8: 2017-2020 | DN8: 2017-2020 | DO8: 2017-2020 | DP8: 2017-2020 | DQ8: 2017-2020 | DR8: 2017-2020 | DT8: 2016 | DU8: 2016 | DV8: 2016 | DW8: 2016 | DX8: 2016 | DY8: 2016 | EA8: 2012-2017-2019 | EB8: 2012-2017-2019 | EC8: 2012-2017-2019 | ED8: 2012-2017-2019 | EE8: 2012-2017-2019 | EF8: 2012-2017-2019 | EH8: 2009 | EI8: 2009 | EJ8: 2009 | EK8: 2009 | EL8: 2009 | EM8: 2009 | EO8: 2014 | EP8: 2014 | EQ8: 2014 | ER8: 2014 | ES8: 2014 | ET8: 2014 | EV8: 2013 | EW8: 2013 | EX8: 2013 | EY8: 2013 | EZ8: 2013 | FA8: 2013
A9: MUTIMARCA CAMIONETAS Y AUTOMÓVILES | E9: COSTO REPUESTO (S) | F9: COSTO REPUESTO (S) | G9: COSTO REPUESTO (S) | H9: COSTO REPUESTO (S) | I9: COSTO REPUESTO (S) | J9: COSTO REPUESTO (S) | L9: COSTO REPUESTO (S) | M9: COSTO REPUESTO (S) | N9: COSTO REPUESTO (S) | O9: COSTO REPUESTO (S) | P9: COSTO REPUESTO (S) | Q9: COSTO REPUESTO (S) | S9: COSTO REPUESTO (S) | T9: COSTO REPUESTO (S) | U9: COSTO REPUESTO (S) | V9: COSTO REPUESTO (S) | W9: COSTO REPUESTO (S) | X9: COSTO REPUESTO (S) | Z9: COSTO REPUESTO (S) | AA9: COSTO REPUESTO (S) | AB9: COSTO REPUESTO (S) | AC9: COSTO REPUESTO (S) | AD9: COSTO REPUESTO (S) | AE9: COSTO REPUESTO (S) | AG9: COSTO REPUESTO (S) | AH9: COSTO REPUESTO (S) | AI9: COSTO REPUESTO (S) | AJ9: COSTO REPUESTO (S) | AK9: COSTO REPUESTO (S) | AL9: COSTO REPUESTO (S) | AN9: COSTO REPUESTO (S) | AO9: COSTO REPUESTO (S) | AP9: COSTO REPUESTO (S) | AQ9: COSTO REPUESTO (S) | AR9: COSTO REPUESTO (S) | AS9: COSTO REPUESTO (S) | AU9: COSTO REPUESTO (S) | AV9: COSTO REPUESTO (S) | AW9: COSTO REPUESTO (S) | AX9: COSTO REPUESTO (S) | AY9: COSTO REPUESTO (S) | AZ9: COSTO REPUESTO (S) | BB9: COSTO REPUESTO (S) | BC9: COSTO REPUESTO (S) | BD9: COSTO REPUESTO (S) | BE9: COSTO REPUESTO (S) | BF9: COSTO REPUESTO (S) | BG9: COSTO REPUESTO (S) | BI9: COSTO REPUESTO (S) | BJ9: COSTO REPUESTO (S) | BK9: COSTO REPUESTO (S) | BL9: COSTO REPUESTO (S) | BM9: COSTO REPUESTO (S) | BN9: COSTO REPUESTO (S) | BP9: COSTO REPUESTO (S) | BQ9: COSTO REPUESTO (S) | BR9: COSTO REPUESTO (S) | BS9: COSTO REPUESTO (S) | BT9: COSTO REPUESTO (S) | BU9: COSTO REPUESTO (S) | BW9: COSTO REPUESTO (S) | BX9: COSTO REPUESTO (S) | BY9: COSTO REPUESTO (S) | BZ9: COSTO REPUESTO (S) | CA9: COSTO REPUESTO (S) | CB9: COSTO REPUESTO (S) | CD9: COSTO REPUESTO (S) | CE9: COSTO REPUESTO (S) | CF9: COSTO REPUESTO (S) | CG9: COSTO REPUESTO (S) | CH9: COSTO REPUESTO (S) | CI9: COSTO REPUESTO (S) | CK9: COSTO REPUESTO (S) | CL9: COSTO REPUESTO (S) | CM9: COSTO REPUESTO (S) | CN9: COSTO REPUESTO (S) | CO9: COSTO REPUESTO (S) | CP9: COSTO REPUESTO (S) | CR9: COSTO REPUESTO (S) | CS9: COSTO REPUESTO (S) | CT9: COSTO REPUESTO (S) | CU9: COSTO REPUESTO (S) | CV9: COSTO REPUESTO (S) | CW9: COSTO REPUESTO (S) | CY9: COSTO REPUESTO (S) | CZ9: COSTO REPUESTO (S) | DA9: COSTO REPUESTO (S) | DB9: COSTO REPUESTO (S) | DC9: COSTO REPUESTO (S) | DD9: COSTO REPUESTO (S) | DF9: COSTO REPUESTO (S) | DG9: COSTO REPUESTO (S) | DH9: COSTO REPUESTO (S) | DI9: COSTO REPUESTO (S) | DJ9: COSTO REPUESTO (S) | DK9: COSTO REPUESTO (S) | DM9: COSTO REPUESTO (S) | DN9: COSTO REPUESTO (S) | DO9: COSTO REPUESTO (S) | DP9: COSTO REPUESTO (S) | DQ9: COSTO REPUESTO (S) | DR9: COSTO REPUESTO (S) | DT9: COSTO REPUESTO (S) | DU9: COSTO REPUESTO (S) | DV9: COSTO REPUESTO (S) | DW9: COSTO REPUESTO (S) | DX9: COSTO REPUESTO (S) | DY9: COSTO REPUESTO (S) | EA9: COSTO REPUESTO (S) | EB9: COSTO REPUESTO (S) | EC9: COSTO REPUESTO (S) | ED9: COSTO REPUESTO (S) | EE9: COSTO REPUESTO (S) | EF9: COSTO REPUESTO (S) | EH9: COSTO REPUESTO (S) | EI9: COSTO REPUESTO (S) | EJ9: COSTO REPUESTO (S) | EK9: COSTO REPUESTO (S) | EL9: COSTO REPUESTO (S) | EM9: COSTO REPUESTO (S) | EO9: COSTO REPUESTO (S) | EP9: COSTO REPUESTO (S) | EQ9: COSTO REPUESTO (S) | ER9: COSTO REPUESTO (S) | ES9: COSTO REPUESTO (S) | ET9: COSTO REPUESTO (S) | EV9: COSTO REPUESTO (S) | EW9: COSTO REPUESTO (S) | EX9: COSTO REPUESTO (S) | EY9: COSTO REPUESTO (S) | EZ9: COSTO REPUESTO (S) | FA9: COSTO REPUESTO (S)
E10: VALOR UNITARIO INCLUIDO IVA | F10: VALOR UNITARIO INCLUIDO IVA | G10: VALOR UNITARIO INCLUIDO IVA | H10: VALOR UNITARIO INCLUIDO IVA | I10: VALOR UNITARIO INCLUIDO IVA | J10: VALOR UNITARIO INCLUIDO IVA | L10: VALOR UNITARIO INCLUIDO IVA | M10: VALOR UNITARIO INCLUIDO IVA | N10: VALOR UNITARIO INCLUIDO IVA | O10: VALOR UNITARIO INCLUIDO IVA | P10: VALOR UNITARIO INCLUIDO IVA | Q10: VALOR UNITARIO INCLUIDO IVA | S10: VALOR UNITARIO INCLUIDO IVA | T10: VALOR UNITARIO INCLUIDO IVA | U10: VALOR UNITARIO INCLUIDO IVA | V10: VALOR UNITARIO INCLUIDO IVA | W10: VALOR UNITARIO INCLUIDO IVA | X10: VALOR UNITARIO INCLUIDO IVA | Z10: VALOR UNITARIO INCLUIDO IVA | AA10: VALOR UNITARIO INCLUIDO IVA | AB10: VALOR UNITARIO INCLUIDO IVA | AC10: VALOR UNITARIO INCLUIDO IVA | AD10: VALOR UNITARIO INCLUIDO IVA | AE10: VALOR UNITARIO INCLUIDO IVA | AG10: VALOR UNITARIO INCLUIDO IVA | AH10: VALOR UNITARIO INCLUIDO IVA | AI10: VALOR UNITARIO INCLUIDO IVA | AJ10: VALOR UNITARIO INCLUIDO IVA | AK10: VALOR UNITARIO INCLUIDO IVA | AL10: VALOR UNITARIO INCLUIDO IVA | AN10: VALOR UNITARIO INCLUIDO IVA | AO10: VALOR UNITARIO INCLUIDO IVA | AP10: VALOR UNITARIO INCLUIDO IVA | AQ10: VALOR UNITARIO INCLUIDO IVA | AR10: VALOR UNITARIO INCLUIDO IVA | AS10: VALOR UNITARIO INCLUIDO IVA | AU10: VALOR UNITARIO INCLUIDO IVA | AV10: VALOR UNITARIO INCLUIDO IVA | AW10: VALOR UNITARIO INCLUIDO IVA | AX10: VALOR UNITARIO INCLUIDO IVA | AY10: VALOR UNITARIO INCLUIDO IVA | AZ10: VALOR UNITARIO INCLUIDO IVA | BB10: VALOR UNITARIO INCLUIDO IVA | BC10: VALOR UNITARIO INCLUIDO IVA | BD10: VALOR UNITARIO INCLUIDO IVA | BE10: VALOR UNITARIO INCLUIDO IVA | BF10: VALOR UNITARIO INCLUIDO IVA | BG10: VALOR UNITARIO INCLUIDO IVA | BI10: VALOR UNITARIO INCLUIDO IVA | BJ10: VALOR UNITARIO INCLUIDO IVA | BK10: VALOR UNITARIO INCLUIDO IVA | BL10: VALOR UNITARIO INCLUIDO IVA | BM10: VALOR UNITARIO INCLUIDO IVA | BN10: VALOR UNITARIO INCLUIDO IVA | BP10: VALOR UNITARIO INCLUIDO IVA | BQ10: VALOR UNITARIO INCLUIDO IVA | BR10: VALOR UNITARIO INCLUIDO IVA | BS10: VALOR UNITARIO INCLUIDO IVA | BT10: VALOR UNITARIO INCLUIDO IVA | BU10: VALOR UNITARIO INCLUIDO IVA | BW10: VALOR UNITARIO INCLUIDO IVA | BX10: VALOR UNITARIO INCLUIDO IVA | BY10: VALOR UNITARIO INCLUIDO IVA | BZ10: VALOR UNITARIO INCLUIDO IVA | CA10: VALOR UNITARIO INCLUIDO IVA | CB10: VALOR UNITARIO INCLUIDO IVA | CD10: VALOR UNITARIO INCLUIDO IVA | CE10: VALOR UNITARIO INCLUIDO IVA | CF10: VALOR UNITARIO INCLUIDO IVA | CG10: VALOR UNITARIO INCLUIDO IVA | CH10: VALOR UNITARIO INCLUIDO IVA | CI10: VALOR UNITARIO INCLUIDO IVA | CK10: VALOR UNITARIO INCLUIDO IVA | CL10: VALOR UNITARIO INCLUIDO IVA | CM10: VALOR UNITARIO INCLUIDO IVA | CN10: VALOR UNITARIO INCLUIDO IVA | CO10: VALOR UNITARIO INCLUIDO IVA | CP10: VALOR UNITARIO INCLUIDO IVA | CR10: VALOR UNITARIO INCLUIDO IVA | CS10: VALOR UNITARIO INCLUIDO IVA | CT10: VALOR UNITARIO INCLUIDO IVA | CU10: VALOR UNITARIO INCLUIDO IVA | CV10: VALOR UNITARIO INCLUIDO IVA | CW10: VALOR UNITARIO INCLUIDO IVA | CY10: VALOR UNITARIO INCLUIDO IVA | CZ10: VALOR UNITARIO INCLUIDO IVA | DA10: VALOR UNITARIO INCLUIDO IVA | DB10: VALOR UNITARIO INCLUIDO IVA | DC10: VALOR UNITARIO INCLUIDO IVA | DD10: VALOR UNITARIO INCLUIDO IVA | DF10: VALOR UNITARIO INCLUIDO IVA | DG10: VALOR UNITARIO INCLUIDO IVA | DH10: VALOR UNITARIO INCLUIDO IVA | DI10: VALOR UNITARIO INCLUIDO IVA | DJ10: VALOR UNITARIO INCLUIDO IVA | DK10: VALOR UNITARIO INCLUIDO IVA | DM10: VALOR UNITARIO INCLUIDO IVA | DN10: VALOR UNITARIO INCLUIDO IVA | DO10: VALOR UNITARIO INCLUIDO IVA | DP10: VALOR UNITARIO INCLUIDO IVA | DQ10: VALOR UNITARIO INCLUIDO IVA | DR10: VALOR UNITARIO INCLUIDO IVA | DT10: VALOR UNITARIO INCLUIDO IVA | DU10: VALOR UNITARIO INCLUIDO IVA | DV10: VALOR UNITARIO INCLUIDO IVA | DW10: VALOR UNITARIO INCLUIDO IVA | DX10: VALOR UNITARIO INCLUIDO IVA | DY10: VALOR UNITARIO INCLUIDO IVA | EA10: VALOR UNITARIO INCLUIDO IVA | EB10: VALOR UNITARIO INCLUIDO IVA | EC10: VALOR UNITARIO INCLUIDO IVA | ED10: VALOR UNITARIO INCLUIDO IVA | EE10: VALOR UNITARIO INCLUIDO IVA | EF10: VALOR UNITARIO INCLUIDO IVA | EH10: VALOR UNITARIO INCLUIDO IVA | EI10: VALOR UNITARIO INCLUIDO IVA | EJ10: VALOR UNITARIO INCLUIDO IVA | EK10: VALOR UNITARIO INCLUIDO IVA | EL10: VALOR UNITARIO INCLUIDO IVA | EM10: VALOR UNITARIO INCLUIDO IVA | EO10: VALOR UNITARIO INCLUIDO IVA | EP10: VALOR UNITARIO INCLUIDO IVA | EQ10: VALOR UNITARIO INCLUIDO IVA | ER10: VALOR UNITARIO INCLUIDO IVA | ES10: VALOR UNITARIO INCLUIDO IVA | ET10: VALOR UNITARIO INCLUIDO IVA | EV10: VALOR UNITARIO INCLUIDO IVA | EW10: VALOR UNITARIO INCLUIDO IVA | EX10: VALOR UNITARIO INCLUIDO IVA | EY10: VALOR UNITARIO INCLUIDO IVA | EZ10: VALOR UNITARIO INCLUIDO IVA | FA10: VALOR UNITARIO INCLUIDO IVA
A11: ÌTEM | B11: SISTEMA DE FRENOS
A12: 1 | B12: Juego de Bandas Remachadas (Dos pares) | C12: 1 | E12: 93193.759 | F12: 137833 | G12: 41032.435 | H12: =+IF(E12="N/A","N/A",MIN(E12:G12)) -> 41032.435 | I12: =+IF(E12="N/A","N/A",ROUND(AVERAGE(E12:G12),0)) -> 90686 | J12: =+IF(H12="N/A","N/A",AVERAGE(H12:I12)) -> 65859.218 | L12: 96455.54 | M12: 137833 | N12: N/A | O12: =+IF(L12="N/A","N/A",MIN(L12:N12)) -> 96455.54 | P12: =+IF(L12="N/A","N/A",ROUND(AVERAGE(L12:N12),0)) -> 117144 | Q12: =+IF(O12="N/A","N/A",AVERAGE(O12:P12)) -> 106799.77 | S12: 81541.411 | T12: 118536.38 | U12: 35902.004 | V12: =+IF(S12="N/A","N/A",MIN(S12:U12)) -> 35902.004 | W12: =+IF(S12="N/A","N/A",ROUND(AVERAGE(S12:U12),0)) -> 78660 | X12: =+IF(V12="N/A","N/A",AVERAGE(V12:W12)) -> 57281.002 | Z12: 178151.45 | AA12: 261882.7 | AB12: 78438.597 | AC12: =+IF(Z12="N/A","N/A",MIN(Z12:AB12)) -> 78438.597 | AD12: =+IF(Z12="N/A","N/A",ROUND(AVERAGE(Z12:AB12),0)) -> 172824 | AE12: =+IF(AC12="N/A","N/A",AVERAGE(AC12:AD12)) -> 125631.3 | AG12: 238008.28 | AH12: 130941.35 | AI12: 104793.06 | AJ12: =+IF(AG12="N/A","N/A",MIN(AG12:AI12)) -> 104793.06 | AK12: =+IF(AG12="N/A","N/A",ROUND(AVERAGE(AG12:AI12),0)) -> 157914 | AL12: =+IF(AJ12="N/A","N/A",AVERAGE(AJ12:AK12)) -> 131353.53 | AN12: 209006.37 | AO12: 128322.52 | AP12: 92023.765 | AQ12: =+IF(AN12="N/A","N/A",MIN(AN12:AP12)) -> 92023.765 | AR12: =+IF(AN12="N/A","N/A",ROUND(AVERAGE(AN12:AP12),0)) -> 143118 | AS12: =+IF(AQ12="N/A","N/A",AVERAGE(AQ12:AR12)) -> 117570.88 | AU12: 148296.96 | AV12: 146287.68 | AW12: 65293.915 | AX12: =+IF(AU12="N/A","N/A",MIN(AU12:AW12)) -> 65293.915 | AY12: =+IF(AU12="N/A","N/A",ROUND(AVERAGE(AU12:AW12),0)) -> 119960 | AZ12: =+IF(AX12="N/A","N/A",AVERAGE(AX12:AY12)) -> 92626.957 | BB12: 291298.54 | BC12: 277595.66 | BD12: 128256.32 | BE12: =+IF(BB12="N/A","N/A",MIN(BB12:BD12)) -> 128256.32 | BF12: =+IF(BB12="N/A","N/A",ROUND(AVERAGE(BB12:BD12),0)) -> 232384 | BG12: =+IF(BE12="N/A","N/A",AVERAGE(BE12:BF12)) -> 180320.16 | BI12: 145593.89 | BJ12: 136047.54 | BK12: 64103.777 | BL12: =+IF(BI12="N/A","N/A",MIN(BI12:BK12)) -> 64103.777 | BM12: =+IF(BI12="N/A","N/A",ROUND(AVERAGE(BI12:BK12),0)) -> 115248 | BN12: =+IF(BL12="N/A","N/A",AVERAGE(BL12:BM12)) -> 89675.888 | BP12: 225364.3 | BQ12: 135076.34 | BR12: 99226.022 | BS12: =+IF(BP12="N/A","N/A",MIN(BP12:BR12)) -> 99226.022 | BT12: =+IF(BP12="N/A","N/A",ROUND(AVERAGE(BP12:BR12),0)) -> 153222 | BU12: =+IF(BS12="N/A","N/A",AVERAGE(BS12:BT12)) -> 126224.01 | BW12: 249057.79 | BX12: 155337.79 | BY12: 109658.07 | BZ12: =+IF(BW12="N/A","N/A",MIN(BW12:BY12)) -> 109658.07 | CA12: =+IF(BW12="N/A","N/A",ROUND(AVERAGE(BW12:BY12),0)) -> 171351 | CB12: =+IF(BZ12="N/A","N/A",AVERAGE(BZ12:CA12)) -> 140504.54 | CD12: 153501.53 | CE12: 179582.75 | CF12: 67585.444 | CG12: =+IF(CD12="N/A","N/A",MIN(CD12:CF12)) -> 67585.444 | CH12: =+IF(CD12="N/A","N/A",ROUND(AVERAGE(CD12:CF12),0)) -> 133557 | CI12: =+IF(CG12="N/A","N/A",AVERAGE(CG12:CH12)) -> 100571.22 | CK12: 264663.47 | CL12: 151616.3 | CM12: 116529.12 | CN12: =+IF(CK12="N/A","N/A",MIN(CK12:CM12)) -> 116529.12 | CO12: =+IF(CK12="N/A","N/A",ROUND(AVERAGE(CK12:CM12),0)) -> 177603 | CP12: =+IF(CN12="N/A","N/A",AVERAGE(CN12:CO12)) -> 147066.06 | CR12: 283437.99 | CS12: 165261.77 | CT12: 124795.38 | CU12: =+IF(CR12="N/A","N/A",MIN(CR12:CT12)) -> 124795.38 | CV12: =+IF(CR12="N/A","N/A",ROUND(AVERAGE(CR12:CT12),0)) -> 191165 | CW12: =+IF(CU12="N/A","N/A",AVERAGE(CU12:CV12)) -> 157980.19 | CY12: 239630.77 | CZ12: 161956.53 | DA12: 105507.43 | DB12: =+IF(CY12="N/A","N/A",MIN(CY12:DA12)) -> 105507.43 | DC12: =+IF(CY12="N/A","N/A",ROUND(AVERAGE(CY12:DA12),0)) -> 169032 | DD12: =+IF(DB12="N/A","N/A",AVERAGE(DB12:DC12)) -> 137269.72 | DF12: 192462.24 | DG12: 158717.4 | DH12: 84739.521 | DI12: =+IF(DF12="N/A","N/A",MIN(DF12:DH12)) -> 84739.521 | DJ12: =+IF(DF12="N/A","N/A",ROUND(AVERAGE(DF12:DH12),0)) -> 145306 | DK12: =+IF(DI12="N/A","N/A",AVERAGE(DI12:DJ12)) -> 115022.76 | DM12: 219604.62 | DN12: 184112.19 | DO12: 96690.084 | DP12: =+IF(DM12="N/A","N/A",MIN(DM12:DO12)) -> 96690.084 | DQ12: =+IF(DM12="N/A","N/A",ROUND(AVERAGE(DM12:DO12),0)) -> 166802 | DR12: =+IF(DP12="N/A","N/A",AVERAGE(DP12:DQ12)) -> 131746.04 | DT12: 219628.52 | DU12: 237504.72 | DV12: 96700.607 | DW12: =+IF(DT12="N/A","N/A",MIN(DT12:DV12)) -> 96700.607 | DX12: =+IF(DT12="N/A","N/A",ROUND(AVERAGE(DT12:DV12),0)) -> 184611 | DY12: =+IF(DW12="N/A","N/A",AVERAGE(DW12:DX12)) -> 140655.8 | EA12: 113221.42 | EB12: 158717.4 | EC12: 49850.448 | ED12: =+IF(EA12="N/A","N/A",MIN(EA12:EC12)) -> 49850.448 | EE12: =+IF(EA12="N/A","N/A",ROUND(AVERAGE(EA12:EC12),0)) -> 107263 | EF12: =+IF(ED12="N/A","N/A",AVERAGE(ED12:EE12)) -> 78556.724 | EH12: 243636.01 | EI12: 199983.93 | EJ12: 107270.9 | EK12: =+IF(EH12="N/A","N/A",MIN(EH12:EJ12)) -> 107270.9 | EL12: =+IF(EH12="N/A","N/A",ROUND(AVERAGE(EH12:EJ12),0)) -> 183630 | EM12: =+IF(EK12="N/A","N/A",AVERAGE(EK12:EL12)) -> 145450.45 | EO12: 285490.67 | EP12: 337972.83 | EQ12: 125699.16 | ER12: =+IF(EO12="N/A","N/A",MIN(EO12:EQ12)) -> 125699.16 | ES12: =+IF(EO12="N/A","N/A",ROUND(AVERAGE(EO12:EQ12),0)) -> 249721 | ET12: =+IF(ER12="N/A","N/A",AVERAGE(ER12:ES12)) -> 187710.08 | EV12: 273811.42 | EW12: 327833.65 | EX12: 120556.88 | EY12: =+IF(EV12="N/A","N/A",MIN(EV12:EX12)) -> 120556.88 | EZ12: =+IF(EV12="N/A","N/A",ROUND(AVERAGE(EV12:EX12),0)) -> 240734 | FA12: =+IF(EY12="N/A","N/A",AVERAGE(EY12:EZ12)) -> 180645.44
A13: 2 | B13: Juego De Bandas Frenos (Dos pares) | C13: 1 | E13: 181778.97 | F13: 396774 | G13: 80035.765 | H13: =+IF(E13="N/A","N/A",MIN(E13:G13)) -> 80035.765 | I13: =+IF(E13="N/A","N/A",ROUND(AVERAGE(E13:G13),0)) -> 219530 | J13: =+IF(H13="N/A","N/A",AVERAGE(H13:I13)) -> 149782.88 | L13: 188141.23 | M13: 396774 | N13: N/A | O13: =+IF(L13="N/A","N/A",MIN(L13:N13)) -> 188141.23 | P13: =+IF(L13="N/A","N/A",ROUND(AVERAGE(L13:N13),0)) -> 292458 | Q13: =+IF(O13="N/A","N/A",AVERAGE(O13:P13)) -> 240299.62 | S13: 149322.84 | T13: 341225.64 | U13: 65745.6 | V13: =+IF(S13="N/A","N/A",MIN(S13:U13)) -> 65745.6 | W13: =+IF(S13="N/A","N/A",ROUND(AVERAGE(S13:U13),0)) -> 185431 | X13: =+IF(V13="N/A","N/A",AVERAGE(V13:W13)) -> 125588.3 | Z13: 323201.91 | AA13: 753870.6 | AB13: 142303.11 | AC13: =+IF(Z13="N/A","N/A",MIN(Z13:AB13)) -> 142303.11 | AD13: =+IF(Z13="N/A","N/A",ROUND(AVERAGE(Z13:AB13),0)) -> 406459 | AE13: =+IF(AC13="N/A","N/A",AVERAGE(AC13:AD13)) -> 274381.05 | AG13: 405608.61 | AH13: 376935.3 | AI13: 178586.09 | AJ13: =+IF(AG13="N/A","N/A",MIN(AG13:AI13)) -> 178586.09 | AK13: =+IF(AG13="N/A","N/A",ROUND(AVERAGE(AG13:AI13),0)) -> 320377 | AL13: =+IF(AJ13="N/A","N/A",AVERAGE(AJ13:AK13)) -> 249481.55 | AN13: 332903.32 | AO13: 369396.59 | AP13: 146574.56 | AQ13: =+IF(AN13="N/A","N/A",MIN(AN13:AP13)) -> 146574.56 | AR13: =+IF(AN13="N/A","N/A",ROUND(AVERAGE(AN13:AP13),0)) -> 282958 | AS13: =+IF(AQ13="N/A","N/A",AVERAGE(AQ13:AR13)) -> 214766.28 | AU13: 205050.65 | AV13: 421112.12 | AW13: 90282.094 | AX13: =+IF(AU13="N/A","N/A",MIN(AU13:AW13)) -> 90282.094 | AY13: =+IF(AU13="N/A","N/A",ROUND(AVERAGE(AU13:AW13),0)) -> 238815 | AZ13: =+IF(AX13="N/A","N/A",AVERAGE(AX13:AY13)) -> 164548.55 | BB13: 377860.66 | BC13: 799102.84 | BD13: 166368.9 | BE13: =+IF(BB13="N/A","N/A",MIN(BB13:BD13)) -> 166368.9 | BF13: =+IF(BB13="N/A","N/A",ROUND(AVERAGE(BB13:BD13),0)) -> 447777 | BG13: =+IF(BE13="N/A","N/A",AVERAGE(BE13:BF13)) -> 307072.95 | BI13: 204017.48 | BJ13: 391634.27 | BK13: 89827.195 | BL13: =+IF(BI13="N/A","N/A",MIN(BI13:BK13)) -> 89827.195 | BM13: =+IF(BI13="N/A","N/A",ROUND(AVERAGE(BI13:BK13),0)) -> 228493 | BN13: =+IF(BL13="N/A","N/A",AVERAGE(BL13:BM13)) -> 159160.1 | BP13: 331167.66 | BQ13: 388838.52 | BR13: 145810.36 | BS13: =+IF(BP13="N/A","N/A",MIN(BP13:BR13)) -> 145810.36 | BT13: =+IF(BP13="N/A","N/A",ROUND(AVERAGE(BP13:BR13),0)) -> 288606 | BU13: =+IF(BS13="N/A","N/A",AVERAGE(BS13:BT13)) -> 217208.18 | BW13: 340223.87 | BX13: 447164.3 | BY13: 149797.73 | BZ13: =+IF(BW13="N/A","N/A",MIN(BW13:BY13)) -> 149797.73 | CA13: =+IF(BW13="N/A","N/A",ROUND(AVERAGE(BW13:BY13),0)) -> 312395 | CB13: =+IF(BZ13="N/A","N/A",AVERAGE(BZ13:CA13)) -> 231096.37 | CD13: 254473.89 | CE13: 516957.24 | CF13: 112042.73 | CG13: =+IF(CD13="N/A","N/A",MIN(CD13:CF13)) -> 112042.73 | CH13: =+IF(CD13="N/A","N/A",ROUND(AVERAGE(CD13:CF13),0)) -> 294491 | CI13: =+IF(CG13="N/A","N/A",AVERAGE(CG13:CH13)) -> 203266.87 | CK13: 446361.53 | CL13: 436451.4 | CM13: 196529.26 | CN13: =+IF(CK13="N/A","N/A",MIN(CK13:CM13)) -> 196529.26 | CO13: =+IF(CK13="N/A","N/A",ROUND(AVERAGE(CK13:CM13),0)) -> 359781 | CP13: =+IF(CN13="N/A","N/A",AVERAGE(CN13:CO13)) -> 278155.13 | CR13: 475065.76 | CS13: 475732.03 | CT13: 209167.49 | CU13: =+IF(CR13="N/A","N/A",MIN(CR13:CT13)) -> 209167.49 | CV13: =+IF(CR13="N/A","N/A",ROUND(AVERAGE(CR13:CT13),0)) -> 386655 | CW13: =+IF(CU13="N/A","N/A",AVERAGE(CU13:CV13)) -> 297911.25 | CY13: 408089.22 | CZ13: 466217.39 | DA13: 179678.28 | DB13: =+IF(CY13="N/A","N/A",MIN(CY13:DA13)) -> 179678.28 | DC13: =+IF(CY13="N/A","N/A",ROUND(AVERAGE(CY13:DA13),0)) -> 351328 | DD13: =+IF(DB13="N/A","N/A",AVERAGE(DB13:DC13)) -> 265503.14 | DF13: 304081.03 | DG13: 456893.04 | DH13: 133884.35 | DI13: =+IF(DF13="N/A","N/A",MIN(DF13:DH13)) -> 133884.35 | DJ13: =+IF(DF13="N/A","N/A",ROUND(AVERAGE(DF13:DH13),0)) -> 298286 | DK13: =+IF(DI13="N/A","N/A",AVERAGE(DI13:DJ13)) -> 216085.17 | DM13: 377471.38 | DN13: 529995.92 | DO13: 166197.5 | DP13: =+IF(DM13="N/A","N/A",MIN(DM13:DO13)) -> 166197.5 | DQ13: =+IF(DM13="N/A","N/A",ROUND(AVERAGE(DM13:DO13),0)) -> 357888 | DR13: =+IF(DP13="N/A","N/A",AVERAGE(DP13:DQ13)) -> 262042.75 | DT13: 321969.21 | DU13: 683694.74 | DV13: 141760.36 | DW13: =+IF(DT13="N/A","N/A",MIN(DT13:DV13)) -> 141760.36 | DX13: =+IF(DT13="N/A","N/A",ROUND(AVERAGE(DT13:DV13),0)) -> 382475 | DY13: =+IF(DW13="N/A","N/A",AVERAGE(DW13:DX13)) -> 262117.68 | EA13: 169807.05 | EB13: 456893.04 | EC13: 74764.629 | ED13: =+IF(EA13="N/A","N/A",MIN(EA13:EC13)) -> 74764.629 | EE13: =+IF(EA13="N/A","N/A",ROUND(AVERAGE(EA13:EC13),0)) -> 233822 | EF13: =+IF(ED13="N/A","N/A",AVERAGE(ED13:EE13)) -> 154293.31 | EH13: 414212.79 | EI13: 575685.23 | EJ13: 182374.44 | EK13: =+IF(EH13="N/A","N/A",MIN(EH13:EJ13)) -> 182374.44 | EL13: =+IF(EH13="N/A","N/A",ROUND(AVERAGE(EH13:EJ13),0)) -> 390757 | EM13: =+IF(EK13="N/A","N/A",AVERAGE(EK13:EL13)) -> 286565.72 | EO13: 478204.09 | EP13: 972908.03 | EQ13: 210549.27 | ER13: =+IF(EO13="N/A","N/A",MIN(EO13:EQ13)) -> 210549.27 | ES13: =+IF(EO13="N/A","N/A",ROUND(AVERAGE(EO13:EQ13),0)) -> 553887 | ET13: =+IF(ER13="N/A","N/A",AVERAGE(ER13:ES13)) -> 382218.14 | EV13: 460347.76 | EW13: 943720.79 | EX13: 202687.28 | EY13: =+IF(EV13="N/A","N/A",MIN(EV13:EX13)) -> 202687.28 | EZ13: =+IF(EV13="N/A","N/A",ROUND(AVERAGE(EV13:EX13),0)) -> 535585 | FA13: =+IF(EY13="N/A","N/A",AVERAGE(EY13:EZ13)) -> 369136.14
A14: 3 | B14: Cilindro De Freno | C14: 1 | E14: 153498.1 | F14: 215894 | G14: 67583.934 | H14: =+IF(E14="N/A","N/A",MIN(E14:G14)) -> 67583.934 | I14: =+IF(E14="N/A","N/A",ROUND(AVERAGE(E14:G14),0)) -> 145659 | J14: =+IF(H14="N/A","N/A",AVERAGE(H14:I14)) -> 106621.47 | L14: 158870.53 | M14: 215894 | N14: N/A | O14: =+IF(L14="N/A","N/A",MIN(L14:N14)) -> 158870.53 | P14: =+IF(L14="N/A","N/A",ROUND(AVERAGE(L14:N14),0)) -> 187382 | Q14: =+IF(O14="N/A","N/A",AVERAGE(O14:P14)) -> 173126.27 | S14: 135799.59 | T14: 185668.84 | U14: 59791.427 | V14: =+IF(S14="N/A","N/A",MIN(S14:U14)) -> 59791.427 | W14: =+IF(S14="N/A","N/A",ROUND(AVERAGE(S14:U14),0)) -> 127087 | X14: =+IF(V14="N/A","N/A",AVERAGE(V14:W14)) -> 93439.214 | Z14: 296472.57 | AA14: 410198.6 | AB14: 130534.4 | AC14: =+IF(Z14="N/A","N/A",MIN(Z14:AB14)) -> 130534.4 | AD14: =+IF(Z14="N/A","N/A",ROUND(AVERAGE(Z14:AB14),0)) -> 279069 | AE14: =+IF(AC14="N/A","N/A",AVERAGE(AC14:AD14)) -> 204801.7 | AG14: 183223.47 | AH14: 205099.3 | AI14: 80671.767 | AJ14: =+IF(AG14="N/A","N/A",MIN(AG14:AI14)) -> 80671.767 | AK14: =+IF(AG14="N/A","N/A",ROUND(AVERAGE(AG14:AI14),0)) -> 156332 | AL14: =+IF(AJ14="N/A","N/A",AVERAGE(AJ14:AK14)) -> 118501.88 | AN14: 149907.89 | AO14: 200997.31 | AP14: 66003.196 | AQ14: =+IF(AN14="N/A","N/A",MIN(AN14:AP14)) -> 66003.196 | AR14: =+IF(AN14="N/A","N/A",ROUND(AVERAGE(AN14:AP14),0)) -> 138969 | AS14: =+IF(AQ14="N/A","N/A",AVERAGE(AQ14:AR14)) -> 102486.1 | AU14: 154043.39 | AV14: 229136.94 | AW14: 67824.022 | AX14: =+IF(AU14="N/A","N/A",MIN(AU14:AW14)) -> 67824.022 | AY14: =+IF(AU14="N/A","N/A",ROUND(AVERAGE(AU14:AW14),0)) -> 150335 | AZ14: =+IF(AX14="N/A","N/A",AVERAGE(AX14:AY14)) -> 109079.51 | BB14: 182866.45 | BC14: 434810.52 | BD14: 80514.576 | BE14: =+IF(BB14="N/A","N/A",MIN(BB14:BD14)) -> 80514.576 | BF14: =+IF(BB14="N/A","N/A",ROUND(AVERAGE(BB14:BD14),0)) -> 232731 | BG14: =+IF(BE14="N/A","N/A",AVERAGE(BE14:BF14)) -> 156622.79 | BI14: 153177.5 | BJ14: 213097.35 | BK14: 67442.776 | BL14: =+IF(BI14="N/A","N/A",MIN(BI14:BK14)) -> 67442.776 | BM14: =+IF(BI14="N/A","N/A",ROUND(AVERAGE(BI14:BK14),0)) -> 144573 | BN14: =+IF(BL14="N/A","N/A",AVERAGE(BL14:BM14)) -> 106007.89 | BP14: 133239.63 | BQ14: 211576.12 | BR14: 58664.298 | BS14: =+IF(BP14="N/A","N/A",MIN(BP14:BR14)) -> 58664.298 | BT14: =+IF(BP14="N/A","N/A",ROUND(AVERAGE(BP14:BR14),0)) -> 134493 | BU14: =+IF(BS14="N/A","N/A",AVERAGE(BS14:BT14)) -> 96578.649 | BW14: 140829.54 | BX14: 243312.54 | BY14: 62006.071 | BZ14: =+IF(BW14="N/A","N/A",MIN(BW14:BY14)) -> 62006.071 | CA14: =+IF(BW14="N/A","N/A",ROUND(AVERAGE(BW14:BY14),0)) -> 148716 | CB14: =+IF(BZ14="N/A","N/A",AVERAGE(BZ14:CA14)) -> 105361.04 | CD14: 238872.35 | CE14: 281288.51 | CF14: 105173.5 | CG14: =+IF(CD14="N/A","N/A",MIN(CD14:CF14)) -> 105173.5 | CH14: =+IF(CD14="N/A","N/A",ROUND(AVERAGE(CD14:CF14),0)) -> 208445 | CI14: =+IF(CG14="N/A","N/A",AVERAGE(CG14:CH14)) -> 156809.25 | CK14: 217378.06 | CL14: 237483.4 | CM14: 95709.747 | CN14: =+IF(CK14="N/A","N/A",MIN(CK14:CM14)) -> 95709.747 | CO14: =+IF(CK14="N/A","N/A",ROUND(AVERAGE(CK14:CM14),0)) -> 183524 | CP14: =+IF(CN14="N/A","N/A",AVERAGE(CN14:CO14)) -> 139616.87 | CR14: 232478.25 | CS14: 258856.91 | CT14: 102358.24 | CU14: =+IF(CR14="N/A","N/A",MIN(CR14:CT14)) -> 102358.24 | CV14: =+IF(CR14="N/A","N/A",ROUND(AVERAGE(CR14:CT14),0)) -> 197898 | CW14: =+IF(CU14="N/A","N/A",AVERAGE(CU14:CV14)) -> 150128.12 | CY14: 185302.44 | CZ14: 253679.77 | DA14: 81587.122 | DB14: =+IF(CY14="N/A","N/A",MIN(CY14:DA14)) -> 81587.122 | DC14: =+IF(CY14="N/A","N/A",ROUND(AVERAGE(CY14:DA14),0)) -> 173523 | DD14: =+IF(DB14="N/A","N/A",AVERAGE(DB14:DC14)) -> 127555.06 | DF14: 125862.77 | DG14: 248606.17 | DH14: 55416.329 | DI14: =+IF(DF14="N/A","N/A",MIN(DF14:DH14)) -> 55416.329 | DJ14: =+IF(DF14="N/A","N/A",ROUND(AVERAGE(DF14:DH14),0)) -> 143295 | DK14: =+IF(DI14="N/A","N/A",AVERAGE(DI14:DJ14)) -> 99355.665 | DM14: 159641.96 | DN14: 288383.16 | DO14: 70289.023 | DP14: =+IF(DM14="N/A","N/A",MIN(DM14:DO14)) -> 70289.023 | DQ14: =+IF(DM14="N/A","N/A",ROUND(AVERAGE(DM14:DO14),0)) -> 172771 | DR14: =+IF(DP14="N/A","N/A",AVERAGE(DP14:DQ14)) -> 121530.01 | DT14: 138414.8 | DU14: 372014.28 | DV14: 60942.884 | DW14: =+IF(DT14="N/A","N/A",MIN(DT14:DV14)) -> 60942.884 | DX14: =+IF(DT14="N/A","N/A",ROUND(AVERAGE(DT14:DV14),0)) -> 190457 | DY14: =+IF(DW14="N/A","N/A",AVERAGE(DW14:DX14)) -> 125699.94 | EA14: 147300.91 | EB14: 248606.17 | EC14: 64855.362 | ED14: =+IF(EA14="N/A","N/A",MIN(EA14:EC14)) -> 64855.362 | EE14: =+IF(EA14="N/A","N/A",ROUND(AVERAGE(EA14:EC14),0)) -> 153587 | EF14: =+IF(ED14="N/A","N/A",AVERAGE(ED14:EE14)) -> 109221.18 | EH14: 190434.54 | EI14: 313243.78 | EJ14: 83846.742 | EK14: =+IF(EH14="N/A","N/A",MIN(EH14:EJ14)) -> 83846.742 | EL14: =+IF(EH14="N/A","N/A",ROUND(AVERAGE(EH14:EJ14),0)) -> 195842 | EM14: =+IF(EK14="N/A","N/A",AVERAGE(EK14:EL14)) -> 139844.37 | EO14: 233354.99 | EP14: 529381.98 | EQ14: 102744.26 | ER14: =+IF(EO14="N/A","N/A",MIN(EO14:EQ14)) -> 102744.26 | ES14: =+IF(EO14="N/A","N/A",ROUND(AVERAGE(EO14:EQ14),0)) -> 288494 | ET14: =+IF(ER14="N/A","N/A",AVERAGE(ER14:ES14)) -> 195619.13 | EV14: 228366.59 | EW14: 513500.52 | EX14: 100547.91 | EY14: =+IF(EV14="N/A","N/A",MIN(EV14:EX14)) -> 100547.91 | EZ14: =+IF(EV14="N/A","N/A",ROUND(AVERAGE(EV14:EX14),0)) -> 280805 | FA14: =+IF(EY14="N/A","N/A",AVERAGE(EY14:EZ14)) -> 190676.45
A15: 4 | B15: Discos De Frenos Delanteros (Par) | C15: 1 | E15: 462454.37 | F15: 486773 | G15: 203614.81 | H15: =+IF(E15="N/A","N/A",MIN(E15:G15)) -> 203614.81 | I15: =+IF(E15="N/A","N/A",ROUND(AVERAGE(E15:G15),0)) -> 384281 | J15: =+IF(H15="N/A","N/A",AVERAGE(H15:I15)) -> 293947.9 | L15: 478640.28 | M15: 486773 | N15: N/A | O15: =+IF(L15="N/A","N/A",MIN(L15:N15)) -> 478640.28 | P15: =+IF(L15="N/A","N/A",ROUND(AVERAGE(L15:N15),0)) -> 482707 | Q15: =+IF(O15="N/A","N/A",AVERAGE(O15:P15)) -> 480673.64 | S15: 364804.39 | T15: 418624.78 | U15: 160620.33 | V15: =+IF(S15="N/A","N/A",MIN(S15:U15)) -> 160620.33 | W15: =+IF(S15="N/A","N/A",ROUND(AVERAGE(S15:U15),0)) -> 314683 | X15: =+IF(V15="N/A","N/A",AVERAGE(V15:W15)) -> 237651.67 | Z15: 888660.14 | AA15: 924868.7 | AB15: 391269.65 | AC15: =+IF(Z15="N/A","N/A",MIN(Z15:AB15)) -> 391269.65 | AD15: =+IF(Z15="N/A","N/A",ROUND(AVERAGE(Z15:AB15),0)) -> 734933 | AE15: =+IF(AC15="N/A","N/A",AVERAGE(AC15:AD15)) -> 563101.33 | AG15: 668580.25 | AH15: 462434.35 | AI15: 294370.31 | AJ15: =+IF(AG15="N/A","N/A",MIN(AG15:AI15)) -> 294370.31 | AK15: =+IF(AG15="N/A","N/A",ROUND(AVERAGE(AG15:AI15),0)) -> 475128 | AL15: =+IF(AJ15="N/A","N/A",AVERAGE(AJ15:AK15)) -> 384749.16 | AN15: 328682.28 | AO15: 453185.66 | AP15: 144716.07 | AQ15: =+IF(AN15="N/A","N/A",MIN(AN15:AP15)) -> 144716.07 | AR15: =+IF(AN15="N/A","N/A",ROUND(AVERAGE(AN15:AP15),0)) -> 308861 | AS15: =+IF(AQ15="N/A","N/A",AVERAGE(AQ15:AR15)) -> 226788.54 | AU15: 415972.87 | AV15: 516631.66 | AW15: 183149.39 | AX15: =+IF(AU15="N/A","N/A",MIN(AU15:AW15)) -> 183149.39 | AY15: =+IF(AU15="N/A","N/A",ROUND(AVERAGE(AU15:AW15),0)) -> 371918 | AZ15: =+IF(AX15="N/A","N/A",AVERAGE(AX15:AY15)) -> 277533.7 | BB15: 690971.6 | BC15: 980360.82 | BD15: 304229.04 | BE15: =+IF(BB15="N/A","N/A",MIN(BB15:BD15)) -> 304229.04 | BF15: =+IF(BB15="N/A","N/A",ROUND(AVERAGE(BB15:BD15),0)) -> 658520 | BG15: =+IF(BE15="N/A","N/A",AVERAGE(BE15:BF15)) -> 481374.52 | BI15: 412621.21 | BJ15: 480467.44 | BK15: 181673.68 | BL15: =+IF(BI15="N/A","N/A",MIN(BI15:BK15)) -> 181673.68 | BM15: =+IF(BI15="N/A","N/A",ROUND(AVERAGE(BI15:BK15),0)) -> 358254 | BN15: =+IF(BL15="N/A","N/A",AVERAGE(BL15:BM15)) -> 269963.84 | BP15: 412957.87 | BQ15: 477037.54 | BR15: 181821.91 | BS15: =+IF(BP15="N/A","N/A",MIN(BP15:BR15)) -> 181821.91 | BT15: =+IF(BP15="N/A","N/A",ROUND(AVERAGE(BP15:BR15),0)) -> 357272 | BU15: =+IF(BS15="N/A","N/A",AVERAGE(BS15:BT15)) -> 269546.95 | BW15: 442336.55 | BX15: 548593.17 | BY15: 194757.1 | BZ15: =+IF(BW15="N/A","N/A",MIN(BW15:BY15)) -> 194757.1 | CA15: =+IF(BW15="N/A","N/A",ROUND(AVERAGE(BW15:BY15),0)) -> 395229 | CB15: =+IF(BZ15="N/A","N/A",AVERAGE(BZ15:CA15)) -> 294993.05 | CD15: 763023.99 | CE15: 634217.02 | CF15: 335953.1 | CG15: =+IF(CD15="N/A","N/A",MIN(CD15:CF15)) -> 335953.1 | CH15: =+IF(CD15="N/A","N/A",ROUND(AVERAGE(CD15:CF15),0)) -> 577731 | CI15: =+IF(CG15="N/A","N/A",AVERAGE(CG15:CH15)) -> 456842.05 | CK15: 746928.11 | CL15: 535450.3 | CM15: 328866.22 | CN15: =+IF(CK15="N/A","N/A",MIN(CK15:CM15)) -> 328866.22 | CO15: =+IF(CK15="N/A","N/A",ROUND(AVERAGE(CK15:CM15),0)) -> 537082 | CP15: =+IF(CN15="N/A","N/A",AVERAGE(CN15:CO15)) -> 432974.11 | CR15: 777967.32 | CS15: 583640.83 | CT15: 342532.53 | CU15: =+IF(CR15="N/A","N/A",MIN(CR15:CT15)) -> 342532.53 | CV15: =+IF(CR15="N/A","N/A",ROUND(AVERAGE(CR15:CT15),0)) -> 568047 | CW15: =+IF(CU15="N/A","N/A",AVERAGE(CU15:CV15)) -> 455289.76 | CY15: 676627.46 | CZ15: 571968.01 | DA15: 297913.43 | DB15: =+IF(CY15="N/A","N/A",MIN(CY15:DA15)) -> 297913.43 | DC15: =+IF(CY15="N/A","N/A",ROUND(AVERAGE(CY15:DA15),0)) -> 515503 | DD15: =+IF(DB15="N/A","N/A",AVERAGE(DB15:DC15)) -> 406708.22 | DF15: 391905.96 | DG15: 560528.65 | DH15: 172552.93 | DI15: =+IF(DF15="N/A","N/A",MIN(DF15:DH15)) -> 172552.93 | DJ15: =+IF(DF15="N/A","N/A",ROUND(AVERAGE(DF15:DH15),0)) -> 374996 | DK15: =+IF(DI15="N/A","N/A",AVERAGE(DI15:DJ15)) -> 273774.46 | DM15: 577301.97 | DN15: 650213.23 | DO15: 254181.25 | DP15: =+IF(DM15="N/A","N/A",MIN(DM15:DO15)) -> 254181.25 | DQ15: =+IF(DM15="N/A","N/A",ROUND(AVERAGE(DM15:DO15),0)) -> 493899 | DR15: =+IF(DP15="N/A","N/A",AVERAGE(DP15:DQ15)) -> 374040.12 | DT15: 427612.84 | DU15: 838775.07 | DV15: 188274.37 | DW15: =+IF(DT15="N/A","N/A",MIN(DT15:DV15)) -> 188274.37 | DX15: =+IF(DT15="N/A","N/A",ROUND(AVERAGE(DT15:DV15),0)) -> 484887 | DY15: =+IF(DW15="N/A","N/A",AVERAGE(DW15:DX15)) -> 336580.69 | EA15: 394248.1 | EB15: 560528.65 | EC15: 173584.15 | ED15: =+IF(EA15="N/A","N/A",MIN(EA15:EC15)) -> 173584.15 | EE15: =+IF(EA15="N/A","N/A",ROUND(AVERAGE(EA15:EC15),0)) -> 376120 | EF15: =+IF(ED15="N/A","N/A",AVERAGE(ED15:EE15)) -> 274852.08 | EH15: 696492.56 | EI15: 706266.1 | EJ15: 306659.87 | EK15: =+IF(EH15="N/A","N/A",MIN(EH15:EJ15)) -> 306659.87 | EL15: =+IF(EH15="N/A","N/A",ROUND(AVERAGE(EH15:EJ15),0)) -> 569806 | EM15: =+IF(EK15="N/A","N/A",AVERAGE(EK15:EL15)) -> 438232.93 | EO15: 781360.95 | EP15: 1193589.7 | EQ15: 344026.71 | ER15: =+IF(EO15="N/A","N/A",MIN(EO15:EQ15)) -> 344026.71 | ES15: =+IF(EO15="N/A","N/A",ROUND(AVERAGE(EO15:EQ15),0)) -> 772992 | ET15: =+IF(ER15="N/A","N/A",AVERAGE(ER15:ES15)) -> 558509.36 | EV15: 762052.07 | EW15: 1157782 | EX15: 335525.18 | EY15: =+IF(EV15="N/A","N/A",MIN(EV15:EX15)) -> 335525.18 | EZ15: =+IF(EV15="N/A","N/A",ROUND(AVERAGE(EV15:EX15),0)) -> 751786 | FA15: =+IF(EY15="N/A","N/A",AVERAGE(EY15:EZ15)) -> 543655.59
A16: 5 | B16: Juego De Pastillas De Frenos Delantera (Dos pares) | C16: 1 | E16: 231611.1 | F16: 296781 | G16: 101976.44 | H16: =+IF(E16="N/A","N/A",MIN(E16:G16)) -> 101976.44 | I16: =+IF(E16="N/A","N/A",ROUND(AVERAGE(E16:G16),0)) -> 210123 | J16: =+IF(H16="N/A","N/A",AVERAGE(H16:I16)) -> 156049.72 | L16: 239717.49 | M16: 296781 | N16: N/A | O16: =+IF(L16="N/A","N/A",MIN(L16:N16)) -> 239717.49 | P16: =+IF(L16="N/A","N/A",ROUND(AVERAGE(L16:N16),0)) -> 268249 | Q16: =+IF(O16="N/A","N/A",AVERAGE(O16:P16)) -> 253983.24 | S16: 200280.14 | T16: 255231.66 | U16: 88181.677 | V16: =+IF(S16="N/A","N/A",MIN(S16:U16)) -> 88181.677 | W16: =+IF(S16="N/A","N/A",ROUND(AVERAGE(S16:U16),0)) -> 181231 | X16: =+IF(V16="N/A","N/A",AVERAGE(V16:W16)) -> 134706.34 | Z16: 287253.36 | AA16: 563883.9 | AB16: 126475.26 | AC16: =+IF(Z16="N/A","N/A",MIN(Z16:AB16)) -> 126475.26 | AD16: =+IF(Z16="N/A","N/A",ROUND(AVERAGE(Z16:AB16),0)) -> 325871 | AE16: =+IF(AC16="N/A","N/A",AVERAGE(AC16:AD16)) -> 226173.13 | AG16: 261196.56 | AH16: 281941.95 | AI16: 115002.67 | AJ16: =+IF(AG16="N/A","N/A",MIN(AG16:AI16)) -> 115002.67 | AK16: =+IF(AG16="N/A","N/A",ROUND(AVERAGE(AG16:AI16),0)) -> 219380 | AL16: =+IF(AJ16="N/A","N/A",AVERAGE(AJ16:AK16)) -> 167191.33 | AN16: 235914.71 | AO16: 276303.11 | AP16: 103871.28 | AQ16: =+IF(AN16="N/A","N/A",MIN(AN16:AP16)) -> 103871.28 | AR16: =+IF(AN16="N/A","N/A",ROUND(AVERAGE(AN16:AP16),0)) -> 205363 | AS16: =+IF(AQ16="N/A","N/A",AVERAGE(AQ16:AR16)) -> 154617.14 | AU16: 194129.57 | AV16: 314985.55 | AW16: 85473.631 | AX16: =+IF(AU16="N/A","N/A",MIN(AU16:AW16)) -> 85473.631 | AY16: =+IF(AU16="N/A","N/A",ROUND(AVERAGE(AU16:AW16),0)) -> 198196 | AZ16: =+IF(AX16="N/A","N/A",AVERAGE(AX16:AY16)) -> 141834.82 | BB16: 303087.18 | BC16: 597716.93 | BD16: 133446.76 | BE16: =+IF(BB16="N/A","N/A",MIN(BB16:BD16)) -> 133446.76 | BF16: =+IF(BB16="N/A","N/A",ROUND(AVERAGE(BB16:BD16),0)) -> 344750 | BG16: =+IF(BE16="N/A","N/A",AVERAGE(BE16:BF16)) -> 239098.38 | BI16: 192273.32 | BJ16: 292936.56 | BK16: 84656.342 | BL16: =+IF(BI16="N/A","N/A",MIN(BI16:BK16)) -> 84656.342 | BM16: =+IF(BI16="N/A","N/A",ROUND(AVERAGE(BI16:BK16),0)) -> 189955 | BN16: =+IF(BL16="N/A","N/A",AVERAGE(BL16:BM16)) -> 137305.67 | BP16: 211477.91 | BQ16: 290845.38 | BR16: 93111.962 | BS16: =+IF(BP16="N/A","N/A",MIN(BP16:BR16)) -> 93111.962 | BT16: =+IF(BP16="N/A","N/A",ROUND(AVERAGE(BP16:BR16),0)) -> 198478 | BU16: =+IF(BS16="N/A","N/A",AVERAGE(BS16:BT16)) -> 145794.98 | BW16: 227748.66 | BX16: 334472.19 | BY16: 100275.84 | BZ16: =+IF(BW16="N/A","N/A",MIN(BW16:BY16)) -> 100275.84 | CA16: =+IF(BW16="N/A","N/A",ROUND(AVERAGE(BW16:BY16),0)) -> 220832 | CB16: =+IF(BZ16="N/A","N/A",AVERAGE(BZ16:CA16)) -> 160553.92 | CD16: 246093.49 | CE16: 386676.26 | CF16: 108352.91 | CG16: =+IF(CD16="N/A","N/A",MIN(CD16:CF16)) -> 108352.91 | CH16: =+IF(CD16="N/A","N/A",ROUND(AVERAGE(CD16:CF16),0)) -> 247041 | CI16: =+IF(CG16="N/A","N/A",AVERAGE(CG16:CH16)) -> 177696.96 | CK16: 285602.69 | CL16: 326459.1 | CM16: 125748.48 | CN16: =+IF(CK16="N/A","N/A",MIN(CK16:CM16)) -> 125748.48 | CO16: =+IF(CK16="N/A","N/A",ROUND(AVERAGE(CK16:CM16),0)) -> 245937 | CP16: =+IF(CN16="N/A","N/A",AVERAGE(CN16:CO16)) -> 185842.74 | CR16: 302793.09 | CS16: 355840.42 | CT16: 133317.27 | CU16: =+IF(CR16="N/A","N/A",MIN(CR16:CT16)) -> 133317.27 | CV16: =+IF(CR16="N/A","N/A",ROUND(AVERAGE(CR16:CT16),0)) -> 263984 | CW16: =+IF(CU16="N/A","N/A",AVERAGE(CU16:CV16)) -> 198650.64 | CY16: 262682.15 | CZ16: 348723.61 | DA16: 115656.76 | DB16: =+IF(CY16="N/A","N/A",MIN(CY16:DA16)) -> 115656.76 | DC16: =+IF(CY16="N/A","N/A",ROUND(AVERAGE(CY16:DA16),0)) -> 242354 | DD16: =+IF(DB16="N/A","N/A",AVERAGE(DB16:DC16)) -> 179005.38 | DF16: 225883.43 | DG16: 341749.14 | DH16: 99454.593 | DI16: =+IF(DF16="N/A","N/A",MIN(DF16:DH16)) -> 99454.593 | DJ16: =+IF(DF16="N/A","N/A",ROUND(AVERAGE(DF16:DH16),0)) -> 222362 | DK16: =+IF(DI16="N/A","N/A",AVERAGE(DI16:DJ16)) -> 160908.3 | DM16: 244345.72 | DN16: 396429 | DO16: 107583.38 | DP16: =+IF(DM16="N/A","N/A",MIN(DM16:DO16)) -> 107583.38 | DQ16: =+IF(DM16="N/A","N/A",ROUND(AVERAGE(DM16:DO16),0)) -> 249453 | DR16: =+IF(DP16="N/A","N/A",AVERAGE(DP16:DQ16)) -> 178518.19 | DT16: 247600.49 | DU16: 511393.41 | DV16: 109016.43 | DW16: =+IF(DT16="N/A","N/A",MIN(DT16:DV16)) -> 109016.43 | DX16: =+IF(DT16="N/A","N/A",ROUND(AVERAGE(DT16:DV16),0)) -> 289337 | DY16: =+IF(DW16="N/A","N/A",AVERAGE(DW16:DX16)) -> 199176.72 | EA16: 201864.29 | EB16: 341749.14 | EC16: 88879.164 | ED16: =+IF(EA16="N/A","N/A",MIN(EA16:EC16)) -> 88879.164 | EE16: =+IF(EA16="N/A","N/A",ROUND(AVERAGE(EA16:EC16),0)) -> 210831 | EF16: =+IF(ED16="N/A","N/A",AVERAGE(ED16:EE16)) -> 149855.08 | EH16: 266349.44 | EI16: 430603.91 | EJ16: 117271.44 | EK16: =+IF(EH16="N/A","N/A",MIN(EH16:EJ16)) -> 117271.44 | EL16: =+IF(EH16="N/A","N/A",ROUND(AVERAGE(EH16:EJ16),0)) -> 271408 | EM16: =+IF(EK16="N/A","N/A",AVERAGE(EK16:EL16)) -> 194339.72 | EO16: 304672.58 | EP16: 727720.62 | EQ16: 134144.8 | ER16: =+IF(EO16="N/A","N/A",MIN(EO16:EQ16)) -> 134144.8 | ES16: =+IF(EO16="N/A","N/A",ROUND(AVERAGE(EO16:EQ16),0)) -> 388846 | ET16: =+IF(ER16="N/A","N/A",AVERAGE(ER16:ES16)) -> 261495.4 | EV16: 293978.77 | EW16: 705889 | EX16: 129436.4 | EY16: =+IF(EV16="N/A","N/A",MIN(EV16:EX16)) -> 129436.4 | EZ16: =+IF(EV16="N/A","N/A",ROUND(AVERAGE(EV16:EX16),0)) -> 376435 | FA16: =+IF(EY16="N/A","N/A",AVERAGE(EY16:EZ16)) -> 252935.7
A17: 6 | B17: Juego De Pastillas De Frenos Traseras (Dos pares) | C17: 1 | E17: N/A | F17: N/A | G17: N/A | H17: N/A | I17: N/A | J17: N/A | L17: N/A | M17: N/A | N17: N/A | O17: N/A | P17: N/A | Q17: N/A | S17: N/A | T17: N/A | U17: N/A | V17: N/A | W17: N/A | X17: N/A | Z17: N/A | AA17: N/A | AB17: N/A | AC17: N/A | AD17: N/A | AE17: N/A | AG17: N/A | AH17: N/A | AI17: N/A | AJ17: N/A | AK17: N/A | AL17: N/A | AN17: N/A | AO17: N/A | AP17: N/A | AQ17: N/A | AR17: N/A | AS17: N/A | AU17: N/A | AV17: N/A | AW17: N/A | AX17: N/A | AY17: N/A | AZ17: N/A | BB17: 301289.25 | BC17: 784546 | BE17: =+IF(BB17="N/A","N/A",MIN(BB17:BD17)) -> 301289.25 | BF17: =+IF(BB17="N/A","N/A",ROUND(AVERAGE(BB17:BD17),0)) -> 542918 | BG17: =+IF(BE17="N/A","N/A",AVERAGE(BE17:BF17)) -> 422103.63 | BI17: N/A | BJ17: N/A | BK17: N/A | BL17: N/A | BM17: N/A | BN17: N/A | BP17: N/A | BQ17: N/A | BR17: N/A | BS17: N/A | BT17: N/A | BU17: N/A | BW17: 238707.2 | BX17: 274909 | BY17: 105100.79 | BZ17: =+IF(BW17="N/A","N/A",MIN(BW17:BY17)) -> 105100.79 | CA17: =+IF(BW17="N/A","N/A",ROUND(AVERAGE(BW17:BY17),0)) -> 206239 | CB17: =+IF(BZ17="N/A","N/A",AVERAGE(BZ17:CA17)) -> 155669.9 | CD17: N/A | CE17: N/A | CF17: N/A | CG17: N/A | CH17: N/A | CI17: N/A | CK17: N/A | CL17: N/A | CM17: N/A | CN17: N/A | CO17: N/A | CP17: N/A | CR17: N/A | CS17: N/A | CT17: N/A | CU17: N/A | CV17: N/A | CW17: N/A | CY17: N/A | CZ17: N/A | DA17: N/A | DB17: N/A | DC17: N/A | DD17: N/A | DF17: N/A | DG17: N/A | DH17: N/A | DI17: N/A | DJ17: N/A | DK17: N/A | DM17: N/A | DN17: N/A | DO17: N/A | DP17: N/A | DQ17: N/A | DR17: N/A | DT17: N/A | DU17: N/A | DV17: N/A | DW17: N/A | DX17: N/A | DY17: N/A | EA17: N/A | EB17: N/A | EC17: N/A | ED17: N/A | EE17: N/A | EF17: N/A | EH17: N/A | EI17: N/A | EJ17: N/A | EK17: N/A | EL17: N/A | EM17: N/A | EO17: 298741.2 | EP17: 385673 | EQ17: 131533.26 | ER17: =+IF(EO17="N/A","N/A",MIN(EO17:EQ17)) -> 131533.26 | ES17: =+IF(EO17="N/A","N/A",ROUND(AVERAGE(EO17:EQ17),0)) -> 271982 | ET17: =+IF(ER17="N/A","N/A",AVERAGE(ER17:ES17)) -> 201757.63 | EV17: 288521.9 | EW17: 374102.81 | EX17: 127033.79 | EY17: =+IF(EV17="N/A","N/A",MIN(EV17:EX17)) -> 127033.79 | EZ17: =+IF(EV17="N/A","N/A",ROUND(AVERAGE(EV17:EX17),0)) -> 263220 | FA17: =+IF(EY17="N/A","N/A",AVERAGE(EY17:EZ17)) -> 195126.89
A18: 7 | B18: Pistón Caliper | C18: 1 | E18: 149444.99 | F18: 237898 | G18: 65799.385 | H18: =+IF(E18="N/A","N/A",MIN(E18:G18)) -> 65799.385 | I18: =+IF(E18="N/A","N/A",ROUND(AVERAGE(E18:G18),0)) -> 151047 | J18: =+IF(H18="N/A","N/A",AVERAGE(H18:I18)) -> 108423.19 | L18: 154675.57 | M18: 237898 | N18: N/A | O18: =+IF(L18="N/A","N/A",MIN(L18:N18)) -> 154675.57 | P18: =+IF(L18="N/A","N/A",ROUND(AVERAGE(L18:N18),0)) -> 196287 | Q18: =+IF(O18="N/A","N/A",AVERAGE(O18:P18)) -> 175481.28 | S18: 144676.95 | T18: 204592.28 | U18: 63700.057 | V18: =+IF(S18="N/A","N/A",MIN(S18:U18)) -> 63700.057 | W18: =+IF(S18="N/A","N/A",ROUND(AVERAGE(S18:U18),0)) -> 137656 | X18: =+IF(V18="N/A","N/A",AVERAGE(V18:W18)) -> 100678.03 | Z18: 284340.14 | AA18: 452006.2 | AB18: 125192.59 | AC18: =+IF(Z18="N/A","N/A",MIN(Z18:AB18)) -> 125192.59 | AD18: =+IF(Z18="N/A","N/A",ROUND(AVERAGE(Z18:AB18),0)) -> 287180 | AE18: =+IF(AC18="N/A","N/A",AVERAGE(AC18:AD18)) -> 206186.3 | AG18: 210140.08 | AH18: 226003.1 | AI18: 92522.928 | AJ18: =+IF(AG18="N/A","N/A",MIN(AG18:AI18)) -> 92522.928 | AK18: =+IF(AG18="N/A","N/A",ROUND(AVERAGE(AG18:AI18),0)) -> 176222 | AL18: =+IF(AJ18="N/A","N/A",AVERAGE(AJ18:AK18)) -> 134372.46 | AN18: 165973.53 | AO18: 221483.04 | AP18: 73076.762 | AQ18: =+IF(AN18="N/A","N/A",MIN(AN18:AP18)) -> 73076.762 | AR18: =+IF(AN18="N/A","N/A",ROUND(AVERAGE(AN18:AP18),0)) -> 153511 | AS18: =+IF(AQ18="N/A","N/A",AVERAGE(AQ18:AR18)) -> 113293.88 | AU18: 200716.49 | AV18: 252490.66 | AW18: 88373.797 | AX18: =+IF(AU18="N/A","N/A",MIN(AU18:AW18)) -> 88373.797 | AY18: =+IF(AU18="N/A","N/A",ROUND(AVERAGE(AU18:AW18),0)) -> 180527 | AZ18: =+IF(AX18="N/A","N/A",AVERAGE(AX18:AY18)) -> 134450.4 | BB18: 249634.37 | BC18: 479126.57 | BD18: 109911.93 | BE18: =+IF(BB18="N/A","N/A",MIN(BB18:BD18)) -> 109911.93 | BF18: =+IF(BB18="N/A","N/A",ROUND(AVERAGE(BB18:BD18),0)) -> 279558 | BG18: =+IF(BE18="N/A","N/A",AVERAGE(BE18:BF18)) -> 194734.97 | BI18: 197255.2 | BJ18: 234816.32 | BK18: 86849.822 | BL18: =+IF(BI18="N/A","N/A",MIN(BI18:BK18)) -> 86849.822 | BM18: =+IF(BI18="N/A","N/A",ROUND(AVERAGE(BI18:BK18),0)) -> 172974 | BN18: =+IF(BL18="N/A","N/A",AVERAGE(BL18:BM18)) -> 129911.91 | BP18: 210114.35 | BQ18: 233140.04 | BR18: 92511.598 | BS18: =+IF(BP18="N/A","N/A",MIN(BP18:BR18)) -> 92511.598 | BT18: =+IF(BP18="N/A","N/A",ROUND(AVERAGE(BP18:BR18),0)) -> 178589 | BU18: =+IF(BS18="N/A","N/A",AVERAGE(BS18:BT18)) -> 135550.3 | BW18: 217699.25 | BX18: 268111.05 | BY18: 95851.164 | BZ18: =+IF(BW18="N/A","N/A",MIN(BW18:BY18)) -> 95851.164 | CA18: =+IF(BW18="N/A","N/A",ROUND(AVERAGE(BW18:BY18),0)) -> 193887 | CB18: =+IF(BZ18="N/A","N/A",AVERAGE(BZ18:CA18)) -> 144869.08 | CD18: 226777.96 | CE18: 309957.54 | CF18: 99848.447 | CG18: =+IF(CD18="N/A","N/A",MIN(CD18:CF18)) -> 99848.447 | CH18: =+IF(CD18="N/A","N/A",ROUND(AVERAGE(CD18:CF18),0)) -> 212195 | CI18: =+IF(CG18="N/A","N/A",AVERAGE(CG18:CH18)) -> 156021.72 | CK18: 244272.11 | CL18: 261687.8 | CM18: 107550.97 | CN18: =+IF(CK18="N/A","N/A",MIN(CK18:CM18)) -> 107550.97 | CO18: =+IF(CK18="N/A","N/A",ROUND(AVERAGE(CK18:CM18),0)) -> 204504 | CP18: =+IF(CN18="N/A","N/A",AVERAGE(CN18:CO18)) -> 156027.49 | CR18: 268312.92 | CS18: 285239.7 | CT18: 118135.94 | CU18: =+IF(CR18="N/A","N/A",MIN(CR18:CT18)) -> 118135.94 | CV18: =+IF(CR18="N/A","N/A",ROUND(AVERAGE(CR18:CT18),0)) -> 223896 | CW18: =+IF(CU18="N/A","N/A",AVERAGE(CU18:CV18)) -> 171015.97 | CY18: 212217.69 | CZ18: 279534.91 | DA18: 93437.679 | DB18: =+IF(CY18="N/A","N/A",MIN(CY18:DA18)) -> 93437.679 | DC18: =+IF(CY18="N/A","N/A",ROUND(AVERAGE(CY18:DA18),0)) -> 195063 | DD18: =+IF(DB18="N/A","N/A",AVERAGE(DB18:DC18)) -> 144250.34 | DF18: 161297.28 | DG18: 273944.21 | DH18: 71017.847 | DI18: =+IF(DF18="N/A","N/A",MIN(DF18:DH18)) -> 71017.847 | DJ18: =+IF(DF18="N/A","N/A",ROUND(AVERAGE(DF18:DH18),0)) -> 168753 | DK18: =+IF(DI18="N/A","N/A",AVERAGE(DI18:DJ18)) -> 119885.42 | DM18: 186574.15 | DN18: 317775.28 | DO18: 82147.043 | DP18: =+IF(DM18="N/A","N/A",MIN(DM18:DO18)) -> 82147.043 | DQ18: =+IF(DM18="N/A","N/A",ROUND(AVERAGE(DM18:DO18),0)) -> 195499 | DR18: =+IF(DP18="N/A","N/A",AVERAGE(DP18:DQ18)) -> 138823.02 | DT18: 174039.73 | DU18: 409930.12 | DV18: 76628.242 | DW18: =+IF(DT18="N/A","N/A",MIN(DT18:DV18)) -> 76628.242 | DX18: =+IF(DT18="N/A","N/A",ROUND(AVERAGE(DT18:DV18),0)) -> 220199 | DY18: =+IF(DW18="N/A","N/A",AVERAGE(DW18:DX18)) -> 148413.62 | EA18: 149567.37 | EB18: 273944.21 | EC18: 65853.268 | ED18: =+IF(EA18="N/A","N/A",MIN(EA18:EC18)) -> 65853.268 | EE18: =+IF(EA18="N/A","N/A",ROUND(AVERAGE(EA18:EC18),0)) -> 163122 | EF18: =+IF(ED18="N/A","N/A",AVERAGE(ED18:EE18)) -> 114487.63 | EH18: 217346.39 | EI18: 345169.7 | EJ18: 95695.806 | EK18: =+IF(EH18="N/A","N/A",MIN(EH18:EJ18)) -> 95695.806 | EL18: =+IF(EH18="N/A","N/A",ROUND(AVERAGE(EH18:EJ18),0)) -> 219404 | EM18: =+IF(EK18="N/A","N/A",AVERAGE(EK18:EL18)) -> 157549.9 | EO18: 270941.39 | EP18: 583336.8 | EQ18: 119293.23 | ER18: =+IF(EO18="N/A","N/A",MIN(EO18:EQ18)) -> 119293.23 | ES18: =+IF(EO18="N/A","N/A",ROUND(AVERAGE(EO18:EQ18),0)) -> 324524 | ET18: =+IF(ER18="N/A","N/A",AVERAGE(ER18:ES18)) -> 221908.62 | EV18: 255986.08 | EW18: 565836.7 | EX18: 112708.54 | EY18: =+IF(EV18="N/A","N/A",MIN(EV18:EX18)) -> 112708.54 | EZ18: =+IF(EV18="N/A","N/A",ROUND(AVERAGE(EV18:EX18),0)) -> 311510 | FA18: =+IF(EY18="N/A","N/A",AVERAGE(EY18:EZ18)) -> 212109.27
A19: 8 | B19: Juego Interiores Caliper | C19: 1 | E19: 90266.566 | F19: 120899 | G19: 39743.617 | H19: =+IF(E19="N/A","N/A",MIN(E19:G19)) -> 39743.617 | I19: =+IF(E19="N/A","N/A",ROUND(AVERAGE(E19:G19),0)) -> 83636 | J19: =+IF(H19="N/A","N/A",AVERAGE(H19:I19)) -> 61689.808 | L19: 93425.896 | M19: 120899 | N19: N/A | O19: =+IF(L19="N/A","N/A",MIN(L19:N19)) -> 93425.896 | P19: =+IF(L19="N/A","N/A",ROUND(AVERAGE(L19:N19),0)) -> 107162 | Q19: =+IF(O19="N/A","N/A",AVERAGE(O19:P19)) -> 100293.95 | S19: 98423.264 | T19: 103973.14 | U19: 43334.943 | V19: =+IF(S19="N/A","N/A",MIN(S19:U19)) -> 43334.943 | W19: =+IF(S19="N/A","N/A",ROUND(AVERAGE(S19:U19),0)) -> 81910 | X19: =+IF(V19="N/A","N/A",AVERAGE(V19:W19)) -> 62622.471 | Z19: 170907.57 | AA19: 229708.1 | AB19: 75249.179 | AC19: =+IF(Z19="N/A","N/A",MIN(Z19:AB19)) -> 75249.179 | AD19: =+IF(Z19="N/A","N/A",ROUND(AVERAGE(Z19:AB19),0)) -> 158622 | AE19: =+IF(AC19="N/A","N/A",AVERAGE(AC19:AD19)) -> 116935.59 | AG19: 137608.47 | AH19: 114854.05 | AI19: 60587.863 | AJ19: =+IF(AG19="N/A","N/A",MIN(AG19:AI19)) -> 60587.863 | AK19: =+IF(AG19="N/A","N/A",ROUND(AVERAGE(AG19:AI19),0)) -> 104350 | AL19: =+IF(AJ19="N/A","N/A",AVERAGE(AJ19:AK19)) -> 82468.931 | AN19: 87530.367 | AO19: 112556.97 | AP19: 38538.891 | AQ19: =+IF(AN19="N/A","N/A",MIN(AN19:AP19)) -> 38538.891 | AR19: =+IF(AN19="N/A","N/A",ROUND(AVERAGE(AN19:AP19),0)) -> 79542 | AS19: =+IF(AQ19="N/A","N/A",AVERAGE(AQ19:AR19)) -> 59040.446 | AU19: 118824.77 | AV19: 128314.94 | AW19: 52317.555 | AX19: =+IF(AU19="N/A","N/A",MIN(AU19:AW19)) -> 52317.555 | AY19: =+IF(AU19="N/A","N/A",ROUND(AVERAGE(AU19:AW19),0)) -> 99819 | AZ19: =+IF(AX19="N/A","N/A",AVERAGE(AX19:AY19)) -> 76068.277 | BB19: 138385.91 | BC19: 243490.59 | BD19: 60930.163 | BE19: =+IF(BB19="N/A","N/A",MIN(BB19:BD19)) -> 60930.163 | BF19: =+IF(BB19="N/A","N/A",ROUND(AVERAGE(BB19:BD19),0)) -> 147602 | BG19: =+IF(BE19="N/A","N/A",AVERAGE(BE19:BF19)) -> 104266.08 | BI19: 117271.43 | BJ19: 119332.9 | BK19: 51633.634 | BL19: =+IF(BI19="N/A","N/A",MIN(BI19:BK19)) -> 51633.634 | BM19: =+IF(BI19="N/A","N/A",ROUND(AVERAGE(BI19:BK19),0)) -> 96079 | BN19: =+IF(BL19="N/A","N/A",AVERAGE(BL19:BM19)) -> 73856.317 | BP19: 122276.07 | BQ19: 118481.02 | BR19: 53837.136 | BS19: =+IF(BP19="N/A","N/A",MIN(BP19:BR19)) -> 53837.136 | BT19: =+IF(BP19="N/A","N/A",ROUND(AVERAGE(BP19:BR19),0)) -> 98198 | BU19: =+IF(BS19="N/A","N/A",AVERAGE(BS19:BT19)) -> 76017.568 | BW19: 125679.98 | BX19: 136253.17 | BY19: 55335.849 | BZ19: =+IF(BW19="N/A","N/A",MIN(BW19:BY19)) -> 55335.849 | CA19: =+IF(BW19="N/A","N/A",ROUND(AVERAGE(BW19:BY19),0)) -> 105756 | CB19: =+IF(BZ19="N/A","N/A",AVERAGE(BZ19:CA19)) -> 80545.924 | CD19: 145075.13 | CE19: 157519.43 | CF19: 63875.37 | CG19: =+IF(CD19="N/A","N/A",MIN(CD19:CF19)) -> 63875.37 | CH19: =+IF(CD19="N/A","N/A",ROUND(AVERAGE(CD19:CF19),0)) -> 122157 | CI19: =+IF(CG19="N/A","N/A",AVERAGE(CG19:CH19)) -> 93016.185 | CK19: 152926.06 | CL19: 132988.9 | CM19: 67332.068 | CN19: =+IF(CK19="N/A","N/A",MIN(CK19:CM19)) -> 67332.068 | CO19: =+IF(CK19="N/A","N/A",ROUND(AVERAGE(CK19:CM19),0)) -> 117749 | CP19: =+IF(CN19="N/A","N/A",AVERAGE(CN19:CO19)) -> 92540.534 | CR19: 163714.96 | CS19: 144957.9 | CT19: 72082.335 | CU19: =+IF(CR19="N/A","N/A",MIN(CR19:CT19)) -> 72082.335 | CV19: =+IF(CR19="N/A","N/A",ROUND(AVERAGE(CR19:CT19),0)) -> 126918 | CW19: =+IF(CU19="N/A","N/A",AVERAGE(CU19:CV19)) -> 99500.167 | CY19: 138540.84 | CZ19: 142058.74 | DA19: 60998.379 | DB19: =+IF(CY19="N/A","N/A",MIN(CY19:DA19)) -> 60998.379 | DC19: =+IF(CY19="N/A","N/A",ROUND(AVERAGE(CY19:DA19),0)) -> 113866 | DD19: =+IF(DB19="N/A","N/A",AVERAGE(DB19:DC19)) -> 87432.19 | DF19: 104797.56 | DG19: 139217.57 | DH19: 46141.494 | DI19: =+IF(DF19="N/A","N/A",MIN(DF19:DH19)) -> 46141.494 | DJ19: =+IF(DF19="N/A","N/A",ROUND(AVERAGE(DF19:DH19),0)) -> 96719 | DK19: =+IF(DI19="N/A","N/A",AVERAGE(DI19:DJ19)) -> 71430.247 | DM19: 127032.68 | DN19: 161492.38 | DO19: 55931.429 | DP19: =+IF(DM19="N/A","N/A",MIN(DM19:DO19)) -> 55931.429 | DQ19: =+IF(DM19="N/A","N/A",ROUND(AVERAGE(DM19:DO19),0)) -> 114819 | DR19: =+IF(DP19="N/A","N/A",AVERAGE(DP19:DQ19)) -> 85375.214 | DT19: 110110.8 | DU19: 208325.17 | DV19: 48480.866 | DW19: =+IF(DT19="N/A","N/A",MIN(DT19:DV19)) -> 48480.866 | DX19: =+IF(DT19="N/A","N/A",ROUND(AVERAGE(DT19:DV19),0)) -> 122306 | DY19: =+IF(DW19="N/A","N/A",AVERAGE(DW19:DX19)) -> 85393.433 | EA19: 96876.367 | EB19: 139217.57 | EC19: 42653.857 | ED19: =+IF(EA19="N/A","N/A",MIN(EA19:EC19)) -> 42653.857 | EE19: =+IF(EA19="N/A","N/A",ROUND(AVERAGE(EA19:EC19),0)) -> 92916 | EF19: =+IF(ED19="N/A","N/A",AVERAGE(ED19:EE19)) -> 67784.929 | EH19: 140842.48 | EI19: 175414.14 | EJ19: 62011.77 | EK19: =+IF(EH19="N/A","N/A",MIN(EH19:EJ19)) -> 62011.77 | EL19: =+IF(EH19="N/A","N/A",ROUND(AVERAGE(EH19:EJ19),0)) -> 126089 | EM19: =+IF(EK19="N/A","N/A",AVERAGE(EK19:EL19)) -> 94050.385 | EO19: 164894.55 | EP19: 296449.89 | EQ19: 72601.697 | ER19: =+IF(EO19="N/A","N/A",MIN(EO19:EQ19)) -> 72601.697 | ES19: =+IF(EO19="N/A","N/A",ROUND(AVERAGE(EO19:EQ19),0)) -> 177982 | ET19: =+IF(ER19="N/A","N/A",AVERAGE(ER19:ES19)) -> 125291.85 | EV19: 158182.99 | EW19: 287556.39 | EX19: 69646.651 | EY19: =+IF(EV19="N/A","N/A",MIN(EV19:EX19)) -> 69646.651 | EZ19: =+IF(EV19="N/A","N/A",ROUND(AVERAGE(EV19:EX19),0)) -> 171795 | FA19: =+IF(EY19="N/A","N/A",AVERAGE(EY19:EZ19)) -> 120720.83
A20: 9 | B20: Liquido De Freno (Pinta 290 ml) | C20: 1 | E20: 16228.294 | F20: 29711 | G20: 7145.1826 | H20: =+IF(E20="N/A","N/A",MIN(E20:G20)) -> 7145.1826 | I20: =+IF(E20="N/A","N/A",ROUND(AVERAGE(E20:G20),0)) -> 17695 | J20: =+IF(H20="N/A","N/A",AVERAGE(H20:I20)) -> 12420.091 | L20: 16796.284 | M20: 29711 | N20: N/A | O20: =+IF(L20="N/A","N/A",MIN(L20:N20)) -> 16796.284 | P20: =+IF(L20="N/A","N/A",ROUND(AVERAGE(L20:N20),0)) -> 23254 | Q20: =+IF(O20="N/A","N/A",AVERAGE(O20:P20)) -> 20025.142 | S20: 16228.294 | T20: 25551.46 | U20: 7145.1826 | V20: =+IF(S20="N/A","N/A",MIN(S20:U20)) -> 7145.1826 | W20: =+IF(S20="N/A","N/A",ROUND(AVERAGE(S20:U20),0)) -> 16308 | X20: =+IF(V20="N/A","N/A",AVERAGE(V20:W20)) -> 11726.591 | Z20: 30476.4 | AA20: 56450.9 | AB20: 13418.505 | AC20: =+IF(Z20="N/A","N/A",MIN(Z20:AB20)) -> 13418.505 | AD20: =+IF(Z20="N/A","N/A",ROUND(AVERAGE(Z20:AB20),0)) -> 33449 | AE20: =+IF(AC20="N/A","N/A",AVERAGE(AC20:AD20)) -> 23433.752 | AG20: 30476.4 | AH20: 28225.45 | AI20: 13418.505 | AJ20: =+IF(AG20="N/A","N/A",MIN(AG20:AI20)) -> 13418.505 | AK20: =+IF(AG20="N/A","N/A",ROUND(AVERAGE(AG20:AI20),0)) -> 24040 | AL20: =+IF(AJ20="N/A","N/A",AVERAGE(AJ20:AK20)) -> 18729.252 | AN20: 33266.749 | AO20: 27660.941 | AP20: 14647.072 | AQ20: =+IF(AN20="N/A","N/A",MIN(AN20:AP20)) -> 14647.072 | AR20: =+IF(AN20="N/A","N/A",ROUND(AVERAGE(AN20:AP20),0)) -> 25192 | AS20: =+IF(AQ20="N/A","N/A",AVERAGE(AQ20:AR20)) -> 19919.536 | AU20: 17309.189 | AV20: 31533.473 | AW20: 7621.0918 | AX20: =+IF(AU20="N/A","N/A",MIN(AU20:AW20)) -> 7621.0918 | AY20: =+IF(AU20="N/A","N/A",ROUND(AVERAGE(AU20:AW20),0)) -> 18821 | AZ20: =+IF(AX20="N/A","N/A",AVERAGE(AX20:AY20)) -> 13221.046 | BB20: 17043.335 | BC20: 59837.954 | BD20: 7504.0384 | BE20: =+IF(BB20="N/A","N/A",MIN(BB20:BD20)) -> 7504.0384 | BF20: =+IF(BB20="N/A","N/A",ROUND(AVERAGE(BB20:BD20),0)) -> 28128 | BG20: =+IF(BE20="N/A","N/A",AVERAGE(BE20:BF20)) -> 17816.019 | BI20: 17043.309 | BJ20: 29326.13 | BK20: 7504.027 | BL20: =+IF(BI20="N/A","N/A",MIN(BI20:BK20)) -> 7504.027 | BM20: =+IF(BI20="N/A","N/A",ROUND(AVERAGE(BI20:BK20),0)) -> 17958 | BN20: =+IF(BL20="N/A","N/A",AVERAGE(BL20:BM20)) -> 12731.014 | BP20: 17328.565 | BQ20: 29116.78 | BR20: 7629.6226 | BS20: =+IF(BP20="N/A","N/A",MIN(BP20:BR20)) -> 7629.6226 | BT20: =+IF(BP20="N/A","N/A",ROUND(AVERAGE(BP20:BR20),0)) -> 18025 | BU20: =+IF(BS20="N/A","N/A",AVERAGE(BS20:BT20)) -> 12827.311 | BW20: 17328.565 | BX20: 33484.297 | BY20: 7629.6226 | BZ20: =+IF(BW20="N/A","N/A",MIN(BW20:BY20)) -> 7629.6226 | CA20: =+IF(BW20="N/A","N/A",ROUND(AVERAGE(BW20:BY20),0)) -> 19481 | CB20: =+IF(BZ20="N/A","N/A",AVERAGE(BZ20:CA20)) -> 13555.311 | CD20: 30476.4 | CE20: 38710.491 | CF20: 13418.505 | CG20: =+IF(CD20="N/A","N/A",MIN(CD20:CF20)) -> 13418.505 | CH20: =+IF(CD20="N/A","N/A",ROUND(AVERAGE(CD20:CF20),0)) -> 27535 | CI20: =+IF(CG20="N/A","N/A",AVERAGE(CG20:CH20)) -> 20476.752 | CK20: 30476.4 | CL20: 32682.1 | CM20: 13418.505 | CN20: =+IF(CK20="N/A","N/A",MIN(CK20:CM20)) -> 13418.505 | CO20: =+IF(CK20="N/A","N/A",ROUND(AVERAGE(CK20:CM20),0)) -> 25526 | CP20: =+IF(CN20="N/A","N/A",AVERAGE(CN20:CO20)) -> 19472.252 | CR20: 30476.4 | CS20: 35623.489 | CT20: 13418.505 | CU20: =+IF(CR20="N/A","N/A",MIN(CR20:CT20)) -> 13418.505 | CV20: =+IF(CR20="N/A","N/A",ROUND(AVERAGE(CR20:CT20),0)) -> 26506 | CW20: =+IF(CU20="N/A","N/A",AVERAGE(CU20:CV20)) -> 19962.252 | CY20: 30476.4 | CZ20: 34911.019 | DA20: 13418.505 | DB20: =+IF(CY20="N/A","N/A",MIN(CY20:DA20)) -> 13418.505 | DC20: =+IF(CY20="N/A","N/A",ROUND(AVERAGE(CY20:DA20),0)) -> 26269 | DD20: =+IF(DB20="N/A","N/A",AVERAGE(DB20:DC20)) -> 19843.752 | DF20: 17043.309 | DG20: 34212.799 | DH20: 7504.027 | DI20: =+IF(DF20="N/A","N/A",MIN(DF20:DH20)) -> 7504.027 | DJ20: =+IF(DF20="N/A","N/A",ROUND(AVERAGE(DF20:DH20),0)) -> 19587 | DK20: =+IF(DI20="N/A","N/A",AVERAGE(DI20:DJ20)) -> 13545.514 | DM20: 30476.4 | DN20: 39686.847 | DO20: 13418.505 | DP20: =+IF(DM20="N/A","N/A",MIN(DM20:DO20)) -> 13418.505 | DQ20: =+IF(DM20="N/A","N/A",ROUND(AVERAGE(DM20:DO20),0)) -> 27861 | DR20: =+IF(DP20="N/A","N/A",AVERAGE(DP20:DQ20)) -> 20639.752 | DT20: 17328.565 | DU20: 51196.032 | DV20: 7629.6226 | DW20: =+IF(DT20="N/A","N/A",MIN(DT20:DV20)) -> 7629.6226 | DX20: =+IF(DT20="N/A","N/A",ROUND(AVERAGE(DT20:DV20),0)) -> 25385 | DY20: =+IF(DW20="N/A","N/A",AVERAGE(DW20:DX20)) -> 16507.311 | EA20: 17043.309 | EB20: 34212.799 | EC20: 7504.027 | ED20: =+IF(EA20="N/A","N/A",MIN(EA20:EC20)) -> 7504.027 | EE20: =+IF(EA20="N/A","N/A",ROUND(AVERAGE(EA20:EC20),0)) -> 19587 | EF20: =+IF(ED20="N/A","N/A",AVERAGE(ED20:EE20)) -> 13545.514 | EH20: 30476.4 | EI20: 43108.127 | EJ20: 13418.505 | EK20: =+IF(EH20="N/A","N/A",MIN(EH20:EJ20)) -> 13418.505 | EL20: =+IF(EH20="N/A","N/A",ROUND(AVERAGE(EH20:EJ20),0)) -> 29001 | EM20: =+IF(EK20="N/A","N/A",AVERAGE(EK20:EL20)) -> 21209.752 | EO20: 30476.4 | EP20: 72852.734 | EQ20: 13418.505 | ER20: =+IF(EO20="N/A","N/A",MIN(EO20:EQ20)) -> 13418.505 | ES20: =+IF(EO20="N/A","N/A",ROUND(AVERAGE(EO20:EQ20),0)) -> 38916 | ET20: =+IF(ER20="N/A","N/A",AVERAGE(ER20:ES20)) -> 26167.252 | EV20: 30476.4 | EW20: 70667.152 | EX20: 13418.505 | EY20: =+IF(EV20="N/A","N/A",MIN(EV20:EX20)) -> 13418.505 | EZ20: =+IF(EV20="N/A","N/A",ROUND(AVERAGE(EV20:EX20),0)) -> 38187 | FA20: =+IF(EY20="N/A","N/A",AVERAGE(EY20:EZ20)) -> 25802.752
A21: 10 | B21: Interiores De Bomba | C21: 1 | E21: 132860.9 | F21: 259009 | G21: 58497.547 | H21: =+IF(E21="N/A","N/A",MIN(E21:G21)) -> 58497.547 | I21: =+IF(E21="N/A","N/A",ROUND(AVERAGE(E21:G21),0)) -> 150122 | J21: =+IF(H21="N/A","N/A",AVERAGE(H21:I21)) -> 104309.77 | L21: 137511.03 | M21: 259009 | N21: N/A | O21: =+IF(L21="N/A","N/A",MIN(L21:N21)) -> 137511.03 | P21: =+IF(L21="N/A","N/A",ROUND(AVERAGE(L21:N21),0)) -> 198260 | Q21: =+IF(O21="N/A","N/A",AVERAGE(O21:P21)) -> 167885.52 | S21: 115573.72 | T21: 222747.74 | U21: 50886.145 | V21: =+IF(S21="N/A","N/A",MIN(S21:U21)) -> 50886.145 | W21: =+IF(S21="N/A","N/A",ROUND(AVERAGE(S21:U21),0)) -> 129736 | X21: =+IF(V21="N/A","N/A",AVERAGE(V21:W21)) -> 90311.073 | Z21: 273728.11 | AA21: 492117.1 | AB21: 120520.21 | AC21: =+IF(Z21="N/A","N/A",MIN(Z21:AB21)) -> 120520.21 | AD21: =+IF(Z21="N/A","N/A",ROUND(AVERAGE(Z21:AB21),0)) -> 295455 | AE21: =+IF(AC21="N/A","N/A",AVERAGE(AC21:AD21)) -> 207987.6 | AG21: 209041.99 | AH21: 246058.55 | AI21: 92039.448 | AJ21: =+IF(AG21="N/A","N/A",MIN(AG21:AI21)) -> 92039.448 | AK21: =+IF(AG21="N/A","N/A",ROUND(AVERAGE(AG21:AI21),0)) -> 182380 | AL21: =+IF(AJ21="N/A","N/A",AVERAGE(AJ21:AK21)) -> 137209.72 | AN21: 126124.91 | AO21: 241137.38 | AP21: 55531.748 | AQ21: =+IF(AN21="N/A","N/A",MIN(AN21:AP21)) -> 55531.748 | AR21: =+IF(AN21="N/A","N/A",ROUND(AVERAGE(AN21:AP21),0)) -> 140931 | AS21: =+IF(AQ21="N/A","N/A",AVERAGE(AQ21:AR21)) -> 98231.374 | AU21: 159912.77 | AV21: 274896.61 | AW21: 70408.259 | AX21: =+IF(AU21="N/A","N/A",MIN(AU21:AW21)) -> 70408.259 | AY21: =+IF(AU21="N/A","N/A",ROUND(AVERAGE(AU21:AW21),0)) -> 168406 | AZ21: =+IF(AX21="N/A","N/A",AVERAGE(AX21:AY21)) -> 119407.13 | BB21: 282662.87 | BC21: 521644.13 | BD21: 124454.11 | BE21: =+IF(BB21="N/A","N/A",MIN(BB21:BD21)) -> 124454.11 | BF21: =+IF(BB21="N/A","N/A",ROUND(AVERAGE(BB21:BD21),0)) -> 309587 | BG21: =+IF(BE21="N/A","N/A",AVERAGE(BE21:BF21)) -> 217020.55 | BI21: 158931.5 | BJ21: 255653.85 | BK21: 69976.215 | BL21: =+IF(BI21="N/A","N/A",MIN(BI21:BK21)) -> 69976.215 | BM21: =+IF(BI21="N/A","N/A",ROUND(AVERAGE(BI21:BK21),0)) -> 161521 | BN21: =+IF(BL21="N/A","N/A",AVERAGE(BL21:BM21)) -> 115748.61 | BP21: 169475.02 | BQ21: 253828.82 | BR21: 74618.44 | BS21: =+IF(BP21="N/A","N/A",MIN(BP21:BR21)) -> 74618.44 | BT21: =+IF(BP21="N/A","N/A",ROUND(AVERAGE(BP21:BR21),0)) -> 165974 | BU21: =+IF(BS21="N/A","N/A",AVERAGE(BS21:BT21)) -> 120296.22 | BW21: 178076.24 | BX21: 291903.14 | BY21: 78405.485 | BZ21: =+IF(BW21="N/A","N/A",MIN(BW21:BY21)) -> 78405.485 | CA21: =+IF(BW21="N/A","N/A",ROUND(AVERAGE(BW21:BY21),0)) -> 182795 | CB21: =+IF(BZ21="N/A","N/A",AVERAGE(BZ21:CA21)) -> 130600.24 | CD21: 227909.23 | CE21: 337463.08 | CF21: 100346.54 | CG21: =+IF(CD21="N/A","N/A",MIN(CD21:CF21)) -> 100346.54 | CH21: =+IF(CD21="N/A","N/A",ROUND(AVERAGE(CD21:CF21),0)) -> 221906 | CI21: =+IF(CG21="N/A","N/A",AVERAGE(CG21:CH21)) -> 161126.27 | CK21: 247747.48 | CL21: 284909.9 | CN21: =+IF(CK21="N/A","N/A",MIN(CK21:CM21)) -> 247747.48 | CO21: =+IF(CK21="N/A","N/A",ROUND(AVERAGE(CK21:CM21),0)) -> 266329 | CP21: =+IF(CN21="N/A","N/A",AVERAGE(CN21:CO21)) -> 257038.24 | CR21: 267669.87 | CS21: 310551.79 | CT21: 117852.81 | CU21: =+IF(CR21="N/A","N/A",MIN(CR21:CT21)) -> 117852.81 | CV21: =+IF(CR21="N/A","N/A",ROUND(AVERAGE(CR21:CT21),0)) -> 232025 | CW21: =+IF(CU21="N/A","N/A",AVERAGE(CU21:CV21)) -> 174938.91 | CY21: 211397.98 | CZ21: 304340.76 | DA21: 93076.769 | DB21: =+IF(CY21="N/A","N/A",MIN(CY21:DA21)) -> 93076.769 | DC21: =+IF(CY21="N/A","N/A",ROUND(AVERAGE(CY21:DA21),0)) -> 202939 | DD21: =+IF(DB21="N/A","N/A",AVERAGE(DB21:DC21)) -> 148007.88 | DF21: 124695.23 | DG21: 298253.94 | DH21: 54902.271 | DI21: =+IF(DF21="N/A","N/A",MIN(DF21:DH21)) -> 54902.271 | DJ21: =+IF(DF21="N/A","N/A",ROUND(AVERAGE(DF21:DH21),0)) -> 159284 | DK21: =+IF(DI21="N/A","N/A",AVERAGE(DI21:DJ21)) -> 107093.14 | DM21: 182318.38 | DN21: 345974.57 | DO21: 80273.265 | DP21: =+IF(DM21="N/A","N/A",MIN(DM21:DO21)) -> 80273.265 | DQ21: =+IF(DM21="N/A","N/A",ROUND(AVERAGE(DM21:DO21),0)) -> 202855 | DR21: =+IF(DP21="N/A","N/A",AVERAGE(DP21:DQ21)) -> 141564.13 | DT21: 135741.05 | DU21: 446307.2 | DV21: 59765.652 | DW21: =+IF(DT21="N/A","N/A",MIN(DT21:DV21)) -> 59765.652 | DX21: =+IF(DT21="N/A","N/A",ROUND(AVERAGE(DT21:DV21),0)) -> 213938 | DY21: =+IF(DW21="N/A","N/A",AVERAGE(DW21:DX21)) -> 136851.83 | EA21: 119525.53 | EB21: 298253.94 | EC21: 52626.093 | ED21: =+IF(EA21="N/A","N/A",MIN(EA21:EC21)) -> 52626.093 | EE21: =+IF(EA21="N/A","N/A",ROUND(AVERAGE(EA21:EC21),0)) -> 156802 | EF21: =+IF(ED21="N/A","N/A",AVERAGE(ED21:EE21)) -> 104714.05 | EH21: 217213.9 | EI21: 375799.96 | EJ21: 95637.47 | EK21: =+IF(EH21="N/A","N/A",MIN(EH21:EJ21)) -> 95637.47 | EL21: =+IF(EH21="N/A","N/A",ROUND(AVERAGE(EH21:EJ21),0)) -> 229550 | EM21: =+IF(EK21="N/A","N/A",AVERAGE(EK21:EL21)) -> 162593.74 | EO21: 268663.42 | EP21: 635101.94 | EQ21: 118290.26 | ER21: =+IF(EO21="N/A","N/A",MIN(EO21:EQ21)) -> 118290.26 | ES21: =+IF(EO21="N/A","N/A",ROUND(AVERAGE(EO21:EQ21),0)) -> 340685 | ET21: =+IF(ER21="N/A","N/A",AVERAGE(ER21:ES21)) -> 229487.63 | EV21: 261031.04 | EW21: 616048.88 | EX21: 114929.79 | EY21: =+IF(EV21="N/A","N/A",MIN(EV21:EX21)) -> 114929.79 | EZ21: =+IF(EV21="N/A","N/A",ROUND(AVERAGE(EV21:EX21),0)) -> 330670 | FA21: =+IF(EY21="N/A","N/A",AVERAGE(EY21:EZ21)) -> 222799.89
B22: SINCRONIZACIÓN
A23: 11 | B23: Bujía | C23: 1 | E23: 25797.253 | F23: 49788 | G23: 11358.315 | H23: =+IF(E23="N/A","N/A",MIN(E23:G23)) -> 11358.315 | I23: =+IF(E23="N/A","N/A",ROUND(AVERAGE(E23:G23),0)) -> 28981 | J23: =+IF(H23="N/A","N/A",AVERAGE(H23:I23)) -> 20169.658 | L23: 26700.157 | M23: 49788 | N23: N/A | O23: =+IF(L23="N/A","N/A",MIN(L23:N23)) -> 26700.157 | P23: =+IF(L23="N/A","N/A",ROUND(AVERAGE(L23:N23),0)) -> 38244 | Q23: =+IF(O23="N/A","N/A",AVERAGE(O23:P23)) -> 32472.078 | S23: 25951.447 | T23: 42817.68 | U23: 11426.206 | V23: =+IF(S23="N/A","N/A",MIN(S23:U23)) -> 11426.206 | W23: =+IF(S23="N/A","N/A",ROUND(AVERAGE(S23:U23),0)) -> 26732 | X23: =+IF(V23="N/A","N/A",AVERAGE(V23:W23)) -> 19079.103 | Z23: 56610.9 | AA23: 94597.2 | AB23: 24925.308 | AC23: =+IF(Z23="N/A","N/A",MIN(Z23:AB23)) -> 24925.308 | AD23: =+IF(Z23="N/A","N/A",ROUND(AVERAGE(Z23:AB23),0)) -> 58711 | AE23: =+IF(AC23="N/A","N/A",AVERAGE(AC23:AD23)) -> 41818.154 | AG23: 43931.7 | AH23: 47298.6 | AI23: 19342.761 | AJ23: =+IF(AG23="N/A","N/A",MIN(AG23:AI23)) -> 19342.761 | AK23: =+IF(AG23="N/A","N/A",ROUND(AVERAGE(AG23:AI23),0)) -> 36858 | AL23: =+IF(AJ23="N/A","N/A",AVERAGE(AJ23:AK23)) -> 28100.381 | AN23: 23449.444 | AO23: 46352.628 | AP23: 10324.595 | AQ23: =+IF(AN23="N/A","N/A",MIN(AN23:AP23)) -> 10324.595 | AR23: =+IF(AN23="N/A","N/A",ROUND(AVERAGE(AN23:AP23),0)) -> 26709 | AS23: =+IF(AQ23="N/A","N/A",AVERAGE(AQ23:AR23)) -> 18516.797 | AU23: 23780.812 | AV23: 52841.996 | AW23: 10470.493 | AX23: =+IF(AU23="N/A","N/A",MIN(AU23:AW23)) -> 10470.493 | AY23: =+IF(AU23="N/A","N/A",ROUND(AVERAGE(AU23:AW23),0)) -> 29031 | AZ23: =+IF(AX23="N/A","N/A",AVERAGE(AX23:AY23)) -> 19750.747 | BB23: 37144.483 | BC23: 100273.03 | BD23: 16354.406 | BE23: =+IF(BB23="N/A","N/A",MIN(BB23:BD23)) -> 16354.406 | BF23: =+IF(BB23="N/A","N/A",ROUND(AVERAGE(BB23:BD23),0)) -> 51257 | BG23: =+IF(BE23="N/A","N/A",AVERAGE(BE23:BF23)) -> 33805.703 | BI23: 23572.05 | BJ23: 49143.056 | BK23: 10378.577 | BL23: =+IF(BI23="N/A","N/A",MIN(BI23:BK23)) -> 10378.577 | BM23: =+IF(BI23="N/A","N/A",ROUND(AVERAGE(BI23:BK23),0)) -> 27698 | BN23: =+IF(BL23="N/A","N/A",AVERAGE(BL23:BM23)) -> 19038.289 | BP23: 24856.847 | BQ23: 48792.24 | BR23: 10944.263 | BS23: =+IF(BP23="N/A","N/A",MIN(BP23:BR23)) -> 10944.263 | BT23: =+IF(BP23="N/A","N/A",ROUND(AVERAGE(BP23:BR23),0)) -> 28198 | BU23: =+IF(BS23="N/A","N/A",AVERAGE(BS23:BT23)) -> 19571.131 | BW23: 26686.727 | BX23: 56111.076 | BY23: 11749.944 | BZ23: =+IF(BW23="N/A","N/A",MIN(BW23:BY23)) -> 11749.944 | CA23: =+IF(BW23="N/A","N/A",ROUND(AVERAGE(BW23:BY23),0)) -> 31516 | CB23: =+IF(BZ23="N/A","N/A",AVERAGE(BZ23:CA23)) -> 21632.972 | CD23: 47945.641 | CE23: 64868.834 | CF23: 21110.066 | CG23: =+IF(CD23="N/A","N/A",MIN(CD23:CF23)) -> 21110.066 | CH23: =+IF(CD23="N/A","N/A",ROUND(AVERAGE(CD23:CF23),0)) -> 44642 | CI23: =+IF(CG23="N/A","N/A",AVERAGE(CG23:CH23)) -> 32876.033 | CK23: 52166.16 | CL23: 54766.8 | CM23: 22968.326 | CN23: =+IF(CK23="N/A","N/A",MIN(CK23:CM23)) -> 22968.326 | CO23: =+IF(CK23="N/A","N/A",ROUND(AVERAGE(CK23:CM23),0)) -> 43300 | CP23: =+IF(CN23="N/A","N/A",AVERAGE(CN23:CO23)) -> 33134.163 | CR23: 55322.028 | CS23: 59695.812 | CT23: 24357.828 | CU23: =+IF(CR23="N/A","N/A",MIN(CR23:CT23)) -> 24357.828 | CV23: =+IF(CR23="N/A","N/A",ROUND(AVERAGE(CR23:CT23),0)) -> 46459 | CW23: =+IF(CU23="N/A","N/A",AVERAGE(CU23:CV23)) -> 35408.414 | CY23: 44432.928 | CZ23: 58501.896 | DA23: 19563.448 | DB23: =+IF(CY23="N/A","N/A",MIN(CY23:DA23)) -> 19563.448 | DC23: =+IF(CY23="N/A","N/A",ROUND(AVERAGE(CY23:DA23),0)) -> 40833 | DD23: =+IF(DB23="N/A","N/A",AVERAGE(DB23:DC23)) -> 30198.224 | DF23: 22321.284 | DG23: 57331.858 | DH23: 9827.8752 | DI23: =+IF(DF23="N/A","N/A",MIN(DF23:DH23)) -> 9827.8752 | DJ23: =+IF(DF23="N/A","N/A",ROUND(AVERAGE(DF23:DH23),0)) -> 29827 | DK23: =+IF(DI23="N/A","N/A",AVERAGE(DI23:DJ23)) -> 19827.438 | DM23: 38246.342 | DN23: 66504.955 | DO23: 16839.546 | DP23: =+IF(DM23="N/A","N/A",MIN(DM23:DO23)) -> 16839.546 | DQ23: =+IF(DM23="N/A","N/A",ROUND(AVERAGE(DM23:DO23),0)) -> 40530 | DR23: =+IF(DP23="N/A","N/A",AVERAGE(DP23:DQ23)) -> 28684.773 | DT23: 24563.43 | DU23: 85791.392 | DV23: 10815.074 | DW23: =+IF(DT23="N/A","N/A",MIN(DT23:DV23)) -> 10815.074 | DX23: =+IF(DT23="N/A","N/A",ROUND(AVERAGE(DT23:DV23),0)) -> 40390 | DY23: =+IF(DW23="N/A","N/A",AVERAGE(DW23:DX23)) -> 25602.537 | EA23: 21221.446 | EB23: 57331.858 | EC23: 9343.6259 | ED23: =+IF(EA23="N/A","N/A",MIN(EA23:EC23)) -> 9343.6259 | EE23: =+IF(EA23="N/A","N/A",ROUND(AVERAGE(EA23:EC23),0)) -> 29299 | EF23: =+IF(ED23="N/A","N/A",AVERAGE(ED23:EE23)) -> 19321.313 | EH23: 45670.245 | EI23: 72238.141 | EJ23: 20108.228 | EK23: =+IF(EH23="N/A","N/A",MIN(EH23:EJ23)) -> 20108.228 | EL23: =+IF(EH23="N/A","N/A",ROUND(AVERAGE(EH23:EJ23),0)) -> 46006 | EM23: =+IF(EK23="N/A","N/A",AVERAGE(EK23:EL23)) -> 33057.114 | EO23: 55533.403 | EP23: 122082.46 | EQ23: 24450.895 | ER23: =+IF(EO23="N/A","N/A",MIN(EO23:EQ23)) -> 24450.895 | ES23: =+IF(EO23="N/A","N/A",ROUND(AVERAGE(EO23:EQ23),0)) -> 67356 | ET23: =+IF(ER23="N/A","N/A",AVERAGE(ER23:ES23)) -> 45903.447 | EV23: 54330.731 | EW23: 118419.98 | EX23: 23921.368 | EY23: =+IF(EV23="N/A","N/A",MIN(EV23:EX23)) -> 23921.368 | EZ23: =+IF(EV23="N/A","N/A",ROUND(AVERAGE(EV23:EX23),0)) -> 65557 | FA23: =+IF(EY23="N/A","N/A",AVERAGE(EY23:EZ23)) -> 44739.184
A24: 12 | B24: Filtro Aire | C24: 1 | E24: 49784.479 | F24: 85909 | G24: 21919.691 | H24: =+IF(E24="N/A","N/A",MIN(E24:G24)) -> 21919.691 | I24: =+IF(E24="N/A","N/A",ROUND(AVERAGE(E24:G24),0)) -> 52538 | J24: =+IF(H24="N/A","N/A",AVERAGE(H24:I24)) -> 37228.846 | L24: 51526.936 | M24: 85909 | N24: N/A | O24: =+IF(L24="N/A","N/A",MIN(L24:N24)) -> 51526.936 | P24: =+IF(L24="N/A","N/A",ROUND(AVERAGE(L24:N24),0)) -> 68718 | Q24: =+IF(O24="N/A","N/A",AVERAGE(O24:P24)) -> 60122.468 | S24: 43135.992 | T24: 73881.74 | U24: 18992.418 | V24: =+IF(S24="N/A","N/A",MIN(S24:U24)) -> 18992.418 | W24: =+IF(S24="N/A","N/A",ROUND(AVERAGE(S24:U24),0)) -> 45337 | X24: =+IF(V24="N/A","N/A",AVERAGE(V24:W24)) -> 32164.709 | Z24: 105705.27 | AA24: 163227.1 | AB24: 46541.15 | AC24: =+IF(Z24="N/A","N/A",MIN(Z24:AB24)) -> 46541.15 | AD24: =+IF(Z24="N/A","N/A",ROUND(AVERAGE(Z24:AB24),0)) -> 105158 | AE24: =+IF(AC24="N/A","N/A",AVERAGE(AC24:AD24)) -> 75849.575 | AG24: 75055.17 | AH24: 81613.55 | AI24: 33046.166 | AJ24: =+IF(AG24="N/A","N/A",MIN(AG24:AI24)) -> 33046.166 | AK24: =+IF(AG24="N/A","N/A",ROUND(AVERAGE(AG24:AI24),0)) -> 63238 | AL24: =+IF(AJ24="N/A","N/A",AVERAGE(AJ24:AK24)) -> 48142.083 | AN24: 51417.103 | AO24: 79981.279 | AP24: 22638.522 | AQ24: =+IF(AN24="N/A","N/A",MIN(AN24:AP24)) -> 22638.522 | AR24: =+IF(AN24="N/A","N/A",ROUND(AVERAGE(AN24:AP24),0)) -> 51346 | AS24: =+IF(AQ24="N/A","N/A",AVERAGE(AQ24:AR24)) -> 36992.261 | AU24: 52956.704 | AV24: 91178.658 | AW24: 23316.396 | AX24: =+IF(AU24="N/A","N/A",MIN(AU24:AW24)) -> 23316.396 | AY24: =+IF(AU24="N/A","N/A",ROUND(AVERAGE(AU24:AW24),0)) -> 55817 | AZ24: =+IF(AX24="N/A","N/A",AVERAGE(AX24:AY24)) -> 39566.698 | BB24: 75660.249 | BC24: 173020.73 | BD24: 33312.577 | BE24: =+IF(BB24="N/A","N/A",MIN(BB24:BD24)) -> 33312.577 | BF24: =+IF(BB24="N/A","N/A",ROUND(AVERAGE(BB24:BD24),0)) -> 93998 | BG24: =+IF(BE24="N/A","N/A",AVERAGE(BE24:BF24)) -> 63655.288 | BI24: 52616.756 | BJ24: 84796.152 | BK24: 23166.719 | BL24: =+IF(BI24="N/A","N/A",MIN(BI24:BK24)) -> 23166.719 | BM24: =+IF(BI24="N/A","N/A",ROUND(AVERAGE(BI24:BK24),0)) -> 53527 | BN24: =+IF(BL24="N/A","N/A",AVERAGE(BL24:BM24)) -> 38346.86 | BP24: 54470.046 | BQ24: 84190.82 | BR24: 23982.707 | BS24: =+IF(BP24="N/A","N/A",MIN(BP24:BR24)) -> 23982.707 | BT24: =+IF(BP24="N/A","N/A",ROUND(AVERAGE(BP24:BR24),0)) -> 54215 | BU24: =+IF(BS24="N/A","N/A",AVERAGE(BS24:BT24)) -> 39098.854 | BW24: 57449.834 | BX24: 96819.443 | BY24: 25294.683 | BZ24: =+IF(BW24="N/A","N/A",MIN(BW24:BY24)) -> 25294.683 | CA24: =+IF(BW24="N/A","N/A",ROUND(AVERAGE(BW24:BY24),0)) -> 59855 | CB24: =+IF(BZ24="N/A","N/A",AVERAGE(BZ24:CA24)) -> 42574.842 | CD24: 83091.497 | CE24: 111930.92 | CF24: 36584.494 | CG24: =+IF(CD24="N/A","N/A",MIN(CD24:CF24)) -> 36584.494 | CH24: =+IF(CD24="N/A","N/A",ROUND(AVERAGE(CD24:CF24),0)) -> 77202 | CI24: =+IF(CG24="N/A","N/A",AVERAGE(CG24:CH24)) -> 56893.247 | CK24: 88464.216 | CL24: 94499.9 | CM24: 38950.057 | CN24: =+IF(CK24="N/A","N/A",MIN(CK24:CM24)) -> 38950.057 | CO24: =+IF(CK24="N/A","N/A",ROUND(AVERAGE(CK24:CM24),0)) -> 73971 | CP24: =+IF(CN24="N/A","N/A",AVERAGE(CN24:CO24)) -> 56460.529 | CR24: 97908.848 | CS24: 103004.89 | CT24: 43108.45 | CU24: =+IF(CR24="N/A","N/A",MIN(CR24:CT24)) -> 43108.45 | CV24: =+IF(CR24="N/A","N/A",ROUND(AVERAGE(CR24:CT24),0)) -> 81341 | CW24: =+IF(CU24="N/A","N/A",AVERAGE(CU24:CV24)) -> 62224.725 | CY24: 75871.373 | CZ24: 100944.79 | DA24: 33405.533 | DB24: =+IF(CY24="N/A","N/A",MIN(CY24:DA24)) -> 33405.533 | DC24: =+IF(CY24="N/A","N/A",ROUND(AVERAGE(CY24:DA24),0)) -> 70074 | DD24: =+IF(DB24="N/A","N/A",AVERAGE(DB24:DC24)) -> 51739.767 | DF24: 49579.999 | DG24: 98925.897 | DH24: 21829.661 | DI24: =+IF(DF24="N/A","N/A",MIN(DF24:DH24)) -> 21829.661 | DJ24: =+IF(DF24="N/A","N/A",ROUND(AVERAGE(DF24:DH24),0)) -> 56779 | DK24: =+IF(DI24="N/A","N/A",AVERAGE(DI24:DJ24)) -> 39304.33 | DM24: 65797.098 | DN24: 114754.04 | DO24: 28969.914 | DP24: =+IF(DM24="N/A","N/A",MIN(DM24:DO24)) -> 28969.914 | DQ24: =+IF(DM24="N/A","N/A",ROUND(AVERAGE(DM24:DO24),0)) -> 69840 | DR24: =+IF(DP24="N/A","N/A",AVERAGE(DP24:DQ24)) -> 49404.957 | DT24: 53992.243 | DU24: 148032.71 | DV24: 23772.335 | DW24: =+IF(DT24="N/A","N/A",MIN(DT24:DV24)) -> 23772.335 | DX24: =+IF(DT24="N/A","N/A",ROUND(AVERAGE(DT24:DV24),0)) -> 75266 | DY24: =+IF(DW24="N/A","N/A",AVERAGE(DW24:DX24)) -> 49519.167 | EA24: 47789.017 | EB24: 98925.897 | EC24: 21041.106 | ED24: =+IF(EA24="N/A","N/A",MIN(EA24:EC24)) -> 21041.106 | EE24: =+IF(EA24="N/A","N/A",ROUND(AVERAGE(EA24:EC24),0)) -> 55919 | EF24: =+IF(ED24="N/A","N/A",AVERAGE(ED24:EE24)) -> 38480.053 | EH24: 77886.228 | EI24: 124646.63 | EJ24: 34292.657 | EK24: =+IF(EH24="N/A","N/A",MIN(EH24:EJ24)) -> 34292.657 | EL24: =+IF(EH24="N/A","N/A",ROUND(AVERAGE(EH24:EJ24),0)) -> 78942 | EM24: =+IF(EK24="N/A","N/A",AVERAGE(EK24:EL24)) -> 56617.329 | EO24: 98941.462 | EP24: 210652.81 | EQ24: 43563.101 | ER24: =+IF(EO24="N/A","N/A",MIN(EO24:EQ24)) -> 43563.101 | ES24: =+IF(EO24="N/A","N/A",ROUND(AVERAGE(EO24:EQ24),0)) -> 117719 | ET24: =+IF(ER24="N/A","N/A",AVERAGE(ER24:ES24)) -> 80641.051 | EV24: 93066.145 | EW24: 204333.22 | EX24: 40976.248 | EY24: =+IF(EV24="N/A","N/A",MIN(EV24:EX24)) -> 40976.248 | EZ24: =+IF(EV24="N/A","N/A",ROUND(AVERAGE(EV24:EX24),0)) -> 112792 | FA24: =+IF(EY24="N/A","N/A",AVERAGE(EY24:EZ24)) -> 76884.124
A25: 13 | B25: Filtro Combustible | C25: 1 | E25: 47974.529 | F25: 84909 | G25: 21122.785 | H25: =+IF(E25="N/A","N/A",MIN(E25:G25)) -> 21122.785 | I25: =+IF(E25="N/A","N/A",ROUND(AVERAGE(E25:G25),0)) -> 51335 | J25: =+IF(H25="N/A","N/A",AVERAGE(H25:I25)) -> 36228.893 | L25: 49653.638 | M25: 84909 | N25: N/A | O25: =+IF(L25="N/A","N/A",MIN(L25:N25)) -> 49653.638 | P25: =+IF(L25="N/A","N/A",ROUND(AVERAGE(L25:N25),0)) -> 67281 | Q25: =+IF(O25="N/A","N/A",AVERAGE(O25:P25)) -> 58467.319 | S25: 37780.326 | T25: 73021.74 | U25: 16634.363 | V25: =+IF(S25="N/A","N/A",MIN(S25:U25)) -> 16634.363 | W25: =+IF(S25="N/A","N/A",ROUND(AVERAGE(S25:U25),0)) -> 42479 | X25: =+IF(V25="N/A","N/A",AVERAGE(V25:W25)) -> 29556.681 | Z25: 102690.5 | AA25: 161327.1 | AB25: 45213.769 | AC25: =+IF(Z25="N/A","N/A",MIN(Z25:AB25)) -> 45213.769 | AD25: =+IF(Z25="N/A","N/A",ROUND(AVERAGE(Z25:AB25),0)) -> 103077 | AE25: =+IF(AC25="N/A","N/A",AVERAGE(AC25:AD25)) -> 74145.385 | AG25: 73323.645 | AH25: 80663.55 | AI25: 32283.79 | AJ25: =+IF(AG25="N/A","N/A",MIN(AG25:AI25)) -> 32283.79 | AK25: =+IF(AG25="N/A","N/A",ROUND(AVERAGE(AG25:AI25),0)) -> 62090 | AL25: =+IF(AJ25="N/A","N/A",AVERAGE(AJ25:AK25)) -> 47186.895 | AN25: N/A | AO25: N/A | AP25: N/A | AQ25: N/A | AR25: N/A | AS25: N/A | AU25: N/A | AV25: N/A | AW25: N/A | AX25: N/A | AY25: N/A | AZ25: N/A | BB25: 76885.001 | BC25: 171006.73 | BD25: 33851.825 | BE25: =+IF(BB25="N/A","N/A",MIN(BB25:BD25)) -> 33851.825 | BF25: =+IF(BB25="N/A","N/A",ROUND(AVERAGE(BB25:BD25),0)) -> 93915 | BG25: =+IF(BE25="N/A","N/A",AVERAGE(BE25:BF25)) -> 63883.413 | BI25: N/A | BJ25: N/A | BK25: N/A | BL25: N/A | BM25: N/A | BN25: N/A | BP25: 52258.652 | BQ25: 83210.82 | BR25: 23009.049 | BS25: =+IF(BP25="N/A","N/A",MIN(BP25:BR25)) -> 23009.049 | BT25: =+IF(BP25="N/A","N/A",ROUND(AVERAGE(BP25:BR25),0)) -> 52826 | BU25: =+IF(BS25="N/A","N/A",AVERAGE(BS25:BT25)) -> 37917.525 | BW25: 55744.486 | BX25: 95692.443 | BY25: 24543.833 | BZ25: =+IF(BW25="N/A","N/A",MIN(BW25:BY25)) -> 24543.833 | CA25: =+IF(BW25="N/A","N/A",ROUND(AVERAGE(BW25:BY25),0)) -> 58660 | CB25: =+IF(BZ25="N/A","N/A",AVERAGE(BZ25:CA25)) -> 41601.916 | CD25: N/A | CE25: N/A | CF25: N/A | CG25: N/A | CH25: N/A | CI25: N/A | CK25: 100657.19 | CL25: 93399.9 | CM25: 44318.521 | CN25: =+IF(CK25="N/A","N/A",MIN(CK25:CM25)) -> 44318.521 | CO25: =+IF(CK25="N/A","N/A",ROUND(AVERAGE(CK25:CM25),0)) -> 79459 | CP25: =+IF(CN25="N/A","N/A",AVERAGE(CN25:CO25)) -> 61888.761 | CR25: 109235.26 | CS25: 101805.89 | CT25: 48095.373 | CU25: =+IF(CR25="N/A","N/A",MIN(CR25:CT25)) -> 48095.373 | CV25: =+IF(CR25="N/A","N/A",ROUND(AVERAGE(CR25:CT25),0)) -> 86379 | CW25: =+IF(CU25="N/A","N/A",AVERAGE(CU25:CV25)) -> 67237.186 | CY25: 85925.75 | CZ25: 99769.773 | DA25: 37832.392 | DB25: =+IF(CY25="N/A","N/A",MIN(CY25:DA25)) -> 37832.392 | DC25: =+IF(CY25="N/A","N/A",ROUND(AVERAGE(CY25:DA25),0)) -> 74509 | DD25: =+IF(DB25="N/A","N/A",AVERAGE(DB25:DC25)) -> 56170.696 | DF25: 47135.521 | DG25: 97774.378 | DH25: 20753.377 | DI25: =+IF(DF25="N/A","N/A",MIN(DF25:DH25)) -> 20753.377 | DJ25: =+IF(DF25="N/A","N/A",ROUND(AVERAGE(DF25:DH25),0)) -> 55221 | DK25: =+IF(DI25="N/A","N/A",AVERAGE(DI25:DJ25)) -> 37987.189 | DM25: 74140.6 | DN25: 113418.28 | DO25: 32643.488 | DP25: =+IF(DM25="N/A","N/A",MIN(DM25:DO25)) -> 32643.488 | DQ25: =+IF(DM25="N/A","N/A",ROUND(AVERAGE(DM25:DO25),0)) -> 73401 | DR25: =+IF(DP25="N/A","N/A",AVERAGE(DP25:DQ25)) -> 53022.244 | DT25: 51699.706 | DU25: 146309.58 | DV25: 22762.95 | DW25: =+IF(DT25="N/A","N/A",MIN(DT25:DV25)) -> 22762.95 | DX25: =+IF(DT25="N/A","N/A",ROUND(AVERAGE(DT25:DV25),0)) -> 73591 | DY25: =+IF(DW25="N/A","N/A",AVERAGE(DW25:DX25)) -> 48176.975 | EA25: N/A | EB25: N/A | EC25: N/A | ED25: N/A | EE25: N/A | EF25: N/A | EH25: 88282.78 | EI25: 196787 | EJ25: 38870.173 | EK25: =+IF(EH25="N/A","N/A",MIN(EH25:EJ25)) -> 38870.173 | EL25: =+IF(EH25="N/A","N/A",ROUND(AVERAGE(EH25:EJ25),0)) -> 107980 | EM25: =+IF(EK25="N/A","N/A",AVERAGE(EK25:EL25)) -> 73425.086 | EO25: 109637.91 | EP25: 332570.03 | EQ25: 48272.66 | ER25: =+IF(EO25="N/A","N/A",MIN(EO25:EQ25)) -> 48272.66 | ES25: =+IF(EO25="N/A","N/A",ROUND(AVERAGE(EO25:EQ25),0)) -> 163494 | ET25: =+IF(ER25="N/A","N/A",AVERAGE(ER25:ES25)) -> 105883.33 | EV25: 106040.64 | EW25: 322592.93 | EX25: 46688.812 | EY25: =+IF(EV25="N/A","N/A",MIN(EV25:EX25)) -> 46688.812 | EZ25: =+IF(EV25="N/A","N/A",ROUND(AVERAGE(EV25:EX25),0)) -> 158441 | FA25: =+IF(EY25="N/A","N/A",AVERAGE(EY25:EZ25)) -> 102564.91
A26: 14 | B26: Juego Cables De Alta | C26: 1 | E26: N/A | F26: N/A | G26: N/A | H26: N/A | I26: N/A | J26: N/A | L26: N/A | M26: N/A | N26: N/A | O26: N/A | P26: N/A | Q26: N/A | S26: N/A | T26: N/A | U26: N/A | V26: N/A | W26: N/A | X26: N/A | Z26: N/A | AA26: N/A | AB26: N/A | AC26: N/A | AD26: N/A | AE26: N/A | AG26: N/A | AH26: N/A | AI26: N/A | AJ26: N/A | AK26: N/A | AL26: N/A | AN26: N/A | AO26: N/A | AP26: N/A | AQ26: N/A | AR26: N/A | AS26: N/A | AU26: N/A | AV26: N/A | AW26: N/A | AX26: N/A | AY26: N/A | AZ26: N/A | BB26: N/A | BC26: N/A | BD26: N/A | BE26: N/A | BF26: N/A | BG26: N/A | BI26: N/A | BJ26: N/A | BK26: N/A | BL26: N/A | BM26: N/A | BN26: N/A | BP26: 204499.5 | BQ26: 296784 | BR26: 90039.426 | BS26: =+IF(BP26="N/A","N/A",MIN(BP26:BR26)) -> 90039.426 | BT26: =+IF(BP26="N/A","N/A",ROUND(AVERAGE(BP26:BR26),0)) -> 197108 | BU26: =+IF(BS26="N/A","N/A",AVERAGE(BS26:BT26)) -> 143573.71 | BW26: N/A | BX26: N/A | BY26: N/A | BZ26: N/A | CA26: N/A | CB26: N/A | CD26: N/A | CE26: N/A | CF26: N/A | CG26: N/A | CH26: N/A | CI26: N/A | CK26: N/A | CL26: N/A | CM26: N/A | CN26: N/A | CO26: N/A | CP26: N/A | CR26: N/A | CS26: N/A | CT26: N/A | CU26: N/A | CV26: N/A | CW26: N/A | CY26: N/A | CZ26: N/A | DA26: N/A | DB26: N/A | DC26: N/A | DD26: N/A | DF26: N/A | DG26: N/A | DH26: N/A | DI26: N/A | DJ26: N/A | DK26: N/A | DM26: N/A | DN26: N/A | DO26: N/A | DP26: N/A | DQ26: N/A | DR26: N/A | DT26: N/A | DU26: N/A | DV26: N/A | DW26: N/A | DX26: N/A | DY26: N/A | EA26: N/A | EB26: N/A | EC26: N/A | ED26: N/A | EE26: N/A | EF26: N/A | EH26: N/A | EI26: N/A | EJ26: N/A | EK26: N/A | EL26: N/A | EM26: N/A | EO26: N/A | EP26: N/A | EQ26: N/A | ER26: N/A | ES26: N/A | ET26: N/A | EV26: N/A | EW26: N/A | EX26: N/A | EY26: N/A | EZ26: N/A | FA26: N/A
A27: 15 | B27: Filtro De Aceite | C27: 1 | E27: 31340.737 | F27: 43879 | G27: 13799.065 | H27: =+IF(E27="N/A","N/A",MIN(E27:G27)) -> 13799.065 | I27: =+IF(E27="N/A","N/A",ROUND(AVERAGE(E27:G27),0)) -> 29673 | J27: =+IF(H27="N/A","N/A",AVERAGE(H27:I27)) -> 21736.033 | L27: 32437.663 | M27: 43879 | N27: N/A | O27: =+IF(L27="N/A","N/A",MIN(L27:N27)) -> 32437.663 | P27: =+IF(L27="N/A","N/A",ROUND(AVERAGE(L27:N27),0)) -> 38158 | Q27: =+IF(O27="N/A","N/A",AVERAGE(O27:P27)) -> 35297.832 | S27: 26035.694 | T27: 37735.94 | U27: 11463.299 | V27: =+IF(S27="N/A","N/A",MIN(S27:U27)) -> 11463.299 | W27: =+IF(S27="N/A","N/A",ROUND(AVERAGE(S27:U27),0)) -> 25078 | X27: =+IF(V27="N/A","N/A",AVERAGE(V27:W27)) -> 18270.65 | Z27: 51390.765 | AA27: 83370.1 | AB27: 22626.926 | AC27: =+IF(Z27="N/A","N/A",MIN(Z27:AB27)) -> 22626.926 | AD27: =+IF(Z27="N/A","N/A",ROUND(AVERAGE(Z27:AB27),0)) -> 52463 | AE27: =+IF(AC27="N/A","N/A",AVERAGE(AC27:AD27)) -> 37544.963 | AG27: 44023.815 | AH27: 41685.05 | AI27: 19383.319 | AJ27: =+IF(AG27="N/A","N/A",MIN(AG27:AI27)) -> 19383.319 | AK27: =+IF(AG27="N/A","N/A",ROUND(AVERAGE(AG27:AI27),0)) -> 35031 | AL27: =+IF(AJ27="N/A","N/A",AVERAGE(AJ27:AK27)) -> 27207.159 | AN27: 29419.482 | AO27: 40851.349 | AP27: 12953.153 | AQ27: =+IF(AN27="N/A","N/A",MIN(AN27:AP27)) -> 12953.153 | AR27: =+IF(AN27="N/A","N/A",ROUND(AVERAGE(AN27:AP27),0)) -> 27741 | AS27: =+IF(AQ27="N/A","N/A",AVERAGE(AQ27:AR27)) -> 20347.076 | AU27: 29828.593 | AV27: 46570.538 | AW27: 13133.281 | AX27: =+IF(AU27="N/A","N/A",MIN(AU27:AW27)) -> 13133.281 | AY27: =+IF(AU27="N/A","N/A",ROUND(AVERAGE(AU27:AW27),0)) -> 29844 | AZ27: =+IF(AX27="N/A","N/A",AVERAGE(AX27:AY27)) -> 21488.64 | BB27: 42341.324 | BC27: 88372.306 | BD27: 18642.532 | BE27: =+IF(BB27="N/A","N/A",MIN(BB27:BD27)) -> 18642.532 | BF27: =+IF(BB27="N/A","N/A",ROUND(AVERAGE(BB27:BD27),0)) -> 49785 | BG27: =+IF(BE27="N/A","N/A",AVERAGE(BE27:BF27)) -> 34213.766 | BI27: 29570.853 | BJ27: 43310.6 | BK27: 13019.8 | BL27: =+IF(BI27="N/A","N/A",MIN(BI27:BK27)) -> 13019.8 | BM27: =+IF(BI27="N/A","N/A",ROUND(AVERAGE(BI27:BK27),0)) -> 28634 | BN27: =+IF(BL27="N/A","N/A",AVERAGE(BL27:BM27)) -> 20826.9 | BP27: 31336.809 | BQ27: 43001.42 | BR27: 13797.336 | BS27: =+IF(BP27="N/A","N/A",MIN(BP27:BR27)) -> 13797.336 | BT27: =+IF(BP27="N/A","N/A",ROUND(AVERAGE(BP27:BR27),0)) -> 29379 | BU27: =+IF(BS27="N/A","N/A",AVERAGE(BS27:BT27)) -> 21588.168 | BW27: 33596.007 | BX27: 49451.633 | BY27: 14792.042 | BZ27: =+IF(BW27="N/A","N/A",MIN(BW27:BY27)) -> 14792.042 | CA27: =+IF(BW27="N/A","N/A",ROUND(AVERAGE(BW27:BY27),0)) -> 32613 | CB27: =+IF(BZ27="N/A","N/A",AVERAGE(BZ27:CA27)) -> 23702.521 | CD27: 45675.706 | CE27: 57169.992 | CF27: 20110.633 | CG27: =+IF(CD27="N/A","N/A",MIN(CD27:CF27)) -> 20110.633 | CH27: =+IF(CD27="N/A","N/A",ROUND(AVERAGE(CD27:CF27),0)) -> 40985 | CI27: =+IF(CG27="N/A","N/A",AVERAGE(CG27:CH27)) -> 30547.816 | CK27: 47412.612 | CL27: 48266.9 | CM27: 20875.378 | CN27: =+IF(CK27="N/A","N/A",MIN(CK27:CM27)) -> 20875.378 | CO27: =+IF(CK27="N/A","N/A",ROUND(AVERAGE(CK27:CM27),0)) -> 38852 | CP27: =+IF(CN27="N/A","N/A",AVERAGE(CN27:CO27)) -> 29863.689 | CR27: 49799.504 | CS27: 52610.921 | CT27: 21926.307 | CU27: =+IF(CR27="N/A","N/A",MIN(CR27:CT27)) -> 21926.307 | CV27: =+IF(CR27="N/A","N/A",ROUND(AVERAGE(CR27:CT27),0)) -> 41446 | CW27: =+IF(CU27="N/A","N/A",AVERAGE(CU27:CV27)) -> 31686.153 | CY27: 44230.09 | CZ27: 51558.703 | DA27: 19474.14 | DB27: =+IF(CY27="N/A","N/A",MIN(CY27:DA27)) -> 19474.14 | DC27: =+IF(CY27="N/A","N/A",ROUND(AVERAGE(CY27:DA27),0)) -> 38421 | DD27: =+IF(DB27="N/A","N/A",AVERAGE(DB27:DC27)) -> 28947.57 | DF27: 28026.637 | DG27: 50527.529 | DH27: 12339.895 | DI27: =+IF(DF27="N/A","N/A",MIN(DF27:DH27)) -> 12339.895 | DJ27: =+IF(DF27="N/A","N/A",ROUND(AVERAGE(DF27:DH27),0)) -> 30298 | DK27: =+IF(DI27="N/A","N/A",AVERAGE(DI27:DJ27)) -> 21318.947 | DM27: 41052.215 | DN27: 58611.933 | DO27: 18074.948 | DP27: =+IF(DM27="N/A","N/A",MIN(DM27:DO27)) -> 18074.948 | DQ27: =+IF(DM27="N/A","N/A",ROUND(AVERAGE(DM27:DO27),0)) -> 39246 | DR27: =+IF(DP27="N/A","N/A",AVERAGE(DP27:DQ27)) -> 28660.474 | DT27: 30974.552 | DU27: 75609.394 | DV27: 13637.837 | DW27: =+IF(DT27="N/A","N/A",MIN(DT27:DV27)) -> 13637.837 | DX27: =+IF(DT27="N/A","N/A",ROUND(AVERAGE(DT27:DV27),0)) -> 40074 | DY27: =+IF(DW27="N/A","N/A",AVERAGE(DW27:DX27)) -> 26855.919 | EA27: 26668.761 | EB27: 50527.529 | EC27: 11742.033 | ED27: =+IF(EA27="N/A","N/A",MIN(EA27:EC27)) -> 11742.033 | EE27: =+IF(EA27="N/A","N/A",ROUND(AVERAGE(EA27:EC27),0)) -> 29646 | EF27: =+IF(ED27="N/A","N/A",AVERAGE(ED27:EE27)) -> 20694.017 | EH27: 44739.293 | EI27: 63664.686 | EJ27: 19698.338 | EK27: =+IF(EH27="N/A","N/A",MIN(EH27:EJ27)) -> 19698.338 | EL27: =+IF(EH27="N/A","N/A",ROUND(AVERAGE(EH27:EJ27),0)) -> 42701 | EM27: =+IF(EK27="N/A","N/A",AVERAGE(EK27:EL27)) -> 31199.669 | EO27: 59060.471 | EP27: 107593.32 | EQ27: 26003.833 | ER27: =+IF(EO27="N/A","N/A",MIN(EO27:EQ27)) -> 26003.833 | ES27: =+IF(EO27="N/A","N/A",ROUND(AVERAGE(EO27:EQ27),0)) -> 64219 | ET27: =+IF(ER27="N/A","N/A",AVERAGE(ER27:ES27)) -> 45111.417 | EV27: 57575.633 | EW27: 104365.52 | EX27: 25350.071 | EY27: =+IF(EV27="N/A","N/A",MIN(EV27:EX27)) -> 25350.071 | EZ27: =+IF(EV27="N/A","N/A",ROUND(AVERAGE(EV27:EX27),0)) -> 62430 | FA27: =+IF(EY27="N/A","N/A",AVERAGE(EY27:EZ27)) -> 43890.036
A28: 16 | B28: Filtro Trampa | C28: 1 | E28: 59717.583 | F28: 96772 | G28: 26293.154 | H28: =+IF(E28="N/A","N/A",MIN(E28:G28)) -> 26293.154 | I28: =+IF(E28="N/A","N/A",ROUND(AVERAGE(E28:G28),0)) -> 60928 | J28: =+IF(H28="N/A","N/A",AVERAGE(H28:I28)) -> 43610.577 | L28: 61807.699 | M28: 96772 | N28: N/A | O28: =+IF(L28="N/A","N/A",MIN(L28:N28)) -> 61807.699 | P28: =+IF(L28="N/A","N/A",ROUND(AVERAGE(L28:N28),0)) -> 79290 | Q28: =+IF(O28="N/A","N/A",AVERAGE(O28:P28)) -> 70548.849 | S28: N/A | T28: N/A | U28: N/A | V28: N/A | W28: N/A | X28: N/A | Z28: 78026.085 | AA28: 183866.8 | AB28: 34354.235 | AC28: =+IF(Z28="N/A","N/A",MIN(Z28:AB28)) -> 34354.235 | AD28: =+IF(Z28="N/A","N/A",ROUND(AVERAGE(Z28:AB28),0)) -> 98749 | AE28: =+IF(AC28="N/A","N/A",AVERAGE(AC28:AD28)) -> 66551.618 | AG28: 64127.535 | AH28: 91933.4 | AI28: 28234.819 | AJ28: =+IF(AG28="N/A","N/A",MIN(AG28:AI28)) -> 28234.819 | AK28: =+IF(AG28="N/A","N/A",ROUND(AVERAGE(AG28:AI28),0)) -> 61432 | AL28: =+IF(AJ28="N/A","N/A",AVERAGE(AJ28:AK28)) -> 44833.41 | AN28: N/A | AO28: N/A | AP28: N/A | AQ28: N/A | AR28: N/A | AS28: N/A | AU28: N/A | AV28: N/A | AW28: N/A | AX28: N/A | AY28: N/A | AZ28: N/A | BB28: 68755.245 | BC28: 194898.81 | BD28: 30272.361 | BE28: =+IF(BB28="N/A","N/A",MIN(BB28:BD28)) -> 30272.361 | BF28: =+IF(BB28="N/A","N/A",ROUND(AVERAGE(BB28:BD28),0)) -> 97975 | BG28: =+IF(BE28="N/A","N/A",AVERAGE(BE28:BF28)) -> 64123.681 | BI28: N/A | BJ28: N/A | BK28: N/A | BL28: N/A | BM28: N/A | BN28: N/A | BP28: N/A | BQ28: N/A | BR28: N/A | BS28: N/A | BT28: N/A | BU28: N/A | BW28: 66979.937 | BX28: 147898 | BY28: 29490.708 | BZ28: =+IF(BW28="N/A","N/A",MIN(BW28:BY28)) -> 29490.708 | CA28: =+IF(BW28="N/A","N/A",ROUND(AVERAGE(BW28:BY28),0)) -> 81456 | CB28: =+IF(BZ28="N/A","N/A",AVERAGE(BZ28:CA28)) -> 55473.354 | CD28: N/A | CE28: N/A | CF28: N/A | CG28: N/A | CH28: N/A | CI28: N/A | CK28: 70520.868 | CL28: 106449.2 | CM28: 31049.751 | CN28: =+IF(CK28="N/A","N/A",MIN(CK28:CM28)) -> 31049.751 | CO28: =+IF(CK28="N/A","N/A",ROUND(AVERAGE(CK28:CM28),0)) -> 69340 | CP28: =+IF(CN28="N/A","N/A",AVERAGE(CN28:CO28)) -> 50194.875 | CR28: 75023.998 | CS28: 116029.63 | CT28: 33032.441 | CU28: =+IF(CR28="N/A","N/A",MIN(CR28:CT28)) -> 33032.441 | CV28: =+IF(CR28="N/A","N/A",ROUND(AVERAGE(CR28:CT28),0)) -> 74695 | CW28: =+IF(CU28="N/A","N/A",AVERAGE(CU28:CV28)) -> 53863.721 | CY28: 64516.694 | CZ28: 113709.04 | DA28: 28406.163 | DB28: =+IF(CY28="N/A","N/A",MIN(CY28:DA28)) -> 28406.163 | DC28: =+IF(CY28="N/A","N/A",ROUND(AVERAGE(CY28:DA28),0)) -> 68877 | DD28: =+IF(DB28="N/A","N/A",AVERAGE(DB28:DC28)) -> 48641.581 | DF28: N/A | DG28: N/A | DH28: N/A | DI28: N/A | DJ28: N/A | DK28: N/A | DM28: N/A | DN28: N/A | DO28: N/A | DP28: N/A | DQ28: N/A | DR28: N/A | DT28: 52946.694 | DU28: 196784 | DV28: 23311.988 | DW28: =+IF(DT28="N/A","N/A",MIN(DT28:DV28)) -> 23311.988 | DX28: =+IF(DT28="N/A","N/A",ROUND(AVERAGE(DT28:DV28),0)) -> 91014 | DY28: =+IF(DW28="N/A","N/A",AVERAGE(DW28:DX28)) -> 57162.994 | EA28: N/A | EB28: N/A | EC28: N/A | ED28: N/A | EE28: N/A | EF28: N/A | EH28: 54000 | EI28: 137898 | EJ28: 23775.75 | EK28: =+IF(EH28="N/A","N/A",MIN(EH28:EJ28)) -> 23775.75 | EL28: =+IF(EH28="N/A","N/A",ROUND(AVERAGE(EH28:EJ28),0)) -> 71891 | EM28: =+IF(EK28="N/A","N/A",AVERAGE(EK28:EL28)) -> 47833.375 | EO28: 72922.537 | EP28: 233047.62 | EQ28: 32107.186 | ER28: =+IF(EO28="N/A","N/A",MIN(EO28:EQ28)) -> 32107.186 | ES28: =+IF(EO28="N/A","N/A",ROUND(AVERAGE(EO28:EQ28),0)) -> 112692 | ET28: =+IF(ER28="N/A","N/A",AVERAGE(ER28:ES28)) -> 72399.593 | EV28: 70328.734 | EW28: 226056.19 | EX28: 30965.156 | EY28: =+IF(EV28="N/A","N/A",MIN(EV28:EX28)) -> 30965.156 | EZ28: =+IF(EV28="N/A","N/A",ROUND(AVERAGE(EV28:EX28),0)) -> 109117 | FA28: =+IF(EY28="N/A","N/A",AVERAGE(EY28:EZ28)) -> 70041.078
A29: 17 | B29: Inyector | C29: 1 | E29: 676799.67 | F29: 978341 | G29: 297989.25 | H29: =+IF(E29="N/A","N/A",MIN(E29:G29)) -> 297989.25 | I29: =+IF(E29="N/A","N/A",ROUND(AVERAGE(E29:G29),0)) -> 651043 | J29: =+IF(H29="N/A","N/A",AVERAGE(H29:I29)) -> 474516.13 | L29: 700487.66 | M29: 978341 | N29: N/A | O29: =+IF(L29="N/A","N/A",MIN(L29:N29)) -> 700487.66 | P29: =+IF(L29="N/A","N/A",ROUND(AVERAGE(L29:N29),0)) -> 839414 | Q29: =+IF(O29="N/A","N/A",AVERAGE(O29:P29)) -> 769950.83 | S29: 598325.19 | T29: 841373.26 | U29: 263437.6 | V29: =+IF(S29="N/A","N/A",MIN(S29:U29)) -> 263437.6 | W29: =+IF(S29="N/A","N/A",ROUND(AVERAGE(S29:U29),0)) -> 567712 | X29: =+IF(V29="N/A","N/A",AVERAGE(V29:W29)) -> 415574.8 | Z29: 1419915.4 | AA29: 1858847.9 | AB29: 625176.92 | AC29: =+IF(Z29="N/A","N/A",MIN(Z29:AB29)) -> 625176.92 | AD29: =+IF(Z29="N/A","N/A",ROUND(AVERAGE(Z29:AB29),0)) -> 1301313 | AE29: =+IF(AC29="N/A","N/A",AVERAGE(AC29:AD29)) -> 963244.96 | AG29: 1038465.3 | AH29: 929423.95 | AI29: 457227.6 | AJ29: =+IF(AG29="N/A","N/A",MIN(AG29:AI29)) -> 457227.6 | AK29: =+IF(AG29="N/A","N/A",ROUND(AVERAGE(AG29:AI29),0)) -> 808372 | AL29: =+IF(AJ29="N/A","N/A",AVERAGE(AJ29:AK29)) -> 632799.8 | AN29: 738662.23 | AO29: 910835.47 | AP29: 325226.82 | AQ29: =+IF(AN29="N/A","N/A",MIN(AN29:AP29)) -> 325226.82 | AR29: =+IF(AN29="N/A","N/A",ROUND(AVERAGE(AN29:AP29),0)) -> 658242 | AS29: =+IF(AQ29="N/A","N/A",AVERAGE(AQ29:AR29)) -> 491734.41 | AU29: 725723.3 | AV29: 1038352.4 | AW29: 319529.92 | AX29: =+IF(AU29="N/A","N/A",MIN(AU29:AW29)) -> 319529.92 | AY29: =+IF(AU29="N/A","N/A",ROUND(AVERAGE(AU29:AW29),0)) -> 694535 | AZ29: =+IF(AX29="N/A","N/A",AVERAGE(AX29:AY29)) -> 507032.46 | BB29: 915116.46 | BC29: 1970378.8 | BD29: 402918.15 | BE29: =+IF(BB29="N/A","N/A",MIN(BB29:BD29)) -> 402918.15 | BF29: =+IF(BB29="N/A","N/A",ROUND(AVERAGE(BB29:BD29),0)) -> 1096138 | BG29: =+IF(BE29="N/A","N/A",AVERAGE(BE29:BF29)) -> 749528.08 | BI29: 721274.83 | BJ29: 965667.77 | BK29: 317571.29 | BL29: =+IF(BI29="N/A","N/A",MIN(BI29:BK29)) -> 317571.29 | BM29: =+IF(BI29="N/A","N/A",ROUND(AVERAGE(BI29:BK29),0)) -> 668171 | BN29: =+IF(BL29="N/A","N/A",AVERAGE(BL29:BM29)) -> 492871.15 | BP29: 780076.35 | BQ29: 958774.18 | BR29: 343461.12 | BS29: =+IF(BP29="N/A","N/A",MIN(BP29:BR29)) -> 343461.12 | BT29: =+IF(BP29="N/A","N/A",ROUND(AVERAGE(BP29:BR29),0)) -> 694104 | BU29: =+IF(BS29="N/A","N/A",AVERAGE(BS29:BT29)) -> 518782.56 | BW29: 819069.03 | BX29: 1102590.3 | BY29: 360629.27 | BZ29: =+IF(BW29="N/A","N/A",MIN(BW29:BY29)) -> 360629.27 | CA29: =+IF(BW29="N/A","N/A",ROUND(AVERAGE(BW29:BY29),0)) -> 760763 | CB29: =+IF(BZ29="N/A","N/A",AVERAGE(BZ29:CA29)) -> 560696.14 | CD29: 1123997.8 | CE29: 1274681.5 | CF29: 494886.87 | CG29: =+IF(CD29="N/A","N/A",MIN(CD29:CF29)) -> 494886.87 | CH29: =+IF(CD29="N/A","N/A",ROUND(AVERAGE(CD29:CF29),0)) -> 964522 | CI29: =+IF(CG29="N/A","N/A",AVERAGE(CG29:CH29)) -> 729704.44 | CK29: 1243932.3 | CL29: 1076175.1 | CM29: 547693.04 | CN29: =+IF(CK29="N/A","N/A",MIN(CK29:CM29)) -> 547693.04 | CO29: =+IF(CK29="N/A","N/A",ROUND(AVERAGE(CK29:CM29),0)) -> 955933 | CP29: =+IF(CN29="N/A","N/A",AVERAGE(CN29:CO29)) -> 751813.02 | CR29: 1367522.2 | CS29: 1173030.9 | CT29: 602108.62 | CU29: =+IF(CR29="N/A","N/A",MIN(CR29:CT29)) -> 602108.62 | CV29: =+IF(CR29="N/A","N/A",ROUND(AVERAGE(CR29:CT29),0)) -> 1047554 | CW29: =+IF(CU29="N/A","N/A",AVERAGE(CU29:CV29)) -> 824831.31 | CY29: 1079145.9 | CZ29: 1149570.2 | DA29: 475138.93 | DB29: =+IF(CY29="N/A","N/A",MIN(CY29:DA29)) -> 475138.93 | DC29: =+IF(CY29="N/A","N/A",ROUND(AVERAGE(CY29:DA29),0)) -> 901285 | DD29: =+IF(DB29="N/A","N/A",AVERAGE(DB29:DC29)) -> 688211.96 | DF29: 714622.39 | DG29: 1126578.8 | DH29: 314642.29 | DI29: =+IF(DF29="N/A","N/A",MIN(DF29:DH29)) -> 314642.29 | DJ29: =+IF(DF29="N/A","N/A",ROUND(AVERAGE(DF29:DH29),0)) -> 718615 | DK29: =+IF(DI29="N/A","N/A",AVERAGE(DI29:DJ29)) -> 516628.64 | DM29: 947316.69 | DN29: 1306831.5 | DO29: 417095.64 | DP29: =+IF(DM29="N/A","N/A",MIN(DM29:DO29)) -> 417095.64 | DQ29: =+IF(DM29="N/A","N/A",ROUND(AVERAGE(DM29:DO29),0)) -> 890415 | DR29: =+IF(DP29="N/A","N/A",AVERAGE(DP29:DQ29)) -> 653755.32 | DT29: 773823.96 | DU29: 1685812.6 | DV29: 340708.24 | DW29: =+IF(DT29="N/A","N/A",MIN(DT29:DV29)) -> 340708.24 | DX29: =+IF(DT29="N/A","N/A",ROUND(AVERAGE(DT29:DV29),0)) -> 933448 | DY29: =+IF(DW29="N/A","N/A",AVERAGE(DW29:DX29)) -> 637078.12 | EA29: 691186.1 | EB29: 1126578.8 | EC29: 304323.48 | ED29: =+IF(EA29="N/A","N/A",MIN(EA29:EC29)) -> 304323.48 | EE29: =+IF(EA29="N/A","N/A",ROUND(AVERAGE(EA29:EC29),0)) -> 707363 | EF29: =+IF(ED29="N/A","N/A",AVERAGE(ED29:EE29)) -> 505843.24 | EH29: 1105511.7 | EI29: 1419489.3 | EJ29: 486747.59 | EK29: =+IF(EH29="N/A","N/A",MIN(EH29:EJ29)) -> 486747.59 | EL29: =+IF(EH29="N/A","N/A",ROUND(AVERAGE(EH29:EJ29),0)) -> 1003916 | EM29: =+IF(EK29="N/A","N/A",AVERAGE(EK29:EL29)) -> 745331.79 | EO29: 1381034.7 | EP29: 2398937 | EQ29: 608058.05 | ER29: =+IF(EO29="N/A","N/A",MIN(EO29:EQ29)) -> 608058.05 | ES29: =+IF(EO29="N/A","N/A",ROUND(AVERAGE(EO29:EQ29),0)) -> 1462677 | ET29: =+IF(ER29="N/A","N/A",AVERAGE(ER29:ES29)) -> 1035367.5 | EV29: 1304151.9 | EW29: 2326968.9 | EX29: 574207.21 | EY29: =+IF(EV29="N/A","N/A",MIN(EV29:EX29)) -> 574207.21 | EZ29: =+IF(EV29="N/A","N/A",ROUND(AVERAGE(EV29:EX29),0)) -> 1401776 | FA29: =+IF(EY29="N/A","N/A",AVERAGE(EY29:EZ29)) -> 987991.6
A30: 18 | B30: Bomba De Inyección | C30: 1 | E30: 9087811.4 | F30: 12967341 | G30: 4001287.6 | H30: =+IF(E30="N/A","N/A",MIN(E30:G30)) -> 4001287.6 | I30: =+IF(E30="N/A","N/A",ROUND(AVERAGE(E30:G30),0)) -> 8685480 | J30: =+IF(H30="N/A","N/A",AVERAGE(H30:I30)) -> 6343383.8 | L30: 9405884.7 | M30: 12967341 | N30: N/A | O30: =+IF(L30="N/A","N/A",MIN(L30:N30)) -> 9405884.7 | P30: =+IF(L30="N/A","N/A",ROUND(AVERAGE(L30:N30),0)) -> 11186613 | Q30: =+IF(O30="N/A","N/A",AVERAGE(O30:P30)) -> 10296249 | S30: N/A | T30: N/A | U30: N/A | V30: N/A | W30: N/A | X30: N/A | Z30: 7200000 | AA30: 24637948 | AB30: 3170100 | AC30: =+IF(Z30="N/A","N/A",MIN(Z30:AB30)) -> 3170100 | AD30: =+IF(Z30="N/A","N/A",ROUND(AVERAGE(Z30:AB30),0)) -> 11669349 | AE30: =+IF(AC30="N/A","N/A",AVERAGE(AC30:AD30)) -> 7419724.5 | AG30: 7200000 | AH30: 12318974 | AI30: 3170100 | AJ30: =+IF(AG30="N/A","N/A",MIN(AG30:AI30)) -> 3170100 | AK30: =+IF(AG30="N/A","N/A",ROUND(AVERAGE(AG30:AI30),0)) -> 7563025 | AL30: =+IF(AJ30="N/A","N/A",AVERAGE(AJ30:AK30)) -> 5366562.5 | AN30: N/A | AO30: N/A | AP30: N/A | AQ30: N/A | AR30: N/A | AS30: N/A | AU30: N/A | AV30: N/A | AW30: N/A | AX30: N/A | AY30: N/A | AZ30: N/A | BB30: 7028760.4 | BC30: 26116225 | BD30: 3094704.6 | BE30: =+IF(BB30="N/A","N/A",MIN(BB30:BD30)) -> 3094704.6 | BF30: =+IF(BB30="N/A","N/A",ROUND(AVERAGE(BB30:BD30),0)) -> 12079897 | BG30: =+IF(BE30="N/A","N/A",AVERAGE(BE30:BF30)) -> 7587300.8 | BI30: N/A | BJ30: N/A | BK30: N/A | BL30: N/A | BM30: N/A | BN30: N/A | BP30: N/A | BQ30: N/A | BR30: N/A | BS30: N/A | BT30: N/A | BU30: N/A | BW30: 9398897 | BX30: 17898332 | BY30: 4138256 | BZ30: =+IF(BW30="N/A","N/A",MIN(BW30:BY30)) -> 4138256 | CA30: =+IF(BW30="N/A","N/A",ROUND(AVERAGE(BW30:BY30),0)) -> 10478495 | CB30: =+IF(BZ30="N/A","N/A",AVERAGE(BZ30:CA30)) -> 7308375.5 | CD30: N/A | CE30: N/A | CF30: N/A | CG30: N/A | CH30: N/A | CI30: N/A | CK30: 9676663.2 | CL30: 14264075 | CM30: 4260554.2 | CN30: =+IF(CK30="N/A","N/A",MIN(CK30:CM30)) -> 4260554.2 | CO30: =+IF(CK30="N/A","N/A",ROUND(AVERAGE(CK30:CM30),0)) -> 9400431 | CP30: =+IF(CN30="N/A","N/A",AVERAGE(CN30:CO30)) -> 6830492.6 | CR30: 10318163 | CS30: 15547842 | CT30: 4543001 | CU30: =+IF(CR30="N/A","N/A",MIN(CR30:CT30)) -> 4543001 | CV30: =+IF(CR30="N/A","N/A",ROUND(AVERAGE(CR30:CT30),0)) -> 10136335 | CW30: =+IF(CU30="N/A","N/A",AVERAGE(CU30:CV30)) -> 7339668 | CY30: 8821330.6 | CZ30: 15236885 | DA30: 3883958.3 | DB30: =+IF(CY30="N/A","N/A",MIN(CY30:DA30)) -> 3883958.3 | DC30: =+IF(CY30="N/A","N/A",ROUND(AVERAGE(CY30:DA30),0)) -> 9314058 | DD30: =+IF(DB30="N/A","N/A",AVERAGE(DB30:DC30)) -> 6599008.2 | DF30: N/A | DG30: N/A | DH30: N/A | DI30: N/A | DJ30: N/A | DK30: N/A | DM30: N/A | DN30: N/A | DO30: N/A | DP30: N/A | DQ30: N/A | DR30: N/A | DT30: 9171322.7 | DU30: 18567733 | DV30: 4038056.9 | DW30: =+IF(DT30="N/A","N/A",MIN(DT30:DV30)) -> 4038056.9 | DX30: =+IF(DT30="N/A","N/A",ROUND(AVERAGE(DT30:DV30),0)) -> 10592371 | DY30: =+IF(DW30="N/A","N/A",AVERAGE(DW30:DX30)) -> 7315214 | EA30: N/A | EB30: N/A | EC30: N/A | ED30: N/A | EE30: N/A | EF30: N/A | EH30: 7200000 | EI30: 8909909 | EJ30: 3170100 | EK30: =+IF(EH30="N/A","N/A",MIN(EH30:EJ30)) -> 3170100 | EL30: =+IF(EH30="N/A","N/A",ROUND(AVERAGE(EH30:EJ30),0)) -> 6426670 | EM30: =+IF(EK30="N/A","N/A",AVERAGE(EK30:EL30)) -> 4798385 | EO30: 11380496 | EP30: 15057746 | EQ30: 5010737.8 | ER30: =+IF(EO30="N/A","N/A",MIN(EO30:EQ30)) -> 5010737.8 | ES30: =+IF(EO30="N/A","N/A",ROUND(AVERAGE(EO30:EQ30),0)) -> 10482993 | ET30: =+IF(ER30="N/A","N/A",AVERAGE(ER30:ES30)) -> 7746865.4 | EV30: 10902057 | EW30: 14606014 | EX30: 4800084.7 | EY30: =+IF(EV30="N/A","N/A",MIN(EV30:EX30)) -> 4800084.7 | EZ30: =+IF(EV30="N/A","N/A",ROUND(AVERAGE(EV30:EX30),0)) -> 10102718 | FA30: =+IF(EY30="N/A","N/A",AVERAGE(EY30:EZ30)) -> 7451401.4
A31: 19 | B31: Oring Sellos | C31: 1 | E31: 31847.237 | F31: 49093 | G31: 14022.073 | H31: =+IF(E31="N/A","N/A",MIN(E31:G31)) -> 14022.073 | I31: =+IF(E31="N/A","N/A",ROUND(AVERAGE(E31:G31),0)) -> 31654 | J31: =+IF(H31="N/A","N/A",AVERAGE(H31:I31)) -> 22838.037 | L31: 32961.891 | M31: 49093 | N31: N/A | O31: =+IF(L31="N/A","N/A",MIN(L31:N31)) -> 32961.891 | P31: =+IF(L31="N/A","N/A",ROUND(AVERAGE(L31:N31),0)) -> 41027 | Q31: =+IF(O31="N/A","N/A",AVERAGE(O31:P31)) -> 36994.445 | S31: 29616.727 | T31: 42219.98 | U31: 13039.998 | V31: =+IF(S31="N/A","N/A",MIN(S31:U31)) -> 13039.998 | W31: =+IF(S31="N/A","N/A",ROUND(AVERAGE(S31:U31),0)) -> 28292 | X31: =+IF(V31="N/A","N/A",AVERAGE(V31:W31)) -> 20665.999 | Z31: 63481.755 | AA31: 93276.7 | AB31: 27950.488 | AC31: =+IF(Z31="N/A","N/A",MIN(Z31:AB31)) -> 27950.488 | AD31: =+IF(Z31="N/A","N/A",ROUND(AVERAGE(Z31:AB31),0)) -> 61570 | AE31: =+IF(AC31="N/A","N/A",AVERAGE(AC31:AD31)) -> 44760.244 | AG31: 51081.105 | AH31: 46638.35 | AI31: 22490.585 | AJ31: =+IF(AG31="N/A","N/A",MIN(AG31:AI31)) -> 22490.585 | AK31: =+IF(AG31="N/A","N/A",ROUND(AVERAGE(AG31:AI31),0)) -> 40070 | AL31: =+IF(AJ31="N/A","N/A",AVERAGE(AJ31:AK31)) -> 31280.292 | AN31: N/A | AO31: N/A | AP31: N/A | AQ31: N/A | AR31: N/A | AS31: N/A | AU31: N/A | AV31: N/A | AW31: N/A | AX31: N/A | AY31: N/A | AZ31: N/A | BB31: 48153.971 | BC31: 98873.302 | BD31: 21201.792 | BE31: =+IF(BB31="N/A","N/A",MIN(BB31:BD31)) -> 21201.792 | BF31: =+IF(BB31="N/A","N/A",ROUND(AVERAGE(BB31:BD31),0)) -> 56076 | BG31: =+IF(BE31="N/A","N/A",AVERAGE(BE31:BF31)) -> 38638.896 | BI31: N/A | BJ31: N/A | BK31: N/A | BL31: N/A | BM31: N/A | BN31: N/A | BP31: 32019.573 | BQ31: 48111.14 | BR31: 14097.951 | BS31: =+IF(BP31="N/A","N/A",MIN(BP31:BR31)) -> 14097.951 | BT31: =+IF(BP31="N/A","N/A",ROUND(AVERAGE(BP31:BR31),0)) -> 31410 | BU31: =+IF(BS31="N/A","N/A",AVERAGE(BS31:BT31)) -> 22753.976 | BW31: 33287.195 | BX31: 55327.811 | BY31: 14656.074 | BZ31: =+IF(BW31="N/A","N/A",MIN(BW31:BY31)) -> 14656.074 | CA31: =+IF(BW31="N/A","N/A",ROUND(AVERAGE(BW31:BY31),0)) -> 34424 | CB31: =+IF(BZ31="N/A","N/A",AVERAGE(BZ31:CA31)) -> 24540.037 | CD31: N/A | CE31: N/A | CF31: N/A | CG31: N/A | CH31: N/A | CI31: N/A | CK31: 56785.404 | CL31: 54002.3 | CM31: 25002.14 | CN31: =+IF(CK31="N/A","N/A",MIN(CK31:CM31)) -> 25002.14 | CO31: =+IF(CK31="N/A","N/A",ROUND(AVERAGE(CK31:CM31),0)) -> 45263 | CP31: =+IF(CN31="N/A","N/A",AVERAGE(CN31:CO31)) -> 35132.57 | CR31: 60803.215 | CS31: 58862.507 | CT31: 26771.149 | CU31: =+IF(CR31="N/A","N/A",MIN(CR31:CT31)) -> 26771.149 | CV31: =+IF(CR31="N/A","N/A",ROUND(AVERAGE(CR31:CT31),0)) -> 48812 | CW31: =+IF(CU31="N/A","N/A",AVERAGE(CU31:CV31)) -> 37791.574 | CY31: 51428.323 | CZ31: 57685.257 | DA31: 22643.462 | DB31: =+IF(CY31="N/A","N/A",MIN(CY31:DA31)) -> 22643.462 | DC31: =+IF(CY31="N/A","N/A",ROUND(AVERAGE(CY31:DA31),0)) -> 43919 | DD31: =+IF(DB31="N/A","N/A",AVERAGE(DB31:DC31)) -> 33281.231 | DF31: 30416.206 | DG31: 56531.552 | DH31: 13392.002 | DI31: =+IF(DF31="N/A","N/A",MIN(DF31:DH31)) -> 13392.002 | DJ31: =+IF(DF31="N/A","N/A",ROUND(AVERAGE(DF31:DH31),0)) -> 33447 | DK31: =+IF(DI31="N/A","N/A",AVERAGE(DI31:DJ31)) -> 23419.501 | DM31: 47142.659 | DN31: 65576.6 | DO31: 20756.52 | DP31: =+IF(DM31="N/A","N/A",MIN(DM31:DO31)) -> 20756.52 | DQ31: =+IF(DM31="N/A","N/A",ROUND(AVERAGE(DM31:DO31),0)) -> 44492 | DR31: =+IF(DP31="N/A","N/A",AVERAGE(DP31:DQ31)) -> 32624.26 | DT31: 31816.312 | DU31: 84593.814 | DV31: 14008.457 | DW31: =+IF(DT31="N/A","N/A",MIN(DT31:DV31)) -> 14008.457 | DX31: =+IF(DT31="N/A","N/A",ROUND(AVERAGE(DT31:DV31),0)) -> 43473 | DY31: =+IF(DW31="N/A","N/A",AVERAGE(DW31:DX31)) -> 28740.729 | EA31: N/A | EB31: N/A | EC31: N/A | ED31: N/A | EE31: N/A | EF31: N/A | EH31: 52285.456 | EI31: 167898 | EJ31: 23020.851 | EK31: =+IF(EH31="N/A","N/A",MIN(EH31:EJ31)) -> 23020.851 | EL31: =+IF(EH31="N/A","N/A",ROUND(AVERAGE(EH31:EJ31),0)) -> 81068 | EM31: =+IF(EK31="N/A","N/A",AVERAGE(EK31:EL31)) -> 52044.425 | EO31: 61242.495 | EP31: 283747.62 | EQ31: 26964.56 | ER31: =+IF(EO31="N/A","N/A",MIN(EO31:EQ31)) -> 26964.56 | ES31: =+IF(EO31="N/A","N/A",ROUND(AVERAGE(EO31:EQ31),0)) -> 123985 | ET31: =+IF(ER31="N/A","N/A",AVERAGE(ER31:ES31)) -> 75474.78 | EV31: 58743.096 | EW31: 275235.19 | EX31: 25864.095 | EY31: =+IF(EV31="N/A","N/A",MIN(EV31:EX31)) -> 25864.095 | EZ31: =+IF(EV31="N/A","N/A",ROUND(AVERAGE(EV31:EX31),0)) -> 119947 | FA31: =+IF(EY31="N/A","N/A",AVERAGE(EY31:EZ31)) -> 72905.548
A32: 20 | B32: Bomba De Combustible | C32: 1 | E32: 1470724.1 | F32: 3907812 | G32: 647547.54 | H32: =+IF(E32="N/A","N/A",MIN(E32:G32)) -> 647547.54 | I32: =+IF(E32="N/A","N/A",ROUND(AVERAGE(E32:G32),0)) -> 2008695 | J32: =+IF(H32="N/A","N/A",AVERAGE(H32:I32)) -> 1328121.3 | L32: 1522199.4 | M32: 956776 | N32: N/A | O32: =+IF(L32="N/A","N/A",MIN(L32:N32)) -> 956776 | P32: =+IF(L32="N/A","N/A",ROUND(AVERAGE(L32:N32),0)) -> 1239488 | Q32: =+IF(O32="N/A","N/A",AVERAGE(O32:P32)) -> 1098132 | S32: 1426527.8 | T32: 856787 | U32: 628088.29 | V32: =+IF(S32="N/A","N/A",MIN(S32:U32)) -> 628088.29 | W32: =+IF(S32="N/A","N/A",ROUND(AVERAGE(S32:U32),0)) -> 970468 | X32: =+IF(V32="N/A","N/A",AVERAGE(V32:W32)) -> 799278.15 | Z32: 2914286 | AA32: 1817874.4 | AB32: 1283135.8 | AC32: =+IF(Z32="N/A","N/A",MIN(Z32:AB32)) -> 1283135.8 | AD32: =+IF(Z32="N/A","N/A",ROUND(AVERAGE(Z32:AB32),0)) -> 2005099 | AE32: =+IF(AC32="N/A","N/A",AVERAGE(AC32:AD32)) -> 1644117.4 | AG32: 2407143 | AH32: 908937.2 | AI32: 1059845 | AJ32: =+IF(AG32="N/A","N/A",MIN(AG32:AI32)) -> 908937.2 | AK32: =+IF(AG32="N/A","N/A",ROUND(AVERAGE(AG32:AI32),0)) -> 1458642 | AL32: =+IF(AJ32="N/A","N/A",AVERAGE(AJ32:AK32)) -> 1183789.6 | AN32: 1518967.2 | AO32: 890758.46 | AP32: 668788.62 | AQ32: =+IF(AN32="N/A","N/A",MIN(AN32:AP32)) -> 668788.62 | AR32: =+IF(AN32="N/A","N/A",ROUND(AVERAGE(AN32:AP32),0)) -> 1026171 | AS32: =+IF(AQ32="N/A","N/A",AVERAGE(AQ32:AR32)) -> 847479.81 | AU32: 1625578.4 | AV32: 1015464.6 | AW32: 715728.6 | AX32: =+IF(AU32="N/A","N/A",MIN(AU32:AW32)) -> 715728.6 | AY32: =+IF(AU32="N/A","N/A",ROUND(AVERAGE(AU32:AW32),0)) -> 1118924 | AZ32: =+IF(AX32="N/A","N/A",AVERAGE(AX32:AY32)) -> 917326.3 | BB32: 1757126.5 | BC32: 1926946.9 | BD32: 773648.15 | BE32: =+IF(BB32="N/A","N/A",MIN(BB32:BD32)) -> 773648.15 | BF32: =+IF(BB32="N/A","N/A",ROUND(AVERAGE(BB32:BD32),0)) -> 1485907 | BG32: =+IF(BE32="N/A","N/A",AVERAGE(BE32:BF32)) -> 1129777.6 | BI32: 1621413.4 | BJ32: 944382.12 | BK32: 713894.79 | BL32: =+IF(BI32="N/A","N/A",MIN(BI32:BK32)) -> 713894.79 | BM32: =+IF(BI32="N/A","N/A",ROUND(AVERAGE(BI32:BK32),0)) -> 1093230 | BN32: =+IF(BL32="N/A","N/A",AVERAGE(BL32:BM32)) -> 903562.39 | BP32: 1553190.7 | BQ32: 3829655.8 | BR32: 683856.93 | BS32: =+IF(BP32="N/A","N/A",MIN(BP32:BR32)) -> 683856.93 | BT32: =+IF(BP32="N/A","N/A",ROUND(AVERAGE(BP32:BR32),0)) -> 2022234 | BU32: =+IF(BS32="N/A","N/A",AVERAGE(BS32:BT32)) -> 1353045.5 | BW32: 1589698.7 | BX32: 4404104.1 | BY32: 699931.08 | BZ32: =+IF(BW32="N/A","N/A",MIN(BW32:BY32)) -> 699931.08 | CA32: =+IF(BW32="N/A","N/A",ROUND(AVERAGE(BW32:BY32),0)) -> 2231245 | CB32: =+IF(BZ32="N/A","N/A",AVERAGE(BZ32:CA32)) -> 1465588 | CD32: 2637225.2 | CE32: 1246584.4 | CF32: 1161148.3 | CG32: =+IF(CD32="N/A","N/A",MIN(CD32:CF32)) -> 1161148.3 | CH32: =+IF(CD32="N/A","N/A",ROUND(AVERAGE(CD32:CF32),0)) -> 1681653 | CI32: =+IF(CG32="N/A","N/A",AVERAGE(CG32:CH32)) -> 1421400.6 | CK32: 2571428.8 | CL32: 4298593.2 | CM32: 1132178.7 | CN32: =+IF(CK32="N/A","N/A",MIN(CK32:CM32)) -> 1132178.7 | CO32: =+IF(CK32="N/A","N/A",ROUND(AVERAGE(CK32:CM32),0)) -> 2667400 | CP32: =+IF(CN32="N/A","N/A",AVERAGE(CN32:CO32)) -> 1899789.3 | CR32: 2687143.1 | CS32: 4685466.6 | CT32: 1183126.7 | CU32: =+IF(CR32="N/A","N/A",MIN(CR32:CT32)) -> 1183126.7 | CV32: =+IF(CR32="N/A","N/A",ROUND(AVERAGE(CR32:CT32),0)) -> 2851912 | CW32: =+IF(CU32="N/A","N/A",AVERAGE(CU32:CV32)) -> 2017519.4 | CY32: 2417143 | CZ32: 4591757.3 | DA32: 1064247.9 | DB32: =+IF(CY32="N/A","N/A",MIN(CY32:DA32)) -> 1064247.9 | DC32: =+IF(CY32="N/A","N/A",ROUND(AVERAGE(CY32:DA32),0)) -> 2691049 | DD32: =+IF(DB32="N/A","N/A",AVERAGE(DB32:DC32)) -> 1877648.5 | DF32: 1496459.3 | DG32: 4499922.1 | DH32: 658878.56 | DI32: =+IF(DF32="N/A","N/A",MIN(DF32:DH32)) -> 658878.56 | DJ32: =+IF(DF32="N/A","N/A",ROUND(AVERAGE(DF32:DH32),0)) -> 2218420 | DK32: =+IF(DI32="N/A","N/A",AVERAGE(DI32:DJ32)) -> 1438649.3 | DM32: 2293714.4 | DN32: 5219909.6 | DO32: 1009903.3 | DP32: =+IF(DM32="N/A","N/A",MIN(DM32:DO32)) -> 1009903.3 | DQ32: =+IF(DM32="N/A","N/A",ROUND(AVERAGE(DM32:DO32),0)) -> 2841176 | DR32: =+IF(DP32="N/A","N/A",AVERAGE(DP32:DQ32)) -> 1925539.7 | DT32: 1547336.8 | DU32: 6733683.4 | DV32: 681279.48 | DW32: =+IF(DT32="N/A","N/A",MIN(DT32:DV32)) -> 681279.48 | DX32: =+IF(DT32="N/A","N/A",ROUND(AVERAGE(DT32:DV32),0)) -> 2987433 | DY32: =+IF(DW32="N/A","N/A",AVERAGE(DW32:DX32)) -> 1834356.2 | EA32: 1474516.4 | EB32: 4499922.1 | EC32: 649217.3 | ED32: =+IF(EA32="N/A","N/A",MIN(EA32:EC32)) -> 649217.3 | EE32: =+IF(EA32="N/A","N/A",ROUND(AVERAGE(EA32:EC32),0)) -> 2207885 | EF32: =+IF(ED32="N/A","N/A",AVERAGE(ED32:EE32)) -> 1428551.1 | EH32: 2441828.7 | EI32: 1967787 | EJ32: 1075116.8 | EK32: =+IF(EH32="N/A","N/A",MIN(EH32:EJ32)) -> 1075116.8 | EL32: =+IF(EH32="N/A","N/A",ROUND(AVERAGE(EH32:EJ32),0)) -> 1828244 | EM32: =+IF(EK32="N/A","N/A",AVERAGE(EK32:EL32)) -> 1451680.4 | EO32: 2699794.5 | EP32: 1997877 | EQ32: 1188697 | ER32: =+IF(EO32="N/A","N/A",MIN(EO32:EQ32)) -> 1188697 | ES32: =+IF(EO32="N/A","N/A",ROUND(AVERAGE(EO32:EQ32),0)) -> 1962123 | ET32: =+IF(ER32="N/A","N/A",AVERAGE(ER32:ES32)) -> 1575410 | EV32: 2627811 | EW32: 1937940.7 | EX32: 1157003.3 | EY32: =+IF(EV32="N/A","N/A",MIN(EV32:EX32)) -> 1157003.3 | EZ32: =+IF(EV32="N/A","N/A",ROUND(AVERAGE(EV32:EX32),0)) -> 1907585 | FA32: =+IF(EY32="N/A","N/A",AVERAGE(EY32:EZ32)) -> 1532294.1
A33: 21 | B33: Bujía Precalentadora | C33: 1 | E33: 279131.41 | F33: 397892 | G33: 122899.23 | H33: =+IF(E33="N/A","N/A",MIN(E33:G33)) -> 122899.23 | I33: =+IF(E33="N/A","N/A",ROUND(AVERAGE(E33:G33),0)) -> 266641 | J33: =+IF(H33="N/A","N/A",AVERAGE(H33:I33)) -> 194770.12 | L33: 288901.01 | M33: 397892 | N33: N/A | O33: =+IF(L33="N/A","N/A",MIN(L33:N33)) -> 288901.01 | P33: =+IF(L33="N/A","N/A",ROUND(AVERAGE(L33:N33),0)) -> 343397 | Q33: =+IF(O33="N/A","N/A",AVERAGE(O33:P33)) -> 316149 | S33: 303327.98 | T33: 342187.12 | U33: 133552.78 | V33: =+IF(S33="N/A","N/A",MIN(S33:U33)) -> 133552.78 | W33: =+IF(S33="N/A","N/A",ROUND(AVERAGE(S33:U33),0)) -> 259689 | X33: =+IF(V33="N/A","N/A",AVERAGE(V33:W33)) -> 196620.89 | Z33: 511083.26 | AA33: 755994.8 | AB33: 225025.7 | AC33: =+IF(Z33="N/A","N/A",MIN(Z33:AB33)) -> 225025.7 | AD33: =+IF(Z33="N/A","N/A",ROUND(AVERAGE(Z33:AB33),0)) -> 497368 | AE33: =+IF(AC33="N/A","N/A",AVERAGE(AC33:AD33)) -> 361196.85 | AG33: 436237.6 | AH33: 377997.4 | AI33: 192071.78 | AJ33: =+IF(AG33="N/A","N/A",MIN(AG33:AI33)) -> 192071.78 | AK33: =+IF(AG33="N/A","N/A",ROUND(AVERAGE(AG33:AI33),0)) -> 335436 | AL33: =+IF(AJ33="N/A","N/A",AVERAGE(AJ33:AK33)) -> 263753.89 | AN33: N/A | AO33: N/A | AP33: N/A | AQ33: N/A | AR33: N/A | AS33: N/A | AU33: N/A | AV33: N/A | AW33: N/A | AX33: N/A | AY33: N/A | AZ33: N/A | BB33: 332913.99 | BC33: 801354.49 | BD33: 146579.26 | BE33: =+IF(BB33="N/A","N/A",MIN(BB33:BD33)) -> 146579.26 | BF33: =+IF(BB33="N/A","N/A",ROUND(AVERAGE(BB33:BD33),0)) -> 426949 | BG33: =+IF(BE33="N/A","N/A",AVERAGE(BE33:BF33)) -> 286764.13 | BI33: N/A | BJ33: N/A | BK33: N/A | BL33: N/A | BM33: N/A | BN33: N/A | BP33: N/A | BQ33: N/A | BR33: N/A | BS33: N/A | BT33: N/A | BU33: N/A | BW33: 389673.83 | BX33: 385673 | BY33: 171570.14 | BZ33: =+IF(BW33="N/A","N/A",MIN(BW33:BY33)) -> 171570.14 | CA33: =+IF(BW33="N/A","N/A",ROUND(AVERAGE(BW33:BY33),0)) -> 315639 | CB33: =+IF(BZ33="N/A","N/A",AVERAGE(BZ33:CA33)) -> 243604.57 | CD33: N/A | CE33: N/A | CF33: N/A | CG33: N/A | CH33: N/A | CI33: N/A | CK33: 486866.6 | CL33: 437681.2 | CM33: 214363.31 | CN33: =+IF(CK33="N/A","N/A",MIN(CK33:CM33)) -> 214363.31 | CO33: =+IF(CK33="N/A","N/A",ROUND(AVERAGE(CK33:CM33),0)) -> 379637 | CP33: =+IF(CN33="N/A","N/A",AVERAGE(CN33:CO33)) -> 297000.15 | CR33: 501396.59 | CS33: 477072.51 | CT33: 220760.74 | CU33: =+IF(CR33="N/A","N/A",MIN(CR33:CT33)) -> 220760.74 | CV33: =+IF(CR33="N/A","N/A",ROUND(AVERAGE(CR33:CT33),0)) -> 399743 | CW33: =+IF(CU33="N/A","N/A",AVERAGE(CU33:CV33)) -> 310251.87 | CY33: 467493.28 | CZ33: 467531.06 | DA33: 205833.4 | DB33: =+IF(CY33="N/A","N/A",MIN(CY33:DA33)) -> 205833.4 | DC33: =+IF(CY33="N/A","N/A",ROUND(AVERAGE(CY33:DA33),0)) -> 380286 | DD33: =+IF(DB33="N/A","N/A",AVERAGE(DB33:DC33)) -> 293059.7 | DF33: N/A | DG33: N/A | DH33: N/A | DI33: N/A | DJ33: N/A | DK33: N/A | DM33: N/A | DN33: N/A | DO33: N/A | DP33: N/A | DQ33: N/A | DR33: N/A | DT33: 400881.51 | DU33: 296778 | DV33: 176504.79 | DW33: =+IF(DT33="N/A","N/A",MIN(DT33:DV33)) -> 176504.79 | DX33: =+IF(DT33="N/A","N/A",ROUND(AVERAGE(DT33:DV33),0)) -> 291388 | DY33: =+IF(DW33="N/A","N/A",AVERAGE(DW33:DX33)) -> 233946.39 | EA33: N/A | EB33: N/A | EC33: N/A | ED33: N/A | EE33: N/A | EF33: N/A | EH33: 1560000 | EI33: 289443 | EJ33: 686855 | EK33: =+IF(EH33="N/A","N/A",MIN(EH33:EJ33)) -> 289443 | EL33: =+IF(EH33="N/A","N/A",ROUND(AVERAGE(EH33:EJ33),0)) -> 845433 | EM33: =+IF(EK33="N/A","N/A",AVERAGE(EK33:EL33)) -> 567438 | EO33: 552321.57 | EP33: 489158.67 | EQ33: 243182.58 | ER33: =+IF(EO33="N/A","N/A",MIN(EO33:EQ33)) -> 243182.58 | ES33: =+IF(EO33="N/A","N/A",ROUND(AVERAGE(EO33:EQ33),0)) -> 428221 | ET33: =+IF(ER33="N/A","N/A",AVERAGE(ER33:ES33)) -> 335701.79 | EV33: 539335.84 | EW33: 474483.91 | EX33: 237465.08 | EY33: =+IF(EV33="N/A","N/A",MIN(EV33:EX33)) -> 237465.08 | EZ33: =+IF(EV33="N/A","N/A",ROUND(AVERAGE(EV33:EX33),0)) -> 417095 | FA33: =+IF(EY33="N/A","N/A",AVERAGE(EY33:EZ33)) -> 327280.04
A34: 22 | B34: Bombín | C34: 1 | E34: 342195.6 | F34: 398092 | G34: 150665.87 | H34: =+IF(E34="N/A","N/A",MIN(E34:G34)) -> 150665.87 | I34: =+IF(E34="N/A","N/A",ROUND(AVERAGE(E34:G34),0)) -> 296984 | J34: =+IF(H34="N/A","N/A",AVERAGE(H34:I34)) -> 223824.94 | L34: 354172.45 | M34: 398092 | N34: N/A | O34: =+IF(L34="N/A","N/A",MIN(L34:N34)) -> 354172.45 | P34: =+IF(L34="N/A","N/A",ROUND(AVERAGE(L34:N34),0)) -> 376132 | Q34: =+IF(O34="N/A","N/A",AVERAGE(O34:P34)) -> 365152.22 | S34: N/A | T34: N/A | U34: 0 | V34: N/A | W34: N/A | X34: N/A | Z34: 797356.4 | AA34: 756374.8 | AB34: 351069.38 | AC34: =+IF(Z34="N/A","N/A",MIN(Z34:AB34)) -> 351069.38 | AD34: =+IF(Z34="N/A","N/A",ROUND(AVERAGE(Z34:AB34),0)) -> 634934 | AE34: =+IF(AC34="N/A","N/A",AVERAGE(AC34:AD34)) -> 493001.69 | AG34: 595372.54 | AH34: 378187.4 | AI34: 262137.57 | AJ34: =+IF(AG34="N/A","N/A",MIN(AG34:AI34)) -> 262137.57 | AK34: =+IF(AG34="N/A","N/A",ROUND(AVERAGE(AG34:AI34),0)) -> 411899 | AL34: =+IF(AJ34="N/A","N/A",AVERAGE(AJ34:AK34)) -> 337018.29 | AN34: N/A | AO34: N/A | AP34: N/A | AQ34: N/A | AR34: N/A | AS34: N/A | AU34: N/A | AV34: N/A | AW34: N/A | AX34: N/A | AY34: N/A | AZ34: N/A | BB34: 368284.44 | BC34: 801757.29 | BD34: 162152.57 | BE34: =+IF(BB34="N/A","N/A",MIN(BB34:BD34)) -> 162152.57 | BF34: =+IF(BB34="N/A","N/A",ROUND(AVERAGE(BB34:BD34),0)) -> 444065 | BG34: =+IF(BE34="N/A","N/A",AVERAGE(BE34:BF34)) -> 303108.78 | BI34: N/A | BJ34: N/A | BK34: N/A | BL34: N/A | BM34: N/A | BN34: N/A | BP34: N/A | BQ34: N/A | BR34: N/A | BS34: N/A | BT34: N/A | BU34: N/A | BW34: 455012.55 | BX34: 856334 | BY34: 200338.23 | BZ34: =+IF(BW34="N/A","N/A",MIN(BW34:BY34)) -> 200338.23 | CA34: =+IF(BW34="N/A","N/A",ROUND(AVERAGE(BW34:BY34),0)) -> 503895 | CB34: =+IF(BZ34="N/A","N/A",AVERAGE(BZ34:CA34)) -> 352116.62 | CD34: N/A | CE34: N/A | CF34: N/A | CG34: N/A | CH34: N/A | CI34: N/A | CK34: 826885.12 | CL34: 437901.2 | CM34: 364070.63 | CN34: =+IF(CK34="N/A","N/A",MIN(CK34:CM34)) -> 364070.63 | CO34: =+IF(CK34="N/A","N/A",ROUND(AVERAGE(CK34:CM34),0)) -> 542952 | CP34: =+IF(CN34="N/A","N/A",AVERAGE(CN34:CO34)) -> 453511.31 | CR34: 863167.88 | CS34: 477312.31 | CT34: 380045.63 | CU34: =+IF(CR34="N/A","N/A",MIN(CR34:CT34)) -> 380045.63 | CV34: =+IF(CR34="N/A","N/A",ROUND(AVERAGE(CR34:CT34),0)) -> 573509 | CW34: =+IF(CU34="N/A","N/A",AVERAGE(CU34:CV34)) -> 476777.31 | CY34: 775524.28 | CZ34: 467766.06 | DA34: 341456.88 | DB34: =+IF(CY34="N/A","N/A",MIN(CY34:DA34)) -> 341456.88 | DC34: =+IF(CY34="N/A","N/A",ROUND(AVERAGE(CY34:DA34),0)) -> 528249 | DD34: =+IF(DB34="N/A","N/A",AVERAGE(DB34:DC34)) -> 434852.94 | DF34: N/A | DG34: N/A | DH34: N/A | DI34: N/A | DJ34: N/A | DK34: N/A | DM34: N/A | DN34: N/A | DO34: N/A | DP34: N/A | DQ34: N/A | DR34: N/A | DT34: 380592.19 | DU34: 396772 | DV34: 167571.57 | DW34: =+IF(DT34="N/A","N/A",MIN(DT34:DV34)) -> 167571.57 | DX34: =+IF(DT34="N/A","N/A",ROUND(AVERAGE(DT34:DV34),0)) -> 314979 | DY34: =+IF(DW34="N/A","N/A",AVERAGE(DW34:DX34)) -> 241275.28 | EA34: N/A | EB34: N/A | EC34: N/A | ED34: N/A | EE34: N/A | EF34: N/A | EH34: 780000 | EI34: 396778 | EJ34: 343427.5 | EK34: =+IF(EH34="N/A","N/A",MIN(EH34:EJ34)) -> 343427.5 | EL34: =+IF(EH34="N/A","N/A",ROUND(AVERAGE(EH34:EJ34),0)) -> 506735 | EM34: =+IF(EK34="N/A","N/A",AVERAGE(EK34:EL34)) -> 425081.25 | EO34: 797126.44 | EP34: 670554.82 | EQ34: 350968.13 | ER34: =+IF(EO34="N/A","N/A",MIN(EO34:EQ34)) -> 350968.13 | ES34: =+IF(EO34="N/A","N/A",ROUND(AVERAGE(EO34:EQ34),0)) -> 606216 | ET34: =+IF(ER34="N/A","N/A",AVERAGE(ER34:ES34)) -> 478592.07 | EV34: 780156.33 | EW34: 650438.18 | EX34: 343496.33 | EY34: =+IF(EV34="N/A","N/A",MIN(EV34:EX34)) -> 343496.33 | EZ34: =+IF(EV34="N/A","N/A",ROUND(AVERAGE(EV34:EX34),0)) -> 591364 | FA34: =+IF(EY34="N/A","N/A",AVERAGE(EY34:EZ34)) -> 467430.17
A35: 23 | B35: Tornillo Peter | C35: 1 | E35: 41722.468 | F35: 165776 | G35: 18370.055 | H35: =+IF(E35="N/A","N/A",MIN(E35:G35)) -> 18370.055 | I35: =+IF(E35="N/A","N/A",ROUND(AVERAGE(E35:G35),0)) -> 75290 | J35: =+IF(H35="N/A","N/A",AVERAGE(H35:I35)) -> 46830.028 | L35: 43182.754 | M35: 132334 | N35: N/A | O35: =+IF(L35="N/A","N/A",MIN(L35:N35)) -> 43182.754 | P35: =+IF(L35="N/A","N/A",ROUND(AVERAGE(L35:N35),0)) -> 87758 | Q35: =+IF(O35="N/A","N/A",AVERAGE(O35:P35)) -> 65470.377 | S35: 34897.167 | T35: 100903 | U35: 15364.932 | V35: =+IF(S35="N/A","N/A",MIN(S35:U35)) -> 15364.932 | W35: =+IF(S35="N/A","N/A",ROUND(AVERAGE(S35:U35),0)) -> 50388 | X35: =+IF(V35="N/A","N/A",AVERAGE(V35:W35)) -> 32876.466 | Z35: 99765.135 | AA35: 287883 | AB35: 43925.758 | AC35: =+IF(Z35="N/A","N/A",MIN(Z35:AB35)) -> 43925.758 | AD35: =+IF(Z35="N/A","N/A",ROUND(AVERAGE(Z35:AB35),0)) -> 143858 | AE35: =+IF(AC35="N/A","N/A",AVERAGE(AC35:AD35)) -> 93891.879 | AG35: 69815.085 | AH35: 125717.3 | AI35: 30739 | AJ35: =+IF(AG35="N/A","N/A",MIN(AG35:AI35)) -> 30739 | AK35: =+IF(AG35="N/A","N/A",ROUND(AVERAGE(AG35:AI35),0)) -> 75424 | AL35: =+IF(AJ35="N/A","N/A",AVERAGE(AJ35:AK35)) -> 53081.5 | AN35: N/A | AO35: N/A | AP35: N/A | AQ35: N/A | AR35: N/A | AS35: N/A | AU35: N/A | AV35: N/A | AW35: N/A | AX35: N/A | AY35: N/A | AZ35: N/A | BB35: 53827.302 | BC35: 328783 | BD35: 23699.713 | BE35: =+IF(BB35="N/A","N/A",MIN(BB35:BD35)) -> 23699.713 | BF35: =+IF(BB35="N/A","N/A",ROUND(AVERAGE(BB35:BD35),0)) -> 135437 | BG35: =+IF(BE35="N/A","N/A",AVERAGE(BE35:BF35)) -> 79568.356 | BI35: N/A | BJ35: N/A | BK35: N/A | BL35: N/A | BM35: N/A | BN35: N/A | BP35: N/A | BQ35: N/A | BR35: N/A | BS35: N/A | BT35: N/A | BU35: N/A | BW35: 47968.738 | BX35: 298994 | BY35: 21120.236 | BZ35: =+IF(BW35="N/A","N/A",MIN(BW35:BY35)) -> 21120.236 | CA35: =+IF(BW35="N/A","N/A",ROUND(AVERAGE(BW35:BY35),0)) -> 122694 | CB35: =+IF(BZ35="N/A","N/A",AVERAGE(BZ35:CA35)) -> 71907.118 | CD35: N/A | CE35: N/A | CF35: N/A | CG35: N/A | CH35: N/A | CI35: N/A | CK35: 85212.108 | CL35: 182353.6 | CM35: 37518.181 | CN35: =+IF(CK35="N/A","N/A",MIN(CK35:CM35)) -> 37518.181 | CO35: =+IF(CK35="N/A","N/A",ROUND(AVERAGE(CK35:CM35),0)) -> 101695 | CP35: =+IF(CN35="N/A","N/A",AVERAGE(CN35:CO35)) -> 69606.591 | CR35: 93943.924 | CS35: 198765.42 | CT35: 41362.727 | CU35: =+IF(CR35="N/A","N/A",MIN(CR35:CT35)) -> 41362.727 | CV35: =+IF(CR35="N/A","N/A",ROUND(AVERAGE(CR35:CT35),0)) -> 111357 | CW35: =+IF(CU35="N/A","N/A",AVERAGE(CU35:CV35)) -> 76359.863 | CY35: 73569.686 | CZ35: 194790.12 | DA35: 32392.12 | DB35: =+IF(CY35="N/A","N/A",MIN(CY35:DA35)) -> 32392.12 | DC35: =+IF(CY35="N/A","N/A",ROUND(AVERAGE(CY35:DA35),0)) -> 100251 | DD35: =+IF(DB35="N/A","N/A",AVERAGE(DB35:DC35)) -> 66321.56 | DF35: N/A | DG35: N/A | DH35: N/A | DI35: N/A | DJ35: N/A | DK35: N/A | DM35: N/A | DN35: N/A | DO35: N/A | DP35: N/A | DQ35: N/A | DR35: N/A | DT35: 40149.178 | DU35: 10992 | DV35: 17677.349 | DW35: =+IF(DT35="N/A","N/A",MIN(DT35:DV35)) -> 10992 | DX35: =+IF(DT35="N/A","N/A",ROUND(AVERAGE(DT35:DV35),0)) -> 22940 | DY35: =+IF(DW35="N/A","N/A",AVERAGE(DW35:DX35)) -> 16966 | EA35: N/A | EB35: N/A | EC35: N/A | ED35: N/A | EE35: N/A | EF35: N/A | EH35: 59929.2 | EI35: 29009 | EJ35: 26386.327 | EK35: =+IF(EH35="N/A","N/A",MIN(EH35:EJ35)) -> 26386.327 | EL35: =+IF(EH35="N/A","N/A",ROUND(AVERAGE(EH35:EJ35),0)) -> 38442 | EM35: =+IF(EK35="N/A","N/A",AVERAGE(EK35:EL35)) -> 32414.164 | EO35: 66814.335 | EP35: 49025.21 | EQ35: 29417.795 | ER35: =+IF(EO35="N/A","N/A",MIN(EO35:EQ35)) -> 29417.795 | ES35: =+IF(EO35="N/A","N/A",ROUND(AVERAGE(EO35:EQ35),0)) -> 48419 | ET35: =+IF(ER35="N/A","N/A",AVERAGE(ER35:ES35)) -> 38918.397 | EV35: 63629.188 | EW35: 47554.454 | EX35: 28015.401 | EY35: =+IF(EV35="N/A","N/A",MIN(EV35:EX35)) -> 28015.401 | EZ35: =+IF(EV35="N/A","N/A",ROUND(AVERAGE(EV35:EX35),0)) -> 46400 | FA35: =+IF(EY35="N/A","N/A",AVERAGE(EY35:EZ35)) -> 37207.701
B36: SISTEMA DE SUSPENSIÓN
A37: 24 | B37: Brazo Axial | C37: 1 | E37: 153447.88 | F37: 297895 | G37: 67561.824 | H37: =+IF(E37="N/A","N/A",MIN(E37:G37)) -> 67561.824 | I37: =+IF(E37="N/A","N/A",ROUND(AVERAGE(E37:G37),0)) -> 172968 | J37: =+IF(H37="N/A","N/A",AVERAGE(H37:I37)) -> 120264.91 | L37: 158818.56 | M37: 297895 | N37: N/A | O37: =+IF(L37="N/A","N/A",MIN(L37:N37)) -> 158818.56 | P37: =+IF(L37="N/A","N/A",ROUND(AVERAGE(L37:N37),0)) -> 228357 | Q37: =+IF(O37="N/A","N/A",AVERAGE(O37:P37)) -> 193587.78 | S37: 130086.03 | T37: 256189.7 | U37: 57275.794 | V37: =+IF(S37="N/A","N/A",MIN(S37:U37)) -> 57275.794 | W37: =+IF(S37="N/A","N/A",ROUND(AVERAGE(S37:U37),0)) -> 147851 | X37: =+IF(V37="N/A","N/A",AVERAGE(V37:W37)) -> 102563.4 | Z37: 348858.12 | AA37: 566000.5 | AB37: 153599.32 | AC37: =+IF(Z37="N/A","N/A",MIN(Z37:AB37)) -> 153599.32 | AD37: =+IF(Z37="N/A","N/A",ROUND(AVERAGE(Z37:AB37),0)) -> 356153 | AE37: =+IF(AC37="N/A","N/A",AVERAGE(AC37:AD37)) -> 254876.16 | AG37: 251762.52 | AH37: 283000.25 | AI37: 110848.94 | AJ37: =+IF(AG37="N/A","N/A",MIN(AG37:AI37)) -> 110848.94 | AK37: =+IF(AG37="N/A","N/A",ROUND(AVERAGE(AG37:AI37),0)) -> 215204 | AL37: =+IF(AJ37="N/A","N/A",AVERAGE(AJ37:AK37)) -> 163026.47 | AN37: 159999.94 | AO37: 277340.24 | AP37: 70446.639 | AQ37: =+IF(AN37="N/A","N/A",MIN(AN37:AP37)) -> 70446.639 | AR37: =+IF(AN37="N/A","N/A",ROUND(AVERAGE(AN37:AP37),0)) -> 169262 | AS37: =+IF(AQ37="N/A","N/A",AVERAGE(AQ37:AR37)) -> 119854.32 | AU37: 167630.68 | AV37: 316167.88 | AW37: 73806.393 | AX37: =+IF(AU37="N/A","N/A",MIN(AU37:AW37)) -> 73806.393 | AY37: =+IF(AU37="N/A","N/A",ROUND(AVERAGE(AU37:AW37),0)) -> 185868 | AZ37: =+IF(AX37="N/A","N/A",AVERAGE(AX37:AY37)) -> 129837.2 | BB37: 219838.44 | BC37: 599960.53 | BD37: 96793.031 | BE37: =+IF(BB37="N/A","N/A",MIN(BB37:BD37)) -> 96793.031 | BF37: =+IF(BB37="N/A","N/A",ROUND(AVERAGE(BB37:BD37),0)) -> 305531 | BG37: =+IF(BE37="N/A","N/A",AVERAGE(BE37:BF37)) -> 201162.02 | BI37: 166603.31 | BJ37: 294036.13 | BK37: 73354.05 | BL37: =+IF(BI37="N/A","N/A",MIN(BI37:BK37)) -> 73354.05 | BM37: =+IF(BI37="N/A","N/A",ROUND(AVERAGE(BI37:BK37),0)) -> 177998 | BN37: =+IF(BL37="N/A","N/A",AVERAGE(BL37:BM37)) -> 125676.03 | BP37: N/A | BQ37: N/A | BR37: N/A | BS37: N/A | BT37: N/A | BU37: N/A | BW37: 183556.06 | BX37: 327909 | BY37: 80818.202 | BZ37: =+IF(BW37="N/A","N/A",MIN(BW37:BY37)) -> 80818.202 | CA37: =+IF(BW37="N/A","N/A",ROUND(AVERAGE(BW37:BY37),0)) -> 197428 | CB37: =+IF(BZ37="N/A","N/A",AVERAGE(BZ37:CA37)) -> 139123.1 | CD37: 280516.2 | CE37: 388127.69 | CF37: 123508.94 | CG37: =+IF(CD37="N/A","N/A",MIN(CD37:CF37)) -> 123508.94 | CH37: =+IF(CD37="N/A","N/A",ROUND(AVERAGE(CD37:CF37),0)) -> 264051 | CI37: =+IF(CG37="N/A","N/A",AVERAGE(CG37:CH37)) -> 193779.97 | CK37: 301286.5 | CL37: 327684.5 | CM37: 132653.93 | CN37: =+IF(CK37="N/A","N/A",MIN(CK37:CM37)) -> 132653.93 | CO37: =+IF(CK37="N/A","N/A",ROUND(AVERAGE(CK37:CM37),0)) -> 253875 | CP37: =+IF(CN37="N/A","N/A",AVERAGE(CN37:CO37)) -> 193264.47 | CR37: 329829.47 | CS37: 357176.11 | CT37: 145221.17 | CU37: =+IF(CR37="N/A","N/A",MIN(CR37:CT37)) -> 145221.17 | CV37: =+IF(CR37="N/A","N/A",ROUND(AVERAGE(CR37:CT37),0)) -> 277409 | CW37: =+IF(CU37="N/A","N/A",AVERAGE(CU37:CV37)) -> 211315.08 | CY37: 263229.2 | CZ37: 350032.58 | DA37: 115897.62 | DB37: =+IF(CY37="N/A","N/A",MIN(CY37:DA37)) -> 115897.62 | DC37: =+IF(CY37="N/A","N/A",ROUND(AVERAGE(CY37:DA37),0)) -> 243053 | DD37: =+IF(DB37="N/A","N/A",AVERAGE(DB37:DC37)) -> 179475.31 | DF37: 160447.96 | DG37: 343031.93 | DH37: 70643.898 | DI37: =+IF(DF37="N/A","N/A",MIN(DF37:DH37)) -> 70643.898 | DJ37: =+IF(DF37="N/A","N/A",ROUND(AVERAGE(DF37:DH37),0)) -> 191375 | DK37: =+IF(DI37="N/A","N/A",AVERAGE(DI37:DJ37)) -> 131009.45 | DM37: 232783.36 | DN37: 397917.04 | DO37: 102492.57 | DP37: =+IF(DM37="N/A","N/A",MIN(DM37:DO37)) -> 102492.57 | DQ37: =+IF(DM37="N/A","N/A",ROUND(AVERAGE(DM37:DO37),0)) -> 244398 | DR37: =+IF(DP37="N/A","N/A",AVERAGE(DP37:DQ37)) -> 173445.29 | DT37: 173106.74 | DU37: 513312.98 | DV37: 76217.457 | DW37: =+IF(DT37="N/A","N/A",MIN(DT37:DV37)) -> 76217.457 | DX37: =+IF(DT37="N/A","N/A",ROUND(AVERAGE(DT37:DV37),0)) -> 254212 | DY37: =+IF(DW37="N/A","N/A",AVERAGE(DW37:DX37)) -> 165214.73 | EA37: 155035.36 | EB37: 343031.93 | EC37: 68260.778 | ED37: =+IF(EA37="N/A","N/A",MIN(EA37:EC37)) -> 68260.778 | EE37: =+IF(EA37="N/A","N/A",ROUND(AVERAGE(EA37:EC37),0)) -> 188776 | EF37: =+IF(ED37="N/A","N/A",AVERAGE(ED37:EE37)) -> 128518.39 | EH37: 269318.36 | EI37: 432220.23 | EJ37: 118578.63 | EK37: =+IF(EH37="N/A","N/A",MIN(EH37:EJ37)) -> 118578.63 | EL37: =+IF(EH37="N/A","N/A",ROUND(AVERAGE(EH37:EJ37),0)) -> 273372 | EM37: =+IF(EK37="N/A","N/A",AVERAGE(EK37:EL37)) -> 195975.32 | EO37: 332950.17 | EP37: 730452.19 | EQ37: 146595.18 | ER37: =+IF(EO37="N/A","N/A",MIN(EO37:EQ37)) -> 146595.18 | ES37: =+IF(EO37="N/A","N/A",ROUND(AVERAGE(EO37:EQ37),0)) -> 403333 | ET37: =+IF(ER37="N/A","N/A",AVERAGE(ER37:ES37)) -> 274964.09 | EV37: 315194.16 | EW37: 708538.63 | EX37: 138777.36 | EY37: =+IF(EV37="N/A","N/A",MIN(EV37:EX37)) -> 138777.36 | EZ37: =+IF(EV37="N/A","N/A",ROUND(AVERAGE(EV37:EX37),0)) -> 387503 | FA37: =+IF(EY37="N/A","N/A",AVERAGE(EY37:EZ37)) -> 263140.18
A38: 25 | B38: Juego de Terminales Direccion (Largo y Corto) | C38: 1 | E38: 405680.67 | F38: 648909 | G38: 178617.82 | H38: =+IF(E38="N/A","N/A",MIN(E38:G38)) -> 178617.82 | I38: =+IF(E38="N/A","N/A",ROUND(AVERAGE(E38:G38),0)) -> 411069 | J38: =+IF(H38="N/A","N/A",AVERAGE(H38:I38)) -> 294843.41 | L38: 419879.49 | M38: 648909 | N38: N/A | O38: =+IF(L38="N/A","N/A",MIN(L38:N38)) -> 419879.49 | P38: =+IF(L38="N/A","N/A",ROUND(AVERAGE(L38:N38),0)) -> 534394 | Q38: =+IF(O38="N/A","N/A",AVERAGE(O38:P38)) -> 477136.75 | S38: 315620.17 | T38: 558061.74 | U38: 138964.93 | V38: =+IF(S38="N/A","N/A",MIN(S38:U38)) -> 138964.93 | W38: =+IF(S38="N/A","N/A",ROUND(AVERAGE(S38:U38),0)) -> 337549 | X38: =+IF(V38="N/A","N/A",AVERAGE(V38:W38)) -> 238256.97 | Z38: 613937.57 | AA38: 1232927.1 | AB38: 270311.59 | AC38: =+IF(Z38="N/A","N/A",MIN(Z38:AB38)) -> 270311.59 | AD38: =+IF(Z38="N/A","N/A",ROUND(AVERAGE(Z38:AB38),0)) -> 705725 | AE38: =+IF(AC38="N/A","N/A",AVERAGE(AC38:AD38)) -> 488018.3 | AG38: 482886.61 | AH38: 616463.55 | AI38: 212610.95 | AJ38: =+IF(AG38="N/A","N/A",MIN(AG38:AI38)) -> 212610.95 | AK38: =+IF(AG38="N/A","N/A",ROUND(AVERAGE(AG38:AI38),0)) -> 437320 | AL38: =+IF(AJ38="N/A","N/A",AVERAGE(AJ38:AK38)) -> 324965.48 | AN38: 431280.89 | AO38: 604134.28 | AP38: 189889.38 | AQ38: =+IF(AN38="N/A","N/A",MIN(AN38:AP38)) -> 189889.38 | AR38: =+IF(AN38="N/A","N/A",ROUND(AVERAGE(AN38:AP38),0)) -> 408435 | AS38: =+IF(AQ38="N/A","N/A",AVERAGE(AQ38:AR38)) -> 299162.19 | AU38: 443059.19 | AV38: 688713.08 | AW38: 195075.27 | AX38: =+IF(AU38="N/A","N/A",MIN(AU38:AW38)) -> 195075.27 | AY38: =+IF(AU38="N/A","N/A",ROUND(AVERAGE(AU38:AW38),0)) -> 442283 | AZ38: =+IF(AX38="N/A","N/A",AVERAGE(AX38:AY38)) -> 318679.13 | BB38: 569017.2 | BC38: 1306902.7 | BD38: 250533.53 | BE38: =+IF(BB38="N/A","N/A",MIN(BB38:BD38)) -> 250533.53 | BF38: =+IF(BB38="N/A","N/A",ROUND(AVERAGE(BB38:BD38),0)) -> 708818 | BG38: =+IF(BE38="N/A","N/A",AVERAGE(BE38:BF38)) -> 479675.77 | BI38: 439418.86 | BJ38: 640503.16 | BK38: 193472.46 | BL38: =+IF(BI38="N/A","N/A",MIN(BI38:BK38)) -> 193472.46 | BM38: =+IF(BI38="N/A","N/A",ROUND(AVERAGE(BI38:BK38),0)) -> 424465 | BN38: =+IF(BL38="N/A","N/A",AVERAGE(BL38:BM38)) -> 308968.73 | BP38: 462855.2 | BQ38: 635930.82 | BR38: 203791.29 | BS38: =+IF(BP38="N/A","N/A",MIN(BP38:BR38)) -> 203791.29 | BT38: =+IF(BP38="N/A","N/A",ROUND(AVERAGE(BP38:BR38),0)) -> 434192 | BU38: =+IF(BS38="N/A","N/A",AVERAGE(BS38:BT38)) -> 318991.64 | BW38: 494764.16 | BX38: 731320.44 | BY38: 217840.54 | BZ38: =+IF(BW38="N/A","N/A",MIN(BW38:BY38)) -> 217840.54 | CA38: =+IF(BW38="N/A","N/A",ROUND(AVERAGE(BW38:BY38),0)) -> 481308 | CB38: =+IF(BZ38="N/A","N/A",AVERAGE(BZ38:CA38)) -> 349574.27 | CD38: 533217.96 | CE38: 845464.17 | CF38: 234771.42 | CG38: =+IF(CD38="N/A","N/A",MIN(CD38:CF38)) -> 234771.42 | CH38: =+IF(CD38="N/A","N/A",ROUND(AVERAGE(CD38:CF38),0)) -> 537818 | CI38: =+IF(CG38="N/A","N/A",AVERAGE(CG38:CH38)) -> 386294.71 | CK38: 557750.05 | CL38: 713799.9 | CM38: 245572.7 | CN38: =+IF(CK38="N/A","N/A",MIN(CK38:CM38)) -> 245572.7 | CO38: =+IF(CK38="N/A","N/A",ROUND(AVERAGE(CK38:CM38),0)) -> 505708 | CP38: =+IF(CN38="N/A","N/A",AVERAGE(CN38:CO38)) -> 375640.35 | CR38: 591462.56 | CS38: 778041.89 | CT38: 260416.04 | CU38: =+IF(CR38="N/A","N/A",MIN(CR38:CT38)) -> 260416.04 | CV38: =+IF(CR38="N/A","N/A",ROUND(AVERAGE(CR38:CT38),0)) -> 543307 | CW38: =+IF(CU38="N/A","N/A",AVERAGE(CU38:CV38)) -> 401861.52 | CY38: 512800.04 | CZ38: 762481.05 | DA38: 225781.58 | DB38: =+IF(CY38="N/A","N/A",MIN(CY38:DA38)) -> 225781.58 | DC38: =+IF(CY38="N/A","N/A",ROUND(AVERAGE(CY38:DA38),0)) -> 500354 | DD38: =+IF(DB38="N/A","N/A",AVERAGE(DB38:DC38)) -> 363067.79 | DF38: 417608.33 | DG38: 747231.43 | DH38: 183869.47 | DI38: =+IF(DF38="N/A","N/A",MIN(DF38:DH38)) -> 183869.47 | DJ38: =+IF(DF38="N/A","N/A",ROUND(AVERAGE(DF38:DH38),0)) -> 449570 | DK38: =+IF(DI38="N/A","N/A",AVERAGE(DI38:DJ38)) -> 316719.73 | DM38: 476840.03 | DN38: 866788.46 | DO38: 209948.69 | DP38: =+IF(DM38="N/A","N/A",MIN(DM38:DO38)) -> 209948.69 | DQ38: =+IF(DM38="N/A","N/A",ROUND(AVERAGE(DM38:DO38),0)) -> 517859 | DR38: =+IF(DP38="N/A","N/A",AVERAGE(DP38:DQ38)) -> 363903.85 | DT38: 457738.67 | DU38: 1118157.1 | DV38: 201538.52 | DW38: =+IF(DT38="N/A","N/A",MIN(DT38:DV38)) -> 201538.52 | DX38: =+IF(DT38="N/A","N/A",ROUND(AVERAGE(DT38:DV38),0)) -> 592478 | DY38: =+IF(DW38="N/A","N/A",AVERAGE(DW38:DX38)) -> 397008.26 | EA38: 398429.66 | EB38: 747231.43 | EC38: 175425.26 | ED38: =+IF(EA38="N/A","N/A",MIN(EA38:EC38)) -> 175425.26 | EE38: =+IF(EA38="N/A","N/A",ROUND(AVERAGE(EA38:EC38),0)) -> 440362 | EF38: =+IF(ED38="N/A","N/A",AVERAGE(ED38:EE38)) -> 307893.63 | EH38: 519992.04 | EI38: 941511.6 | EJ38: 228948.16 | EK38: =+IF(EH38="N/A","N/A",MIN(EH38:EJ38)) -> 228948.16 | EL38: =+IF(EH38="N/A","N/A",ROUND(AVERAGE(EH38:EJ38),0)) -> 563484 | EM38: =+IF(EK38="N/A","N/A",AVERAGE(EK38:EL38)) -> 396216.08 | EO38: 595148.46 | EP38: 1591154.6 | EQ38: 262038.91 | ER38: =+IF(EO38="N/A","N/A",MIN(EO38:EQ38)) -> 262038.91 | ES38: =+IF(EO38="N/A","N/A",ROUND(AVERAGE(EO38:EQ38),0)) -> 816114 | ET38: =+IF(ER38="N/A","N/A",AVERAGE(ER38:ES38)) -> 539076.45 | EV38: 574176.58 | EW38: 1543420 | EX38: 252805.17 | EY38: =+IF(EV38="N/A","N/A",MIN(EV38:EX38)) -> 252805.17 | EZ38: =+IF(EV38="N/A","N/A",ROUND(AVERAGE(EV38:EX38),0)) -> 790134 | FA38: =+IF(EY38="N/A","N/A",AVERAGE(EY38:EZ38)) -> 521469.58
A39: 26 | B39: Fuelle De La Botella | C39: 1 | E39: 110715.94 | F39: 285771 | G39: 48747.307 | H39: =+IF(E39="N/A","N/A",MIN(E39:G39)) -> 48747.307 | I39: =+IF(E39="N/A","N/A",ROUND(AVERAGE(E39:G39),0)) -> 148411 | J39: =+IF(H39="N/A","N/A",AVERAGE(H39:I39)) -> 98579.154 | L39: 114591 | M39: 285771 | N39: N/A | O39: =+IF(L39="N/A","N/A",MIN(L39:N39)) -> 114591 | P39: =+IF(L39="N/A","N/A",ROUND(AVERAGE(L39:N39),0)) -> 200181 | Q39: =+IF(O39="N/A","N/A",AVERAGE(O39:P39)) -> 157386 | S39: 82200.163 | T39: 245763.06 | U39: 36192.047 | V39: =+IF(S39="N/A","N/A",MIN(S39:U39)) -> 36192.047 | W39: =+IF(S39="N/A","N/A",ROUND(AVERAGE(S39:U39),0)) -> 121385 | X39: =+IF(V39="N/A","N/A",AVERAGE(V39:W39)) -> 78788.523 | Z39: 191834.33 | AA39: 542964.9 | AB39: 84463.055 | AC39: =+IF(Z39="N/A","N/A",MIN(Z39:AB39)) -> 84463.055 | AD39: =+IF(Z39="N/A","N/A",ROUND(AVERAGE(Z39:AB39),0)) -> 273087 | AE39: =+IF(AC39="N/A","N/A",AVERAGE(AC39:AD39)) -> 178775.03 | AG39: 132784.58 | AH39: 271482.45 | AI39: 58463.942 | AJ39: =+IF(AG39="N/A","N/A",MIN(AG39:AI39)) -> 58463.942 | AK39: =+IF(AG39="N/A","N/A",ROUND(AVERAGE(AG39:AI39),0)) -> 154244 | AL39: =+IF(AJ39="N/A","N/A",AVERAGE(AJ39:AK39)) -> 106353.97 | AN39: 112833.92 | AO39: 266052.8 | AP39: 49679.834 | AQ39: =+IF(AN39="N/A","N/A",MIN(AN39:AP39)) -> 49679.834 | AR39: =+IF(AN39="N/A","N/A",ROUND(AVERAGE(AN39:AP39),0)) -> 142856 | AS39: =+IF(AQ39="N/A","N/A",AVERAGE(AQ39:AR39)) -> 96267.917 | AU39: 119113.55 | AV39: 303300.19 | AW39: 52444.703 | AX39: =+IF(AU39="N/A","N/A",MIN(AU39:AW39)) -> 52444.703 | AY39: =+IF(AU39="N/A","N/A",ROUND(AVERAGE(AU39:AW39),0)) -> 158286 | AZ39: =+IF(AX39="N/A","N/A",AVERAGE(AX39:AY39)) -> 105365.35 | BB39: 165607.93 | BC39: 575542.79 | BD39: 72915.79 | BE39: =+IF(BB39="N/A","N/A",MIN(BB39:BD39)) -> 72915.79 | BF39: =+IF(BB39="N/A","N/A",ROUND(AVERAGE(BB39:BD39),0)) -> 271356 | BG39: =+IF(BE39="N/A","N/A",AVERAGE(BE39:BF39)) -> 172135.9 | BI39: 117677.38 | BJ39: 282069.18 | BK39: 51812.37 | BL39: =+IF(BI39="N/A","N/A",MIN(BI39:BK39)) -> 51812.37 | BM39: =+IF(BI39="N/A","N/A",ROUND(AVERAGE(BI39:BK39),0)) -> 150520 | BN39: =+IF(BL39="N/A","N/A",AVERAGE(BL39:BM39)) -> 101166.19 | BP39: N/A | BQ39: N/A | BR39: N/A | BS39: N/A | BT39: N/A | BU39: N/A | BW39: 140695.8 | BX39: 438998 | BY39: 61947.188 | BZ39: =+IF(BW39="N/A","N/A",MIN(BW39:BY39)) -> 61947.188 | CA39: =+IF(BW39="N/A","N/A",ROUND(AVERAGE(BW39:BY39),0)) -> 213880 | CB39: =+IF(BZ39="N/A","N/A",AVERAGE(BZ39:CA39)) -> 137913.59 | CD39: 159989.16 | CE39: 372331.32 | CF39: 70441.894 | CG39: =+IF(CD39="N/A","N/A",MIN(CD39:CF39)) -> 70441.894 | CH39: =+IF(CD39="N/A","N/A",ROUND(AVERAGE(CD39:CF39),0)) -> 200921 | CI39: =+IF(CG39="N/A","N/A",AVERAGE(CG39:CH39)) -> 135681.45 | CK39: 169667.46 | CL39: 314348.1 | CM39: 74703.169 | CN39: =+IF(CK39="N/A","N/A",MIN(CK39:CM39)) -> 74703.169 | CO39: =+IF(CK39="N/A","N/A",ROUND(AVERAGE(CK39:CM39),0)) -> 186240 | CP39: =+IF(CN39="N/A","N/A",AVERAGE(CN39:CO39)) -> 130471.58 | CR39: 182967.58 | CS39: 342639.43 | CT39: 80559.1 | CU39: =+IF(CR39="N/A","N/A",MIN(CR39:CT39)) -> 80559.1 | CV39: =+IF(CR39="N/A","N/A",ROUND(AVERAGE(CR39:CT39),0)) -> 202055 | CW39: =+IF(CU39="N/A","N/A",AVERAGE(CU39:CV39)) -> 141307.05 | CY39: 151933.97 | CZ39: 335786.64 | DA39: 66895.26 | DB39: =+IF(CY39="N/A","N/A",MIN(CY39:DA39)) -> 66895.26 | DC39: =+IF(CY39="N/A","N/A",ROUND(AVERAGE(CY39:DA39),0)) -> 184872 | DD39: =+IF(DB39="N/A","N/A",AVERAGE(DB39:DC39)) -> 125883.63 | DF39: 109072.78 | DG39: 329070.91 | DH39: 48023.836 | DI39: =+IF(DF39="N/A","N/A",MIN(DF39:DH39)) -> 48023.836 | DJ39: =+IF(DF39="N/A","N/A",ROUND(AVERAGE(DF39:DH39),0)) -> 162056 | DK39: =+IF(DI39="N/A","N/A",AVERAGE(DI39:DJ39)) -> 105039.92 | DM39: 137747.17 | DN39: 381722.25 | DO39: 60648.933 | DP39: =+IF(DM39="N/A","N/A",MIN(DM39:DO39)) -> 60648.933 | DQ39: =+IF(DM39="N/A","N/A",ROUND(AVERAGE(DM39:DO39),0)) -> 193373 | DR39: =+IF(DP39="N/A","N/A",AVERAGE(DP39:DQ39)) -> 127010.97 | DT39: 126088.66 | DU39: 492421.71 | DV39: 55515.785 | DW39: =+IF(DT39="N/A","N/A",MIN(DT39:DV39)) -> 55515.785 | DX39: =+IF(DT39="N/A","N/A",ROUND(AVERAGE(DT39:DV39),0)) -> 224675 | DY39: =+IF(DW39="N/A","N/A",AVERAGE(DW39:DX39)) -> 140095.39 | EA39: 101506.49 | EB39: 329070.91 | EC39: 44692.461 | ED39: =+IF(EA39="N/A","N/A",MIN(EA39:EC39)) -> 44692.461 | EE39: =+IF(EA39="N/A","N/A",ROUND(AVERAGE(EA39:EC39),0)) -> 158423 | EF39: =+IF(ED39="N/A","N/A",AVERAGE(ED39:EE39)) -> 101557.73 | EH39: 154771.33 | EI39: 414629.34 | EJ39: 68144.525 | EK39: =+IF(EH39="N/A","N/A",MIN(EH39:EJ39)) -> 68144.525 | EL39: =+IF(EH39="N/A","N/A",ROUND(AVERAGE(EH39:EJ39),0)) -> 212515 | EM39: =+IF(EK39="N/A","N/A",AVERAGE(EK39:EL39)) -> 140329.76 | EO39: 184421.73 | EP39: 700723.59 | EQ39: 81199.349 | ER39: =+IF(EO39="N/A","N/A",MIN(EO39:EQ39)) -> 81199.349 | ES39: =+IF(EO39="N/A","N/A",ROUND(AVERAGE(EO39:EQ39),0)) -> 322115 | ET39: =+IF(ER39="N/A","N/A",AVERAGE(ER39:ES39)) -> 201657.17 | EV39: 176147.99 | EW39: 679701.88 | EX39: 77556.491 | EY39: =+IF(EV39="N/A","N/A",MIN(EV39:EX39)) -> 77556.491 | EZ39: =+IF(EV39="N/A","N/A",ROUND(AVERAGE(EV39:EX39),0)) -> 311135 | FA39: =+IF(EY39="N/A","N/A",AVERAGE(EY39:EZ39)) -> 194345.75
A40: 27 | B40: Interiores De Botella | C40: 1 | E40: 437084.04 | F40: 626905 | G40: 192444.46 | H40: =+IF(E40="N/A","N/A",MIN(E40:G40)) -> 192444.46 | I40: =+IF(E40="N/A","N/A",ROUND(AVERAGE(E40:G40),0)) -> 418811 | J40: =+IF(H40="N/A","N/A",AVERAGE(H40:I40)) -> 305627.73 | L40: 452381.98 | M40: 626905 | N40: N/A | O40: =+IF(L40="N/A","N/A",MIN(L40:N40)) -> 452381.98 | P40: =+IF(L40="N/A","N/A",ROUND(AVERAGE(L40:N40),0)) -> 539643 | Q40: =+IF(O40="N/A","N/A",AVERAGE(O40:P40)) -> 496012.49 | S40: 367763.73 | T40: 539138.3 | U40: 161923.3 | V40: =+IF(S40="N/A","N/A",MIN(S40:U40)) -> 161923.3 | W40: =+IF(S40="N/A","N/A",ROUND(AVERAGE(S40:U40),0)) -> 356275 | X40: =+IF(V40="N/A","N/A",AVERAGE(V40:W40)) -> 259099.15 | Z40: 842822.59 | AA40: 1191119.5 | AB40: 371087.77 | AC40: =+IF(Z40="N/A","N/A",MIN(Z40:AB40)) -> 371087.77 | AD40: =+IF(Z40="N/A","N/A",ROUND(AVERAGE(Z40:AB40),0)) -> 801677 | AE40: =+IF(AC40="N/A","N/A",AVERAGE(AC40:AD40)) -> 586382.38 | AG40: 666998.24 | AH40: 595559.75 | AI40: 293673.76 | AJ40: =+IF(AG40="N/A","N/A",MIN(AG40:AI40)) -> 293673.76 | AK40: =+IF(AG40="N/A","N/A",ROUND(AVERAGE(AG40:AI40),0)) -> 518744 | AL40: =+IF(AJ40="N/A","N/A",AVERAGE(AJ40:AK40)) -> 406208.88 | AN40: 447088.69 | AO40: 583648.55 | AP40: 196849.43 | AQ40: =+IF(AN40="N/A","N/A",MIN(AN40:AP40)) -> 196849.43 | AR40: =+IF(AN40="N/A","N/A",ROUND(AVERAGE(AN40:AP40),0)) -> 409196 | AS40: =+IF(AQ40="N/A","N/A",AVERAGE(AQ40:AR40)) -> 303022.71 | AU40: 462391.56 | AV40: 665359.35 | AW40: 203587.15 | AX40: =+IF(AU40="N/A","N/A",MIN(AU40:AW40)) -> 203587.15 | AY40: =+IF(AU40="N/A","N/A",ROUND(AVERAGE(AU40:AW40),0)) -> 443779 | AZ40: =+IF(AX40="N/A","N/A",AVERAGE(AX40:AY40)) -> 323683.08 | BB40: 664499.24 | BC40: 1262586.7 | BD40: 292573.48 | BE40: =+IF(BB40="N/A","N/A",MIN(BB40:BD40)) -> 292573.48 | BF40: =+IF(BB40="N/A","N/A",ROUND(AVERAGE(BB40:BD40),0)) -> 739886 | BG40: =+IF(BE40="N/A","N/A",AVERAGE(BE40:BF40)) -> 516229.74 | BI40: 459050.76 | BJ40: 618784.2 | BK40: 202116.22 | BL40: =+IF(BI40="N/A","N/A",MIN(BI40:BK40)) -> 202116.22 | BM40: =+IF(BI40="N/A","N/A",ROUND(AVERAGE(BI40:BK40),0)) -> 426650 | BN40: =+IF(BL40="N/A","N/A",AVERAGE(BL40:BM40)) -> 314383.11 | BP40: 485015.17 | BQ40: 614366.9 | BR40: 213548.14 | BS40: =+IF(BP40="N/A","N/A",MIN(BP40:BR40)) -> 213548.14 | BT40: =+IF(BP40="N/A","N/A",ROUND(AVERAGE(BP40:BR40),0)) -> 437643 | BU40: =+IF(BS40="N/A","N/A",AVERAGE(BS40:BT40)) -> 325595.57 | BW40: 514298.72 | BX40: 706521.93 | BY40: 226441.44 | BZ40: =+IF(BW40="N/A","N/A",MIN(BW40:BY40)) -> 226441.44 | CA40: =+IF(BW40="N/A","N/A",ROUND(AVERAGE(BW40:BY40),0)) -> 482421 | CB40: =+IF(BZ40="N/A","N/A",AVERAGE(BZ40:CA40)) -> 354431.22 | CD40: 746233.3 | CE40: 816795.14 | CF40: 328560.3 | CG40: =+IF(CD40="N/A","N/A",MIN(CD40:CF40)) -> 328560.3 | CH40: =+IF(CD40="N/A","N/A",ROUND(AVERAGE(CD40:CF40),0)) -> 630530 | CI40: =+IF(CG40="N/A","N/A",AVERAGE(CG40:CH40)) -> 479545.15 | CK40: 791258.08 | CL40: 689595.5 | CM40: 348384.34 | CN40: =+IF(CK40="N/A","N/A",MIN(CK40:CM40)) -> 348384.34 | CO40: =+IF(CK40="N/A","N/A",ROUND(AVERAGE(CK40:CM40),0)) -> 609746 | CP40: =+IF(CN40="N/A","N/A",AVERAGE(CN40:CO40)) -> 479065.17 | CR40: 822196.79 | CS40: 751659.1 | CT40: 362006.39 | CU40: =+IF(CR40="N/A","N/A",MIN(CR40:CT40)) -> 362006.39 | CV40: =+IF(CR40="N/A","N/A",ROUND(AVERAGE(CR40:CT40),0)) -> 645287 | CW40: =+IF(CU40="N/A","N/A",AVERAGE(CU40:CV40)) -> 503646.7 | CY40: 690019.38 | CZ40: 736625.91 | DA40: 303809.78 | DB40: =+IF(CY40="N/A","N/A",MIN(CY40:DA40)) -> 303809.78 | DC40: =+IF(CY40="N/A","N/A",ROUND(AVERAGE(CY40:DA40),0)) -> 576818 | DD40: =+IF(DB40="N/A","N/A",AVERAGE(DB40:DC40)) -> 440313.89 | DF40: 439034.75 | DG40: 721893.39 | DH40: 193303.34 | DI40: =+IF(DF40="N/A","N/A",MIN(DF40:DH40)) -> 193303.34 | DJ40: =+IF(DF40="N/A","N/A",ROUND(AVERAGE(DF40:DH40),0)) -> 451410 | DK40: =+IF(DI40="N/A","N/A",AVERAGE(DI40:DJ40)) -> 322356.67 | DM40: 591015.51 | DN40: 837396.34 | DO40: 260219.2 | DP40: =+IF(DM40="N/A","N/A",MIN(DM40:DO40)) -> 260219.2 | DQ40: =+IF(DM40="N/A","N/A",ROUND(AVERAGE(DM40:DO40),0)) -> 562877 | DR40: =+IF(DP40="N/A","N/A",AVERAGE(DP40:DQ40)) -> 411548.1 | DT40: 480319.62 | DU40: 1080241.3 | DV40: 211480.72 | DW40: =+IF(DT40="N/A","N/A",MIN(DT40:DV40)) -> 211480.72 | DX40: =+IF(DT40="N/A","N/A",ROUND(AVERAGE(DT40:DV40),0)) -> 590681 | DY40: =+IF(DW40="N/A","N/A",AVERAGE(DW40:DX40)) -> 401080.86 | EA40: 421434.06 | EB40: 721893.39 | EC40: 185553.9 | ED40: =+IF(EA40="N/A","N/A",MIN(EA40:EC40)) -> 185553.9 | EE40: =+IF(EA40="N/A","N/A",ROUND(AVERAGE(EA40:EC40),0)) -> 442960 | EF40: =+IF(ED40="N/A","N/A",AVERAGE(ED40:EE40)) -> 314256.95 | EH40: 709820.16 | EI40: 909585.68 | EJ40: 312527.9 | EK40: =+IF(EH40="N/A","N/A",MIN(EH40:EJ40)) -> 312527.9 | EL40: =+IF(EH40="N/A","N/A",ROUND(AVERAGE(EH40:EJ40),0)) -> 643978 | EM40: =+IF(EK40="N/A","N/A",AVERAGE(EK40:EL40)) -> 478252.95 | EO40: 825579.42 | EP40: 1537199.8 | EQ40: 363495.74 | ER40: =+IF(EO40="N/A","N/A",MIN(EO40:EQ40)) -> 363495.74 | ES40: =+IF(EO40="N/A","N/A",ROUND(AVERAGE(EO40:EQ40),0)) -> 908758 | ET40: =+IF(ER40="N/A","N/A",AVERAGE(ER40:ES40)) -> 636126.87 | EV40: 806333.07 | EW40: 1491083.8 | EX40: 355021.73 | EY40: =+IF(EV40="N/A","N/A",MIN(EV40:EX40)) -> 355021.73 | EZ40: =+IF(EV40="N/A","N/A",ROUND(AVERAGE(EV40:EX40),0)) -> 884146 | FA40: =+IF(EY40="N/A","N/A",AVERAGE(EY40:EZ40)) -> 619583.86
A41: 28 | B41: Juego de Amortiguadores Delanteros (PAR) | C41: 1 | E41: 429484.43 | F41: 978994 | G41: 189098.42 | H41: =+IF(E41="N/A","N/A",MIN(E41:G41)) -> 189098.42 | I41: =+IF(E41="N/A","N/A",ROUND(AVERAGE(E41:G41),0)) -> 532526 | J41: =+IF(H41="N/A","N/A",AVERAGE(H41:I41)) -> 360812.21 | L41: 444516.39 | M41: 978994 | N41: N/A | O41: =+IF(L41="N/A","N/A",MIN(L41:N41)) -> 444516.39 | P41: =+IF(L41="N/A","N/A",ROUND(AVERAGE(L41:N41),0)) -> 711755 | Q41: =+IF(O41="N/A","N/A",AVERAGE(O41:P41)) -> 578135.69 | S41: 346392.07 | T41: 841934.84 | U41: 152513.54 | V41: =+IF(S41="N/A","N/A",MIN(S41:U41)) -> 152513.54 | W41: =+IF(S41="N/A","N/A",ROUND(AVERAGE(S41:U41),0)) -> 446947 | X41: =+IF(V41="N/A","N/A",AVERAGE(V41:W41)) -> 299730.27 | Z41: 748731.97 | AA41: 1860088.6 | AB41: 329660.45 | AC41: =+IF(Z41="N/A","N/A",MIN(Z41:AB41)) -> 329660.45 | AD41: =+IF(Z41="N/A","N/A",ROUND(AVERAGE(Z41:AB41),0)) -> 979494 | AE41: =+IF(AC41="N/A","N/A",AVERAGE(AC41:AD41)) -> 654577.22 | AG41: 583541.03 | AH41: 930044.3 | AI41: 256928.25 | AJ41: =+IF(AG41="N/A","N/A",MIN(AG41:AI41)) -> 256928.25 | AK41: =+IF(AG41="N/A","N/A",ROUND(AVERAGE(AG41:AI41),0)) -> 590171 | AL41: =+IF(AJ41="N/A","N/A",AVERAGE(AJ41:AK41)) -> 423549.63 | AN41: 428278.16 | AO41: 911443.41 | AP41: 188567.31 | AQ41: =+IF(AN41="N/A","N/A",MIN(AN41:AP41)) -> 188567.31 | AR41: =+IF(AN41="N/A","N/A",ROUND(AVERAGE(AN41:AP41),0)) -> 509430 | AS41: =+IF(AQ41="N/A","N/A",AVERAGE(AQ41:AR41)) -> 348998.65 | AU41: 456404.5 | AV41: 1039045.5 | AW41: 200951.1 | AX41: =+IF(AU41="N/A","N/A",MIN(AU41:AW41)) -> 200951.1 | AY41: =+IF(AU41="N/A","N/A",ROUND(AVERAGE(AU41:AW41),0)) -> 565467 | AZ41: =+IF(AX41="N/A","N/A",AVERAGE(AX41:AY41)) -> 383209.05 | BB41: 594260.5 | BC41: 1971693.9 | BD41: 261647.95 | BE41: =+IF(BB41="N/A","N/A",MIN(BB41:BD41)) -> 261647.95 | BF41: =+IF(BB41="N/A","N/A",ROUND(AVERAGE(BB41:BD41),0)) -> 942534 | BG41: =+IF(BE41="N/A","N/A",AVERAGE(BE41:BF41)) -> 602090.97 | BI41: 452544.91 | BJ41: 966312.31 | BK41: 199251.75 | BL41: =+IF(BI41="N/A","N/A",MIN(BI41:BK41)) -> 199251.75 | BM41: =+IF(BI41="N/A","N/A",ROUND(AVERAGE(BI41:BK41),0)) -> 539370 | BN41: =+IF(BL41="N/A","N/A",AVERAGE(BL41:BM41)) -> 369310.88 | BP41: 478261.4 | BQ41: 959414.12 | BR41: 210574.51 | BS41: =+IF(BP41="N/A","N/A",MIN(BP41:BR41)) -> 210574.51 | BT41: =+IF(BP41="N/A","N/A",ROUND(AVERAGE(BP41:BR41),0)) -> 549417 | BU41: =+IF(BS41="N/A","N/A",AVERAGE(BS41:BT41)) -> 379995.76 | BW41: 512092.33 | BX41: 1103326.2 | BY41: 225469.99 | BZ41: =+IF(BW41="N/A","N/A",MIN(BW41:BY41)) -> 225469.99 | CA41: =+IF(BW41="N/A","N/A",ROUND(AVERAGE(BW41:BY41),0)) -> 613630 | CB41: =+IF(BZ41="N/A","N/A",AVERAGE(BZ41:CA41)) -> 419549.99 | CD41: 707277.69 | CE41: 1275532.2 | CF41: 311408.47 | CG41: =+IF(CD41="N/A","N/A",MIN(CD41:CF41)) -> 311408.47 | CH41: =+IF(CD41="N/A","N/A",ROUND(AVERAGE(CD41:CF41),0)) -> 764739 | CI41: =+IF(CG41="N/A","N/A",AVERAGE(CG41:CH41)) -> 538073.74 | CK41: 733287.42 | CL41: 1076893.4 | CM41: 322860.34 | CN41: =+IF(CK41="N/A","N/A",MIN(CK41:CM41)) -> 322860.34 | CO41: =+IF(CK41="N/A","N/A",ROUND(AVERAGE(CK41:CM41),0)) -> 711014 | CP41: =+IF(CN41="N/A","N/A",AVERAGE(CN41:CO41)) -> 516937.17 | CR41: 769030.53 | CS41: 1173813.8 | CT41: 338597.74 | CU41: =+IF(CR41="N/A","N/A",MIN(CR41:CT41)) -> 338597.74 | CV41: =+IF(CR41="N/A","N/A",ROUND(AVERAGE(CR41:CT41),0)) -> 760481 | CW41: =+IF(CU41="N/A","N/A",AVERAGE(CU41:CV41)) -> 549539.37 | CY41: 685629.94 | CZ41: 1150337.5 | DA41: 301877.15 | DB41: =+IF(CY41="N/A","N/A",MIN(CY41:DA41)) -> 301877.15 | DC41: =+IF(CY41="N/A","N/A",ROUND(AVERAGE(CY41:DA41),0)) -> 712615 | DD41: =+IF(DB41="N/A","N/A",AVERAGE(DB41:DC41)) -> 507246.07 | DF41: 429420.66 | DG41: 1127330.8 | DH41: 189070.34 | DI41: =+IF(DF41="N/A","N/A",MIN(DF41:DH41)) -> 189070.34 | DJ41: =+IF(DF41="N/A","N/A",ROUND(AVERAGE(DF41:DH41),0)) -> 581941 | DK41: =+IF(DI41="N/A","N/A",AVERAGE(DI41:DJ41)) -> 385505.67 | DM41: 622511.85 | DN41: 1307703.7 | DO41: 274086.78 | DP41: =+IF(DM41="N/A","N/A",MIN(DM41:DO41)) -> 274086.78 | DQ41: =+IF(DM41="N/A","N/A",ROUND(AVERAGE(DM41:DO41),0)) -> 734767 | DR41: =+IF(DP41="N/A","N/A",AVERAGE(DP41:DQ41)) -> 504426.89 | DT41: 472836.69 | DU41: 1686937.8 | DV41: 208186.05 | DW41: =+IF(DT41="N/A","N/A",MIN(DT41:DV41)) -> 208186.05 | DX41: =+IF(DT41="N/A","N/A",ROUND(AVERAGE(DT41:DV41),0)) -> 789320 | DY41: =+IF(DW41="N/A","N/A",AVERAGE(DW41:DX41)) -> 498753.03 | EA41: 409086.8 | EB41: 1127330.8 | EC41: 180117.51 | ED41: =+IF(EA41="N/A","N/A",MIN(EA41:EC41)) -> 180117.51 | EE41: =+IF(EA41="N/A","N/A",ROUND(AVERAGE(EA41:EC41),0)) -> 572178 | EF41: =+IF(ED41="N/A","N/A",AVERAGE(ED41:EE41)) -> 376147.75 | EH41: 693255.13 | EI41: 1420436.8 | EJ41: 305234.46 | EK41: =+IF(EH41="N/A","N/A",MIN(EH41:EJ41)) -> 305234.46 | EL41: =+IF(EH41="N/A","N/A",ROUND(AVERAGE(EH41:EJ41),0)) -> 806309 | EM41: =+IF(EK41="N/A","N/A",AVERAGE(EK41:EL41)) -> 555771.73 | EO41: 772938.45 | EP41: 2400538.2 | EQ41: 340318.36 | ER41: =+IF(EO41="N/A","N/A",MIN(EO41:EQ41)) -> 340318.36 | ES41: =+IF(EO41="N/A","N/A",ROUND(AVERAGE(EO41:EQ41),0)) -> 1171265 | ET41: =+IF(ER41="N/A","N/A",AVERAGE(ER41:ES41)) -> 755791.68 | EV41: 750703.37 | EW41: 2328522 | EX41: 330528.44 | EY41: =+IF(EV41="N/A","N/A",MIN(EV41:EX41)) -> 330528.44 | EZ41: =+IF(EV41="N/A","N/A",ROUND(AVERAGE(EV41:EX41),0)) -> 1136585 | FA41: =+IF(EY41="N/A","N/A",AVERAGE(EY41:EZ41)) -> 733556.72
A42: 29 | B42: Juego de Amortiguadores Traseros (PAR) | C42: 1 | E42: 425256.38 | F42: 957830 | G42: 187236.84 | H42: =+IF(E42="N/A","N/A",MIN(E42:G42)) -> 187236.84 | I42: =+IF(E42="N/A","N/A",ROUND(AVERAGE(E42:G42),0)) -> 523441 | J42: =+IF(H42="N/A","N/A",AVERAGE(H42:I42)) -> 355338.92 | L42: 440140.35 | M42: 957830 | N42: N/A | O42: =+IF(L42="N/A","N/A",MIN(L42:N42)) -> 440140.35 | P42: =+IF(L42="N/A","N/A",ROUND(AVERAGE(L42:N42),0)) -> 698985 | Q42: =+IF(O42="N/A","N/A",AVERAGE(O42:P42)) -> 569562.67 | S42: 341598.14 | T42: 823733.8 | U42: 150402.82 | V42: =+IF(S42="N/A","N/A",MIN(S42:U42)) -> 150402.82 | W42: =+IF(S42="N/A","N/A",ROUND(AVERAGE(S42:U42),0)) -> 438578 | X42: =+IF(V42="N/A","N/A",AVERAGE(V42:W42)) -> 294490.41 | Z42: 751559.25 | AA42: 1819877 | AB42: 330905.27 | AC42: =+IF(Z42="N/A","N/A",MIN(Z42:AB42)) -> 330905.27 | AD42: =+IF(Z42="N/A","N/A",ROUND(AVERAGE(Z42:AB42),0)) -> 967447 | AE42: =+IF(AC42="N/A","N/A",AVERAGE(AC42:AD42)) -> 649176.14 | AG42: 585630.75 | AH42: 909938.5 | AI42: 257848.34 | AJ42: =+IF(AG42="N/A","N/A",MIN(AG42:AI42)) -> 257848.34 | AK42: =+IF(AG42="N/A","N/A",ROUND(AVERAGE(AG42:AI42),0)) -> 584473 | AL42: =+IF(AJ42="N/A","N/A",AVERAGE(AJ42:AK42)) -> 421160.67 | AN42: 422928.98 | AO42: 891739.73 | AP42: 186212.11 | AQ42: =+IF(AN42="N/A","N/A",MIN(AN42:AP42)) -> 186212.11 | AR42: =+IF(AN42="N/A","N/A",ROUND(AVERAGE(AN42:AP42),0)) -> 500294 | AS42: =+IF(AQ42="N/A","N/A",AVERAGE(AQ42:AR42)) -> 343253.05 | AU42: 451123.59 | AV42: 1016583.3 | AW42: 198625.96 | AX42: =+IF(AU42="N/A","N/A",MIN(AU42:AW42)) -> 198625.96 | AY42: =+IF(AU42="N/A","N/A",ROUND(AVERAGE(AU42:AW42),0)) -> 555444 | AZ42: =+IF(AX42="N/A","N/A",AVERAGE(AX42:AY42)) -> 377034.98 | BB42: 586304.05 | BC42: 1929069.6 | BD42: 258144.79 | BE42: =+IF(BB42="N/A","N/A",MIN(BB42:BD42)) -> 258144.79 | BF42: =+IF(BB42="N/A","N/A",ROUND(AVERAGE(BB42:BD42),0)) -> 924506 | BG42: =+IF(BE42="N/A","N/A",AVERAGE(BE42:BF42)) -> 591325.39 | BI42: 447220.99 | BJ42: 945422.46 | BK42: 196907.67 | BL42: =+IF(BI42="N/A","N/A",MIN(BI42:BK42)) -> 196907.67 | BM42: =+IF(BI42="N/A","N/A",ROUND(AVERAGE(BI42:BK42),0)) -> 529850 | BN42: =+IF(BL42="N/A","N/A",AVERAGE(BL42:BM42)) -> 363378.84 | BP42: 472852.64 | BQ42: 938673.4 | BR42: 208193.08 | BS42: =+IF(BP42="N/A","N/A",MIN(BP42:BR42)) -> 208193.08 | BT42: =+IF(BP42="N/A","N/A",ROUND(AVERAGE(BP42:BR42),0)) -> 539906 | BU42: =+IF(BS42="N/A","N/A",AVERAGE(BS42:BT42)) -> 374049.54 | BW42: 507060.54 | BX42: 1079474.4 | BY42: 223254.53 | BZ42: =+IF(BW42="N/A","N/A",MIN(BW42:BY42)) -> 223254.53 | CA42: =+IF(BW42="N/A","N/A",ROUND(AVERAGE(BW42:BY42),0)) -> 603263 | CB42: =+IF(BZ42="N/A","N/A",AVERAGE(BZ42:CA42)) -> 413258.76 | CD42: 709643.05 | CE42: 1247957.6 | CF42: 312449.92 | CG42: =+IF(CD42="N/A","N/A",MIN(CD42:CF42)) -> 312449.92 | CH42: =+IF(CD42="N/A","N/A",ROUND(AVERAGE(CD42:CF42),0)) -> 756684 | CI42: =+IF(CG42="N/A","N/A",AVERAGE(CG42:CH42)) -> 534566.96 | CK42: 735942.6 | CL42: 1053613 | CM42: 324029.39 | CN42: =+IF(CK42="N/A","N/A",MIN(CK42:CM42)) -> 324029.39 | CO42: =+IF(CK42="N/A","N/A",ROUND(AVERAGE(CK42:CM42),0)) -> 704528 | CP42: =+IF(CN42="N/A","N/A",AVERAGE(CN42:CO42)) -> 514278.7 | CR42: 772083.99 | CS42: 1148438.2 | CT42: 339942.15 | CU42: =+IF(CR42="N/A","N/A",MIN(CR42:CT42)) -> 339942.15 | CV42: =+IF(CR42="N/A","N/A",ROUND(AVERAGE(CR42:CT42),0)) -> 753488 | CW42: =+IF(CU42="N/A","N/A",AVERAGE(CU42:CV42)) -> 546715.07 | CY42: 687754.08 | CZ42: 1125469.4 | DA42: 302812.39 | DB42: =+IF(CY42="N/A","N/A",MIN(CY42:DA42)) -> 302812.39 | DC42: =+IF(CY42="N/A","N/A",ROUND(AVERAGE(CY42:DA42),0)) -> 705345 | DD42: =+IF(DB42="N/A","N/A",AVERAGE(DB42:DC42)) -> 504078.7 | DF42: 423839.07 | DG42: 1102960 | DH42: 186612.81 | DI42: =+IF(DF42="N/A","N/A",MIN(DF42:DH42)) -> 186612.81 | DJ42: =+IF(DF42="N/A","N/A",ROUND(AVERAGE(DF42:DH42),0)) -> 571137 | DK42: =+IF(DI42="N/A","N/A",AVERAGE(DI42:DJ42)) -> 378874.91 | DM42: 627609.79 | DN42: 1279433.6 | DO42: 276331.36 | DP42: =+IF(DM42="N/A","N/A",MIN(DM42:DO42)) -> 276331.36 | DQ42: =+IF(DM42="N/A","N/A",ROUND(AVERAGE(DM42:DO42),0)) -> 727792 | DR42: =+IF(DP42="N/A","N/A",AVERAGE(DP42:DQ42)) -> 502061.68 | DT42: 467367.48 | DU42: 1650469.4 | DV42: 205778 | DW42: =+IF(DT42="N/A","N/A",MIN(DT42:DV42)) -> 205778 | DX42: =+IF(DT42="N/A","N/A",ROUND(AVERAGE(DT42:DV42),0)) -> 774538 | DY42: =+IF(DW42="N/A","N/A",AVERAGE(DW42:DX42)) -> 490158 | EA42: 403278.63 | EB42: 1102960 | EC42: 177560.22 | ED42: =+IF(EA42="N/A","N/A",MIN(EA42:EC42)) -> 177560.22 | EE42: =+IF(EA42="N/A","N/A",ROUND(AVERAGE(EA42:EC42),0)) -> 561266 | EF42: =+IF(ED42="N/A","N/A",AVERAGE(ED42:EE42)) -> 369413.11 | EH42: 695464.24 | EI42: 1389729.6 | EJ42: 306207.11 | EK42: =+IF(EH42="N/A","N/A",MIN(EH42:EJ42)) -> 306207.11 | EL42: =+IF(EH42="N/A","N/A",ROUND(AVERAGE(EH42:EJ42),0)) -> 797134 | EM42: =+IF(EK42="N/A","N/A",AVERAGE(EK42:EL42)) -> 551670.56 | EO42: 776035.45 | EP42: 2348643.1 | EQ42: 341681.94 | ER42: =+IF(EO42="N/A","N/A",MIN(EO42:EQ42)) -> 341681.94 | ES42: =+IF(EO42="N/A","N/A",ROUND(AVERAGE(EO42:EQ42),0)) -> 1155453 | ET42: =+IF(ER42="N/A","N/A",AVERAGE(ER42:ES42)) -> 748567.47 | EV42: 753552.61 | EW42: 2278183.8 | EX42: 331782.94 | EY42: =+IF(EV42="N/A","N/A",MIN(EV42:EX42)) -> 331782.94 | EZ42: =+IF(EV42="N/A","N/A",ROUND(AVERAGE(EV42:EX42),0)) -> 1121173 | FA42: =+IF(EY42="N/A","N/A",AVERAGE(EY42:EZ42)) -> 726477.97
A43: 30 | B43: Cauchos Barra Estabilizadora | C43: 1 | E43: 34268.615 | F43: 89044 | G43: 15088.185 | H43: =+IF(E43="N/A","N/A",MIN(E43:G43)) -> 15088.185 | I43: =+IF(E43="N/A","N/A",ROUND(AVERAGE(E43:G43),0)) -> 46134 | J43: =+IF(H43="N/A","N/A",AVERAGE(H43:I43)) -> 30611.093 | L43: 35468.016 | M43: 89044 | N43: N/A | O43: =+IF(L43="N/A","N/A",MIN(L43:N43)) -> 35468.016 | P43: =+IF(L43="N/A","N/A",ROUND(AVERAGE(L43:N43),0)) -> 62256 | Q43: =+IF(O43="N/A","N/A",AVERAGE(O43:P43)) -> 48862.008 | S43: 28973.08 | T43: 76577.84 | U43: 12756.606 | V43: =+IF(S43="N/A","N/A",MIN(S43:U43)) -> 12756.606 | W43: =+IF(S43="N/A","N/A",ROUND(AVERAGE(S43:U43),0)) -> 39436 | X43: =+IF(V43="N/A","N/A",AVERAGE(V43:W43)) -> 26096.303 | Z43: 75465.135 | AA43: 169183.6 | AB43: 33226.67 | AC43: =+IF(Z43="N/A","N/A",MIN(Z43:AB43)) -> 33226.67 | AD43: =+IF(Z43="N/A","N/A",ROUND(AVERAGE(Z43:AB43),0)) -> 92625 | AE43: =+IF(AC43="N/A","N/A",AVERAGE(AC43:AD43)) -> 62925.835 | AG43: 51515.085 | AH43: 84591.8 | AI43: 22681.663 | AJ43: =+IF(AG43="N/A","N/A",MIN(AG43:AI43)) -> 22681.663 | AK43: =+IF(AG43="N/A","N/A",ROUND(AVERAGE(AG43:AI43),0)) -> 52930 | AL43: =+IF(AJ43="N/A","N/A",AVERAGE(AJ43:AK43)) -> 37805.831 | AN43: 36513.827 | AO43: 82899.964 | AP43: 16076.734 | AQ43: =+IF(AN43="N/A","N/A",MIN(AN43:AP43)) -> 16076.734 | AR43: =+IF(AN43="N/A","N/A",ROUND(AVERAGE(AN43:AP43),0)) -> 45164 | AS43: =+IF(AQ43="N/A","N/A",AVERAGE(AQ43:AR43)) -> 30620.367 | AU43: 40846.102 | AV43: 94505.959 | AW43: 17984.198 | AX43: =+IF(AU43="N/A","N/A",MIN(AU43:AW43)) -> 17984.198 | AY43: =+IF(AU43="N/A","N/A",ROUND(AVERAGE(AU43:AW43),0)) -> 51112 | AZ43: =+IF(AX43="N/A","N/A",AVERAGE(AX43:AY43)) -> 34548.099 | BB43: 56648.05 | BC43: 179334.62 | BD43: 24941.664 | BE43: =+IF(BB43="N/A","N/A",MIN(BB43:BD43)) -> 24941.664 | BF43: =+IF(BB43="N/A","N/A",ROUND(AVERAGE(BB43:BD43),0)) -> 86975 | BG43: =+IF(BE43="N/A","N/A",AVERAGE(BE43:BF43)) -> 55958.332 | BI43: 40636.769 | BJ43: 87890.542 | BK43: 17892.031 | BL43: =+IF(BI43="N/A","N/A",MIN(BI43:BK43)) -> 17892.031 | BM43: =+IF(BI43="N/A","N/A",ROUND(AVERAGE(BI43:BK43),0)) -> 48806 | BN43: =+IF(BL43="N/A","N/A",AVERAGE(BL43:BM43)) -> 33349.015 | BP43: 42806.302 | BQ43: 87263.12 | BR43: 18847.258 | BS43: =+IF(BP43="N/A","N/A",MIN(BP43:BR43)) -> 18847.258 | BT43: =+IF(BP43="N/A","N/A",ROUND(AVERAGE(BP43:BR43),0)) -> 49639 | BU43: =+IF(BS43="N/A","N/A",AVERAGE(BS43:BT43)) -> 34243.129 | BW43: 44641.196 | BX43: 100352.59 | BY43: 19655.147 | BZ43: =+IF(BW43="N/A","N/A",MIN(BW43:BY43)) -> 19655.147 | CA43: =+IF(BW43="N/A","N/A",ROUND(AVERAGE(BW43:BY43),0)) -> 54883 | CB43: =+IF(BZ43="N/A","N/A",AVERAGE(BZ43:CA43)) -> 37269.073 | CD43: 61540.025 | CE43: 116015.52 | CF43: 27095.56 | CG43: =+IF(CD43="N/A","N/A",MIN(CD43:CF43)) -> 27095.56 | CH43: =+IF(CD43="N/A","N/A",ROUND(AVERAGE(CD43:CF43),0)) -> 68217 | CI43: =+IF(CG43="N/A","N/A",AVERAGE(CG43:CH43)) -> 47656.28 | CK43: 65772.108 | CL43: 97948.4 | CM43: 28958.911 | CN43: =+IF(CK43="N/A","N/A",MIN(CK43:CM43)) -> 28958.911 | CO43: =+IF(CK43="N/A","N/A",ROUND(AVERAGE(CK43:CM43),0)) -> 64226 | CP43: =+IF(CN43="N/A","N/A",AVERAGE(CN43:CO43)) -> 46592.456 | CR43: 71587.924 | CS43: 106763.76 | CT43: 31519.566 | CU43: =+IF(CR43="N/A","N/A",MIN(CR43:CT43)) -> 31519.566 | CV43: =+IF(CR43="N/A","N/A",ROUND(AVERAGE(CR43:CT43),0)) -> 69957 | CW43: =+IF(CU43="N/A","N/A",AVERAGE(CU43:CV43)) -> 50738.283 | CY43: 58017.686 | CZ43: 104628.48 | DA43: 25544.704 | DB43: =+IF(CY43="N/A","N/A",MIN(CY43:DA43)) -> 25544.704 | DC43: =+IF(CY43="N/A","N/A",ROUND(AVERAGE(CY43:DA43),0)) -> 62730 | DD43: =+IF(DB43="N/A","N/A",AVERAGE(DB43:DC43)) -> 44137.352 | DF43: 39382.575 | DG43: 102535.91 | DH43: 17339.819 | DI43: =+IF(DF43="N/A","N/A",MIN(DF43:DH43)) -> 17339.819 | DJ43: =+IF(DF43="N/A","N/A",ROUND(AVERAGE(DF43:DH43),0)) -> 53086 | DK43: =+IF(DI43="N/A","N/A",AVERAGE(DI43:DJ43)) -> 35212.91 | DM43: 51814.149 | DN43: 118941.66 | DO43: 22813.338 | DP43: =+IF(DM43="N/A","N/A",MIN(DM43:DO43)) -> 22813.338 | DQ43: =+IF(DM43="N/A","N/A",ROUND(AVERAGE(DM43:DO43),0)) -> 64523 | DR43: =+IF(DP43="N/A","N/A",AVERAGE(DP43:DQ43)) -> 43668.169 | DT43: 42512.081 | DU43: 153434.74 | DV43: 18717.715 | DW43: =+IF(DT43="N/A","N/A",MIN(DT43:DV43)) -> 18717.715 | DX43: =+IF(DT43="N/A","N/A",ROUND(AVERAGE(DT43:DV43),0)) -> 71555 | DY43: =+IF(DW43="N/A","N/A",AVERAGE(DW43:DX43)) -> 45136.357 | EA43: 38279.724 | EB43: 102535.91 | EC43: 16854.243 | ED43: =+IF(EA43="N/A","N/A",MIN(EA43:EC43)) -> 16854.243 | EE43: =+IF(EA43="N/A","N/A",ROUND(AVERAGE(EA43:EC43),0)) -> 52557 | EF43: =+IF(ED43="N/A","N/A",AVERAGE(ED43:EE43)) -> 34705.622 | EH43: 59258.394 | EI43: 129195.25 | EJ43: 26090.977 | EK43: =+IF(EH43="N/A","N/A",MIN(EH43:EJ43)) -> 26090.977 | EL43: =+IF(EH43="N/A","N/A",ROUND(AVERAGE(EH43:EJ43),0)) -> 71515 | EM43: =+IF(EK43="N/A","N/A",AVERAGE(EK43:EL43)) -> 48802.988 | EO43: 72223.787 | EP43: 218339.97 | EQ43: 31799.531 | ER43: =+IF(EO43="N/A","N/A",MIN(EO43:EQ43)) -> 31799.531 | ES43: =+IF(EO43="N/A","N/A",ROUND(AVERAGE(EO43:EQ43),0)) -> 107454 | ET43: =+IF(ER43="N/A","N/A",AVERAGE(ER43:ES43)) -> 69626.766 | EV43: 68605.884 | EW43: 211789.77 | EX43: 30206.599 | EY43: =+IF(EV43="N/A","N/A",MIN(EV43:EX43)) -> 30206.599 | EZ43: =+IF(EV43="N/A","N/A",ROUND(AVERAGE(EV43:EX43),0)) -> 103534 | FA43: =+IF(EY43="N/A","N/A",AVERAGE(EY43:EZ43)) -> 66870.299
A44: 31 | B44: Buje Barra Estabilizadora | C44: 1 | E44: 44090.323 | F44: 79712 | G44: 19412.602 | H44: =+IF(E44="N/A","N/A",MIN(E44:G44)) -> 19412.602 | I44: =+IF(E44="N/A","N/A",ROUND(AVERAGE(E44:G44),0)) -> 47738 | J44: =+IF(H44="N/A","N/A",AVERAGE(H44:I44)) -> 33575.301 | L44: 45633.484 | M44: 79712 | N44: N/A | O44: =+IF(L44="N/A","N/A",MIN(L44:N44)) -> 45633.484 | P44: =+IF(L44="N/A","N/A",ROUND(AVERAGE(L44:N44),0)) -> 62673 | Q44: =+IF(O44="N/A","N/A",AVERAGE(O44:P44)) -> 54153.242 | S44: 35609.131 | T44: 68552.32 | U44: 15678.404 | V44: =+IF(S44="N/A","N/A",MIN(S44:U44)) -> 15678.404 | W44: =+IF(S44="N/A","N/A",ROUND(AVERAGE(S44:U44),0)) -> 39947 | X44: =+IF(V44="N/A","N/A",AVERAGE(V44:W44)) -> 27812.702 | Z44: 105039.45 | AA44: 151452.8 | AB44: 46247.995 | AC44: =+IF(Z44="N/A","N/A",MIN(Z44:AB44)) -> 46247.995 | AD44: =+IF(Z44="N/A","N/A",ROUND(AVERAGE(Z44:AB44),0)) -> 100913 | AE44: =+IF(AC44="N/A","N/A",AVERAGE(AC44:AD44)) -> 73580.497 | AG44: 70135.95 | AH44: 75726.4 | AI44: 30880.274 | AJ44: =+IF(AG44="N/A","N/A",MIN(AG44:AI44)) -> 30880.274 | AK44: =+IF(AG44="N/A","N/A",ROUND(AVERAGE(AG44:AI44),0)) -> 58914 | AL44: =+IF(AJ44="N/A","N/A",AVERAGE(AJ44:AK44)) -> 44897.137 | AN44: 47627.786 | AO44: 74211.872 | AP44: 20970.117 | AQ44: =+IF(AN44="N/A","N/A",MIN(AN44:AP44)) -> 20970.117 | AR44: =+IF(AN44="N/A","N/A",ROUND(AVERAGE(AN44:AP44),0)) -> 47603 | AS44: =+IF(AQ44="N/A","N/A",AVERAGE(AQ44:AR44)) -> 34286.559 | AU44: 52162.822 | AV44: 84601.534 | AW44: 22966.856 | AX44: =+IF(AU44="N/A","N/A",MIN(AU44:AW44)) -> 22966.856 | AY44: =+IF(AU44="N/A","N/A",ROUND(AVERAGE(AU44:AW44),0)) -> 53244 | AZ44: =+IF(AX44="N/A","N/A",AVERAGE(AX44:AY44)) -> 38105.428 | BB44: 79735.179 | BC44: 160539.97 | BD44: 35106.735 | BE44: =+IF(BB44="N/A","N/A",MIN(BB44:BD44)) -> 35106.735 | BF44: =+IF(BB44="N/A","N/A",ROUND(AVERAGE(BB44:BD44),0)) -> 91794 | BG44: =+IF(BE44="N/A","N/A",AVERAGE(BE44:BF44)) -> 63450.367 | BI44: 51825.75 | BJ44: 78679.427 | BK44: 22818.446 | BL44: =+IF(BI44="N/A","N/A",MIN(BI44:BK44)) -> 22818.446 | BM44: =+IF(BI44="N/A","N/A",ROUND(AVERAGE(BI44:BK44),0)) -> 51108 | BN44: =+IF(BL44="N/A","N/A",AVERAGE(BL44:BM44)) -> 36963.223 | BP44: 55293.08 | BQ44: 78117.76 | BR44: 24345.082 | BS44: =+IF(BP44="N/A","N/A",MIN(BP44:BR44)) -> 24345.082 | BT44: =+IF(BP44="N/A","N/A",ROUND(AVERAGE(BP44:BR44),0)) -> 52585 | BU44: =+IF(BS44="N/A","N/A",AVERAGE(BS44:BT44)) -> 38465.041 | BW44: 58247.66 | BX44: 89835.424 | BY44: 25645.959 | BZ44: =+IF(BW44="N/A","N/A",MIN(BW44:BY44)) -> 25645.959 | CA44: =+IF(BW44="N/A","N/A",ROUND(AVERAGE(BW44:BY44),0)) -> 57910 | CB44: =+IF(BZ44="N/A","N/A",AVERAGE(BZ44:CA44)) -> 41777.98 | CD44: 82616.982 | CE44: 103856.84 | CF44: 36375.569 | CG44: =+IF(CD44="N/A","N/A",MIN(CD44:CF44)) -> 36375.569 | CH44: =+IF(CD44="N/A","N/A",ROUND(AVERAGE(CD44:CF44),0)) -> 74283 | CI44: =+IF(CG44="N/A","N/A",AVERAGE(CG44:CH44)) -> 55329.284 | CK44: 89431.56 | CL44: 87683.2 | CM44: 39375.971 | CN44: =+IF(CK44="N/A","N/A",MIN(CK44:CM44)) -> 39375.971 | CO44: =+IF(CK44="N/A","N/A",ROUND(AVERAGE(CK44:CM44),0)) -> 72164 | CP44: =+IF(CN44="N/A","N/A",AVERAGE(CN44:CO44)) -> 55769.985 | CR44: 98796.294 | CS44: 95574.688 | CT44: 43499.185 | CU44: =+IF(CR44="N/A","N/A",MIN(CR44:CT44)) -> 43499.185 | CV44: =+IF(CR44="N/A","N/A",ROUND(AVERAGE(CR44:CT44),0)) -> 79290 | CW44: =+IF(CU44="N/A","N/A",AVERAGE(CU44:CV44)) -> 61394.592 | CY44: 76945.248 | CZ44: 93663.194 | DA44: 33878.351 | DB44: =+IF(CY44="N/A","N/A",MIN(CY44:DA44)) -> 33878.351 | DC44: =+IF(CY44="N/A","N/A",ROUND(AVERAGE(CY44:DA44),0)) -> 68162 | DD44: =+IF(DB44="N/A","N/A",AVERAGE(DB44:DC44)) -> 51020.176 | DF44: 49806.224 | DG44: 91789.93 | DH44: 21929.265 | DI44: =+IF(DF44="N/A","N/A",MIN(DF44:DH44)) -> 21929.265 | DJ44: =+IF(DF44="N/A","N/A",ROUND(AVERAGE(DF44:DH44),0)) -> 54508 | DK44: =+IF(DI44="N/A","N/A",AVERAGE(DI44:DJ44)) -> 38218.633 | DM44: 66956.198 | DN44: 106476.32 | DO44: 29480.256 | DP44: =+IF(DM44="N/A","N/A",MIN(DM44:DO44)) -> 29480.256 | DQ44: =+IF(DM44="N/A","N/A",ROUND(AVERAGE(DM44:DO44),0)) -> 67638 | DR44: =+IF(DP44="N/A","N/A",AVERAGE(DP44:DQ44)) -> 48559.128 | DT44: 54819.319 | DU44: 137354.45 | DV44: 24136.489 | DW44: =+IF(DT44="N/A","N/A",MIN(DT44:DV44)) -> 24136.489 | DX44: =+IF(DT44="N/A","N/A",ROUND(AVERAGE(DT44:DV44),0)) -> 72103 | DY44: =+IF(DW44="N/A","N/A",AVERAGE(DW44:DX44)) -> 48119.745 | EA44: 48030.393 | EB44: 91789.93 | EC44: 21147.382 | ED44: =+IF(EA44="N/A","N/A",MIN(EA44:EC44)) -> 21147.382 | EE44: =+IF(EA44="N/A","N/A",ROUND(AVERAGE(EA44:EC44),0)) -> 53656 | EF44: =+IF(ED44="N/A","N/A",AVERAGE(ED44:EE44)) -> 37401.691 | EH44: 78943.058 | EI44: 115655.31 | EJ44: 34757.971 | EK44: =+IF(EH44="N/A","N/A",MIN(EH44:EJ44)) -> 34757.971 | EL44: =+IF(EH44="N/A","N/A",ROUND(AVERAGE(EH44:EJ44),0)) -> 76452 | EM44: =+IF(EK44="N/A","N/A",AVERAGE(EK44:EL44)) -> 55604.985 | EO44: 99820.172 | EP44: 195457.48 | EQ44: 43949.99 | ER44: =+IF(EO44="N/A","N/A",MIN(EO44:EQ44)) -> 43949.99 | ES44: =+IF(EO44="N/A","N/A",ROUND(AVERAGE(EO44:EQ44),0)) -> 113076 | ET44: =+IF(ER44="N/A","N/A",AVERAGE(ER44:ES44)) -> 78512.995 | EV44: 93994.558 | EW44: 189593.75 | EX44: 41385.021 | EY44: =+IF(EV44="N/A","N/A",MIN(EV44:EX44)) -> 41385.021 | EZ44: =+IF(EV44="N/A","N/A",ROUND(AVERAGE(EV44:EX44),0)) -> 108324 | FA44: =+IF(EY44="N/A","N/A",AVERAGE(EY44:EZ44)) -> 74854.51
A45: 32 | B45: Muñeco Barra Estabilizadora | C45: 1 | E45: 137401.4 | F45: 348033 | G45: 60496.693 | H45: =+IF(E45="N/A","N/A",MIN(E45:G45)) -> 60496.693 | I45: =+IF(E45="N/A","N/A",ROUND(AVERAGE(E45:G45),0)) -> 181977 | J45: =+IF(H45="N/A","N/A",AVERAGE(H45:I45)) -> 121236.85 | L45: 142210.45 | M45: 348033 | N45: N/A | O45: =+IF(L45="N/A","N/A",MIN(L45:N45)) -> 142210.45 | P45: =+IF(L45="N/A","N/A",ROUND(AVERAGE(L45:N45),0)) -> 245122 | Q45: =+IF(O45="N/A","N/A",AVERAGE(O45:P45)) -> 193666.23 | S45: 119415.97 | T45: 299308.38 | U45: 52577.856 | V45: =+IF(S45="N/A","N/A",MIN(S45:U45)) -> 52577.856 | W45: =+IF(S45="N/A","N/A",ROUND(AVERAGE(S45:U45),0)) -> 157101 | X45: =+IF(V45="N/A","N/A",AVERAGE(V45:W45)) -> 104839.43 | Z45: 341367.97 | AA45: 661262.7 | AB45: 150301.47 | AC45: =+IF(Z45="N/A","N/A",MIN(Z45:AB45)) -> 150301.47 | AD45: =+IF(Z45="N/A","N/A",ROUND(AVERAGE(Z45:AB45),0)) -> 384311 | AE45: =+IF(AC45="N/A","N/A",AVERAGE(AC45:AD45)) -> 267306.24 | AG45: 255268.73 | AH45: 330631.35 | AI45: 112392.69 | AJ45: =+IF(AG45="N/A","N/A",MIN(AG45:AI45)) -> 112392.69 | AK45: =+IF(AG45="N/A","N/A",ROUND(AVERAGE(AG45:AI45),0)) -> 232764 | AL45: =+IF(AJ45="N/A","N/A",AVERAGE(AJ45:AK45)) -> 172578.35 | AN45: 136694.39 | AO45: 324018.72 | AP45: 60185.401 | AQ45: =+IF(AN45="N/A","N/A",MIN(AN45:AP45)) -> 60185.401 | AR45: =+IF(AN45="N/A","N/A",ROUND(AVERAGE(AN45:AP45),0)) -> 173633 | AS45: =+IF(AQ45="N/A","N/A",AVERAGE(AQ45:AR45)) -> 116909.2 | AU45: 140232.65 | AV45: 369381.34 | AW45: 61743.267 | AX45: =+IF(AU45="N/A","N/A",MIN(AU45:AW45)) -> 61743.267 | AY45: =+IF(AU45="N/A","N/A",ROUND(AVERAGE(AU45:AW45),0)) -> 190452 | AZ45: =+IF(AX45="N/A","N/A",AVERAGE(AX45:AY45)) -> 126097.63 | BB45: 185239.37 | BC45: 700938.46 | BD45: 81559.349 | BE45: =+IF(BB45="N/A","N/A",MIN(BB45:BD45)) -> 81559.349 | BF45: =+IF(BB45="N/A","N/A",ROUND(AVERAGE(BB45:BD45),0)) -> 322579 | BG45: =+IF(BE45="N/A","N/A",AVERAGE(BE45:BF45)) -> 202069.17 | BI45: 139263.55 | BJ45: 343524.65 | BK45: 61316.579 | BL45: =+IF(BI45="N/A","N/A",MIN(BI45:BK45)) -> 61316.579 | BM45: =+IF(BI45="N/A","N/A",ROUND(AVERAGE(BI45:BK45),0)) -> 181368 | BN45: =+IF(BL45="N/A","N/A",AVERAGE(BL45:BM45)) -> 121342.29 | BP45: 145585.19 | BQ45: 341072.34 | BR45: 64099.944 | BS45: =+IF(BP45="N/A","N/A",MIN(BP45:BR45)) -> 64099.944 | BT45: =+IF(BP45="N/A","N/A",ROUND(AVERAGE(BP45:BR45),0)) -> 183586 | BU45: =+IF(BS45="N/A","N/A",AVERAGE(BS45:BT45)) -> 123842.97 | BW45: 154079.78 | BX45: 392233.19 | BY45: 67840.041 | BZ45: =+IF(BW45="N/A","N/A",MIN(BW45:BY45)) -> 67840.041 | CA45: =+IF(BW45="N/A","N/A",ROUND(AVERAGE(BW45:BY45),0)) -> 204718 | CB45: =+IF(BZ45="N/A","N/A",AVERAGE(BZ45:CA45)) -> 136279.02 | CD45: 276902.07 | CE45: 453452.54 | CF45: 121917.67 | CG45: =+IF(CD45="N/A","N/A",MIN(CD45:CF45)) -> 121917.67 | CH45: =+IF(CD45="N/A","N/A",ROUND(AVERAGE(CD45:CF45),0)) -> 284091 | CI45: =+IF(CG45="N/A","N/A",AVERAGE(CG45:CH45)) -> 203004.34 | CK45: 296494.38 | CL45: 382836.3 | CM45: 130544 | CN45: =+IF(CK45="N/A","N/A",MIN(CK45:CM45)) -> 130544 | CO45: =+IF(CK45="N/A","N/A",ROUND(AVERAGE(CK45:CM45),0)) -> 269958 | CP45: =+IF(CN45="N/A","N/A",AVERAGE(CN45:CO45)) -> 200251 | CR45: 323418.54 | CS45: 417291.57 | CT45: 142398.49 | CU45: =+IF(CR45="N/A","N/A",MIN(CR45:CT45)) -> 142398.49 | CV45: =+IF(CR45="N/A","N/A",ROUND(AVERAGE(CR45:CT45),0)) -> 294370 | CW45: =+IF(CU45="N/A","N/A",AVERAGE(CU45:CV45)) -> 218384.24 | CY45: 260595.5 | CZ45: 408945.74 | DA45: 114738.03 | DB45: =+IF(CY45="N/A","N/A",MIN(CY45:DA45)) -> 114738.03 | DC45: =+IF(CY45="N/A","N/A",ROUND(AVERAGE(CY45:DA45),0)) -> 261426 | DD45: =+IF(DB45="N/A","N/A",AVERAGE(DB45:DC45)) -> 188082.01 | DF45: 133457.29 | DG45: 400766.82 | DH45: 58760.133 | DI45: =+IF(DF45="N/A","N/A",MIN(DF45:DH45)) -> 58760.133 | DJ45: =+IF(DF45="N/A","N/A",ROUND(AVERAGE(DF45:DH45),0)) -> 197661 | DK45: =+IF(DI45="N/A","N/A",AVERAGE(DI45:DJ45)) -> 128210.57 | DM45: 231876.4 | DN45: 464889.51 | DO45: 102093.25 | DP45: =+IF(DM45="N/A","N/A",MIN(DM45:DO45)) -> 102093.25 | DQ45: =+IF(DM45="N/A","N/A",ROUND(AVERAGE(DM45:DO45),0)) -> 266286 | DR45: =+IF(DP45="N/A","N/A",AVERAGE(DP45:DQ45)) -> 184189.62 | DT45: 144223.1 | DU45: 599707.47 | DV45: 63500.227 | DW45: =+IF(DT45="N/A","N/A",MIN(DT45:DV45)) -> 63500.227 | DX45: =+IF(DT45="N/A","N/A",ROUND(AVERAGE(DT45:DV45),0)) -> 269144 | DY45: =+IF(DW45="N/A","N/A",AVERAGE(DW45:DX45)) -> 166322.11 | EA45: 128351.67 | EB45: 400766.82 | EC45: 56512.172 | ED45: =+IF(EA45="N/A","N/A",MIN(EA45:EC45)) -> 56512.172 | EE45: =+IF(EA45="N/A","N/A",ROUND(AVERAGE(EA45:EC45),0)) -> 195210 | EF45: =+IF(ED45="N/A","N/A",AVERAGE(ED45:EE45)) -> 125861.09 | EH45: 266339.32 | EI45: 504966.19 | EJ45: 117266.98 | EK45: =+IF(EH45="N/A","N/A",MIN(EH45:EJ45)) -> 117266.98 | EL45: =+IF(EH45="N/A","N/A",ROUND(AVERAGE(EH45:EJ45),0)) -> 296191 | EM45: =+IF(EK45="N/A","N/A",AVERAGE(EK45:EL45)) -> 206728.99 | EO45: 326362.24 | EP45: 853392.87 | EQ45: 143694.58 | ER45: =+IF(EO45="N/A","N/A",MIN(EO45:EQ45)) -> 143694.58 | ES45: =+IF(EO45="N/A","N/A",ROUND(AVERAGE(EO45:EQ45),0)) -> 441150 | ET45: =+IF(ER45="N/A","N/A",AVERAGE(ER45:ES45)) -> 292422.29 | EV45: 309613.27 | EW45: 827791.08 | EX45: 136320.14 | EY45: =+IF(EV45="N/A","N/A",MIN(EV45:EX45)) -> 136320.14 | EZ45: =+IF(EV45="N/A","N/A",ROUND(AVERAGE(EV45:EX45),0)) -> 424575 | FA45: =+IF(EY45="N/A","N/A",AVERAGE(EY45:EZ45)) -> 280447.57
A46: 33 | B46: Rotula Inferior | C46: 1 | E46: 184181.78 | F46: 389099 | G46: 81093.704 | H46: =+IF(E46="N/A","N/A",MIN(E46:G46)) -> 81093.704 | I46: =+IF(E46="N/A","N/A",ROUND(AVERAGE(E46:G46),0)) -> 218125 | J46: =+IF(H46="N/A","N/A",AVERAGE(H46:I46)) -> 149609.35 | L46: 190628.15 | M46: 389099 | N46: N/A | O46: =+IF(L46="N/A","N/A",MIN(L46:N46)) -> 190628.15 | P46: =+IF(L46="N/A","N/A",ROUND(AVERAGE(L46:N46),0)) -> 289864 | Q46: =+IF(O46="N/A","N/A",AVERAGE(O46:P46)) -> 240246.07 | S46: 162924.32 | T46: 334625.14 | U46: 71734.22 | V46: =+IF(S46="N/A","N/A",MIN(S46:U46)) -> 71734.22 | W46: =+IF(S46="N/A","N/A",ROUND(AVERAGE(S46:U46),0)) -> 189761 | X46: =+IF(V46="N/A","N/A",AVERAGE(V46:W46)) -> 130747.61 | Z46: 405028.11 | AA46: 739288.1 | AB46: 178330.5 | AC46: =+IF(Z46="N/A","N/A",MIN(Z46:AB46)) -> 178330.5 | AD46: =+IF(Z46="N/A","N/A",ROUND(AVERAGE(Z46:AB46),0)) -> 440882 | AE46: =+IF(AC46="N/A","N/A",AVERAGE(AC46:AD46)) -> 309606.25 | AG46: 283128.81 | AH46: 369644.05 | AI46: 124659.26 | AJ46: =+IF(AG46="N/A","N/A",MIN(AG46:AI46)) -> 124659.26 | AK46: =+IF(AG46="N/A","N/A",ROUND(AVERAGE(AG46:AI46),0)) -> 259144 | AL46: =+IF(AJ46="N/A","N/A",AVERAGE(AJ46:AK46)) -> 191901.63 | AN46: 186853.83 | AO46: 362251.17 | AP46: 82270.183 | AQ46: =+IF(AN46="N/A","N/A",MIN(AN46:AP46)) -> 82270.183 | AR46: =+IF(AN46="N/A","N/A",ROUND(AVERAGE(AN46:AP46),0)) -> 210458 | AS46: =+IF(AQ46="N/A","N/A",AVERAGE(AQ46:AR46)) -> 146364.09 | AU46: 210499.45 | AV46: 412966.33 | AW46: 92681.154 | AX46: =+IF(AU46="N/A","N/A",MIN(AU46:AW46)) -> 92681.154 | AY46: =+IF(AU46="N/A","N/A",ROUND(AVERAGE(AU46:AW46),0)) -> 238716 | AZ46: =+IF(AX46="N/A","N/A",AVERAGE(AX46:AY46)) -> 165698.58 | BB46: 252581.36 | BC46: 783645.39 | BD46: 111209.47 | BE46: =+IF(BB46="N/A","N/A",MIN(BB46:BD46)) -> 111209.47 | BF46: =+IF(BB46="N/A","N/A",ROUND(AVERAGE(BB46:BD46),0)) -> 382479 | BG46: =+IF(BE46="N/A","N/A",AVERAGE(BE46:BF46)) -> 246844.23 | BI46: 209462.71 | BJ46: 384058.69 | BK46: 92224.685 | BL46: =+IF(BI46="N/A","N/A",MIN(BI46:BK46)) -> 92224.685 | BM46: =+IF(BI46="N/A","N/A",ROUND(AVERAGE(BI46:BK46),0)) -> 228582 | BN46: =+IF(BL46="N/A","N/A",AVERAGE(BL46:BM46)) -> 160403.34 | BP46: 217375.1 | BQ46: 381317.02 | BR46: 95708.445 | BS46: =+IF(BP46="N/A","N/A",MIN(BP46:BR46)) -> 95708.445 | BT46: =+IF(BP46="N/A","N/A",ROUND(AVERAGE(BP46:BR46),0)) -> 231467 | BU46: =+IF(BS46="N/A","N/A",AVERAGE(BS46:BT46)) -> 163587.72 | BW46: 226462.58 | BX46: 438514.57 | BY46: 99709.588 | BZ46: =+IF(BW46="N/A","N/A",MIN(BW46:BY46)) -> 99709.588 | CA46: =+IF(BW46="N/A","N/A",ROUND(AVERAGE(BW46:BY46),0)) -> 254896 | CB46: =+IF(BZ46="N/A","N/A",AVERAGE(BZ46:CA46)) -> 177302.79 | CD46: 336062.7 | CE46: 506957.47 | CF46: 147965.61 | CG46: =+IF(CD46="N/A","N/A",MIN(CD46:CF46)) -> 147965.61 | CH46: =+IF(CD46="N/A","N/A",ROUND(AVERAGE(CD46:CF46),0)) -> 330329 | CI46: =+IF(CG46="N/A","N/A",AVERAGE(CG46:CH46)) -> 239147.3 | CK46: 357022.49 | CL46: 428008.9 | CM46: 157194.03 | CN46: =+IF(CK46="N/A","N/A",MIN(CK46:CM46)) -> 157194.03 | CO46: =+IF(CK46="N/A","N/A",ROUND(AVERAGE(CK46:CM46),0)) -> 314075 | CP46: =+IF(CN46="N/A","N/A",AVERAGE(CN46:CO46)) -> 235634.51 | CR46: 385825.86 | CS46: 466529.7 | CT46: 169875.91 | CU46: =+IF(CR46="N/A","N/A",MIN(CR46:CT46)) -> 169875.91 | CV46: =+IF(CR46="N/A","N/A",ROUND(AVERAGE(CR46:CT46),0)) -> 340744 | CW46: =+IF(CU46="N/A","N/A",AVERAGE(CU46:CV46)) -> 255309.96 | CY46: 318617.99 | CZ46: 457199.11 | DA46: 140284.85 | DB46: =+IF(CY46="N/A","N/A",MIN(CY46:DA46)) -> 140284.85 | DC46: =+IF(CY46="N/A","N/A",ROUND(AVERAGE(CY46:DA46),0)) -> 305367 | DD46: =+IF(DB46="N/A","N/A",AVERAGE(DB46:DC46)) -> 222825.92 | DF46: 203251.2 | DG46: 448055.12 | DH46: 89489.807 | DI46: =+IF(DF46="N/A","N/A",MIN(DF46:DH46)) -> 89489.807 | DJ46: =+IF(DF46="N/A","N/A",ROUND(AVERAGE(DF46:DH46),0)) -> 246932 | DK46: =+IF(DI46="N/A","N/A",AVERAGE(DI46:DJ46)) -> 168210.9 | DM46: 287894.39 | DN46: 519743.94 | DO46: 126757.5 | DP46: =+IF(DM46="N/A","N/A",MIN(DM46:DO46)) -> 126757.5 | DQ46: =+IF(DM46="N/A","N/A",ROUND(AVERAGE(DM46:DO46),0)) -> 311465 | DR46: =+IF(DP46="N/A","N/A",AVERAGE(DP46:DQ46)) -> 219111.25 | DT46: 215917.94 | DU46: 670469.69 | DV46: 95066.87 | DW46: =+IF(DT46="N/A","N/A",MIN(DT46:DV46)) -> 95066.87 | DX46: =+IF(DT46="N/A","N/A",ROUND(AVERAGE(DT46:DV46),0)) -> 327151 | DY46: =+IF(DW46="N/A","N/A",AVERAGE(DW46:DX46)) -> 211108.93 | EA46: 197789.22 | EB46: 448055.12 | EC46: 87084.946 | ED46: =+IF(EA46="N/A","N/A",MIN(EA46:EC46)) -> 87084.946 | EE46: =+IF(EA46="N/A","N/A",ROUND(AVERAGE(EA46:EC46),0)) -> 244310 | EF46: =+IF(ED46="N/A","N/A",AVERAGE(ED46:EE46)) -> 165697.47 | EH46: 324762.71 | EI46: 564549.46 | EJ46: 142990.31 | EK46: =+IF(EH46="N/A","N/A",MIN(EH46:EJ46)) -> 142990.31 | EL46: =+IF(EH46="N/A","N/A",ROUND(AVERAGE(EH46:EJ46),0)) -> 344101 | EM46: =+IF(EK46="N/A","N/A",AVERAGE(EK46:EL46)) -> 243545.66 | EO46: 388975.03 | EP46: 954088.58 | EQ46: 171262.46 | ER46: =+IF(EO46="N/A","N/A",MIN(EO46:EQ46)) -> 171262.46 | ES46: =+IF(EO46="N/A","N/A",ROUND(AVERAGE(EO46:EQ46),0)) -> 504775 | ET46: =+IF(ER46="N/A","N/A",AVERAGE(ER46:ES46)) -> 338018.73 | EV46: 371057.03 | EW46: 925465.93 | EX46: 163373.32 | EY46: =+IF(EV46="N/A","N/A",MIN(EV46:EX46)) -> 163373.32 | EZ46: =+IF(EV46="N/A","N/A",ROUND(AVERAGE(EV46:EX46),0)) -> 486632 | FA46: =+IF(EY46="N/A","N/A",AVERAGE(EY46:EZ46)) -> 325002.66
A47: 34 | B47: Rotula Superior | C47: 1 | E47: 208771.57 | F47: 428904 | G47: 91920.381 | H47: =+IF(E47="N/A","N/A",MIN(E47:G47)) -> 91920.381 | I47: =+IF(E47="N/A","N/A",ROUND(AVERAGE(E47:G47),0)) -> 243199 | J47: =+IF(H47="N/A","N/A",AVERAGE(H47:I47)) -> 167559.69 | L47: 216078.57 | M47: 428904 | N47: N/A | O47: =+IF(L47="N/A","N/A",MIN(L47:N47)) -> 216078.57 | P47: =+IF(L47="N/A","N/A",ROUND(AVERAGE(L47:N47),0)) -> 322491 | Q47: =+IF(O47="N/A","N/A",AVERAGE(O47:P47)) -> 269284.79 | S47: 185973.54 | T47: 368857.44 | U47: 81882.598 | V47: =+IF(S47="N/A","N/A",MIN(S47:U47)) -> 81882.598 | W47: =+IF(S47="N/A","N/A",ROUND(AVERAGE(S47:U47),0)) -> 212238 | X47: =+IF(V47="N/A","N/A",AVERAGE(V47:W47)) -> 147060.3 | Z47: 423949.47 | AA47: 814917.6 | AB47: 186661.42 | AC47: =+IF(Z47="N/A","N/A",MIN(Z47:AB47)) -> 186661.42 | AD47: =+IF(Z47="N/A","N/A",ROUND(AVERAGE(Z47:AB47),0)) -> 475176 | AE47: =+IF(AC47="N/A","N/A",AVERAGE(AC47:AD47)) -> 330918.71 | AG47: 323153.37 | AH47: 407458.8 | AI47: 142281.74 | AJ47: =+IF(AG47="N/A","N/A",MIN(AG47:AI47)) -> 142281.74 | AK47: =+IF(AG47="N/A","N/A",ROUND(AVERAGE(AG47:AI47),0)) -> 290965 | AL47: =+IF(AJ47="N/A","N/A",AVERAGE(AJ47:AK47)) -> 216623.37 | AN47: N/A | AO47: N/A | AP47: N/A | AQ47: N/A | AR47: N/A | AS47: N/A | AU47: N/A | AV47: N/A | AW47: N/A | AX47: N/A | AY47: N/A | AZ47: N/A | BB47: 282822.92 | BC47: 863812.66 | BD47: 124524.57 | BE47: =+IF(BB47="N/A","N/A",MIN(BB47:BD47)) -> 124524.57 | BF47: =+IF(BB47="N/A","N/A",ROUND(AVERAGE(BB47:BD47),0)) -> 423720 | BG47: =+IF(BE47="N/A","N/A",AVERAGE(BE47:BF47)) -> 274122.29 | BI47: N/A | BJ47: N/A | BK47: N/A | BL47: N/A | BM47: N/A | BN47: N/A | BP47: 225003.66 | BQ47: 420325.92 | BR47: 99067.235 | BS47: =+IF(BP47="N/A","N/A",MIN(BP47:BR47)) -> 99067.235 | BT47: =+IF(BP47="N/A","N/A",ROUND(AVERAGE(BP47:BR47),0)) -> 248132 | BU47: =+IF(BS47="N/A","N/A",AVERAGE(BS47:BT47)) -> 173599.62 | BW47: 234693.92 | BX47: 483374.81 | BY47: 103333.78 | BZ47: =+IF(BW47="N/A","N/A",MIN(BW47:BY47)) -> 103333.78 | CA47: =+IF(BW47="N/A","N/A",ROUND(AVERAGE(BW47:BY47),0)) -> 273801 | CB47: =+IF(BZ47="N/A","N/A",AVERAGE(BZ47:CA47)) -> 188567.39 | CD47: N/A | CE47: N/A | CF47: N/A | CG47: N/A | CH47: N/A | CI47: N/A | CK47: 372759.58 | CL47: 471794.4 | CM47: 164122.93 | CN47: =+IF(CK47="N/A","N/A",MIN(CK47:CM47)) -> 164122.93 | CO47: =+IF(CK47="N/A","N/A",ROUND(AVERAGE(CK47:CM47),0)) -> 336226 | CP47: =+IF(CN47="N/A","N/A",AVERAGE(CN47:CO47)) -> 250174.47 | CR47: 403473.51 | CS47: 514255.9 | CT47: 177646.03 | CU47: =+IF(CR47="N/A","N/A",MIN(CR47:CT47)) -> 177646.03 | CV47: =+IF(CR47="N/A","N/A",ROUND(AVERAGE(CR47:CT47),0)) -> 365125 | CW47: =+IF(CU47="N/A","N/A",AVERAGE(CU47:CV47)) -> 271385.51 | CY47: 331807.66 | CZ47: 503970.78 | DA47: 146092.15 | DB47: =+IF(CY47="N/A","N/A",MIN(CY47:DA47)) -> 146092.15 | DC47: =+IF(CY47="N/A","N/A",ROUND(AVERAGE(CY47:DA47),0)) -> 327290 | DD47: =+IF(DB47="N/A","N/A",AVERAGE(DB47:DC47)) -> 236691.07 | DF47: N/A | DG47: N/A | DH47: N/A | DI47: N/A | DJ47: N/A | DK47: N/A | DM47: N/A | DN47: N/A | DO47: N/A | DP47: N/A | DQ47: N/A | DR47: N/A | DT47: 218717.62 | DU47: 396009 | DV47: 96299.546 | DW47: =+IF(DT47="N/A","N/A",MIN(DT47:DV47)) -> 96299.546 | DX47: =+IF(DT47="N/A","N/A",ROUND(AVERAGE(DT47:DV47),0)) -> 237009 | DY47: =+IF(DW47="N/A","N/A",AVERAGE(DW47:DX47)) -> 166654.27 | EA47: N/A | EB47: N/A | EC47: N/A | ED47: N/A | EE47: N/A | EF47: N/A | EH47: 302060.4 | EI47: 467893 | EJ47: 132994.68 | EK47: =+IF(EH47="N/A","N/A",MIN(EH47:EJ47)) -> 132994.68 | EL47: =+IF(EH47="N/A","N/A",ROUND(AVERAGE(EH47:EJ47),0)) -> 300983 | EM47: =+IF(EK47="N/A","N/A",AVERAGE(EK47:EL47)) -> 216988.84 | EO47: 378083.32 | EP47: 790739.17 | EQ47: 166466.94 | ER47: =+IF(EO47="N/A","N/A",MIN(EO47:EQ47)) -> 166466.94 | ES47: =+IF(EO47="N/A","N/A",ROUND(AVERAGE(EO47:EQ47),0)) -> 445096 | ET47: =+IF(ER47="N/A","N/A",AVERAGE(ER47:ES47)) -> 305781.47 | EV47: 361276.66 | EW47: 767016.99 | EX47: 159067.1 | EY47: =+IF(EV47="N/A","N/A",MIN(EV47:EX47)) -> 159067.1 | EZ47: =+IF(EV47="N/A","N/A",ROUND(AVERAGE(EV47:EX47),0)) -> 429120 | FA47: =+IF(EY47="N/A","N/A",AVERAGE(EY47:EZ47)) -> 294093.55
A48: 35 | B48: Juego Bujes Tijeras Superior (par) | C48: 1 | E48: 180851.86 | F48: 396541 | G48: 79627.565 | H48: =+IF(E48="N/A","N/A",MIN(E48:G48)) -> 79627.565 | I48: =+IF(E48="N/A","N/A",ROUND(AVERAGE(E48:G48),0)) -> 219007 | J48: =+IF(H48="N/A","N/A",AVERAGE(H48:I48)) -> 149317.28 | L48: 187181.67 | M48: 396541 | N48: N/A | O48: =+IF(L48="N/A","N/A",MIN(L48:N48)) -> 187181.67 | P48: =+IF(L48="N/A","N/A",ROUND(AVERAGE(L48:N48),0)) -> 291861 | Q48: =+IF(O48="N/A","N/A",AVERAGE(O48:P48)) -> 239521.33 | S48: 156869.15 | T48: 341025.26 | U48: 69068.18 | V48: =+IF(S48="N/A","N/A",MIN(S48:U48)) -> 69068.18 | W48: =+IF(S48="N/A","N/A",ROUND(AVERAGE(S48:U48),0)) -> 188988 | X48: =+IF(V48="N/A","N/A",AVERAGE(V48:W48)) -> 129028.09 | Z48: 435645.12 | AA48: 753427.9 | AB48: 191810.92 | AC48: =+IF(Z48="N/A","N/A",MIN(Z48:AB48)) -> 191810.92 | AD48: =+IF(Z48="N/A","N/A",ROUND(AVERAGE(Z48:AB48),0)) -> 460295 | AE48: =+IF(AC48="N/A","N/A",AVERAGE(AC48:AD48)) -> 326052.96 | AG48: 325739.52 | AH48: 376713.95 | AI48: 143420.4 | AJ48: =+IF(AG48="N/A","N/A",MIN(AG48:AI48)) -> 143420.4 | AK48: =+IF(AG48="N/A","N/A",ROUND(AVERAGE(AG48:AI48),0)) -> 281958 | AL48: =+IF(AJ48="N/A","N/A",AVERAGE(AJ48:AK48)) -> 212689.2 | AN48: N/A | AO48: N/A | AP48: N/A | AQ48: N/A | AR48: N/A | AS48: N/A | AU48: N/A | AV48: N/A | AW48: N/A | AX48: N/A | AY48: N/A | AZ48: N/A | BB48: 249608.95 | BC48: 798633.57 | BD48: 109900.74 | BE48: =+IF(BB48="N/A","N/A",MIN(BB48:BD48)) -> 109900.74 | BF48: =+IF(BB48="N/A","N/A",ROUND(AVERAGE(BB48:BD48),0)) -> 386048 | BG48: =+IF(BE48="N/A","N/A",AVERAGE(BE48:BF48)) -> 247974.37 | BI48: N/A | BJ48: N/A | BK48: N/A | BL48: N/A | BM48: N/A | BN48: N/A | BP48: 192724.84 | BQ48: 388610.18 | BR48: 84855.139 | BS48: =+IF(BP48="N/A","N/A",MIN(BP48:BR48)) -> 84855.139 | BT48: =+IF(BP48="N/A","N/A",ROUND(AVERAGE(BP48:BR48),0)) -> 222063 | BU48: =+IF(BS48="N/A","N/A",AVERAGE(BS48:BT48)) -> 153459.07 | BW48: 203652.96 | BX48: 446901.71 | BY48: 89666.703 | BZ48: =+IF(BW48="N/A","N/A",MIN(BW48:BY48)) -> 89666.703 | CA48: =+IF(BW48="N/A","N/A",ROUND(AVERAGE(BW48:BY48),0)) -> 246740 | CB48: =+IF(BZ48="N/A","N/A",AVERAGE(BZ48:CA48)) -> 168203.35 | CD48: N/A | CE48: N/A | CF48: N/A | CG48: N/A | CH48: N/A | CI48: N/A | CK48: 377916.1 | CL48: 436195.1 | CM48: 166393.31 | CN48: =+IF(CK48="N/A","N/A",MIN(CK48:CM48)) -> 166393.31 | CO48: =+IF(CK48="N/A","N/A",ROUND(AVERAGE(CK48:CM48),0)) -> 326835 | CP48: =+IF(CN48="N/A","N/A",AVERAGE(CN48:CO48)) -> 246614.15 | CR48: 412553.51 | CS48: 475452.66 | CT48: 181643.87 | CU48: =+IF(CR48="N/A","N/A",MIN(CR48:CT48)) -> 181643.87 | CV48: =+IF(CR48="N/A","N/A",ROUND(AVERAGE(CR48:CT48),0)) -> 356550 | CW48: =+IF(CU48="N/A","N/A",AVERAGE(CU48:CV48)) -> 269096.94 | CY48: 331732.88 | CZ48: 465943.61 | DA48: 146059.22 | DB48: =+IF(CY48="N/A","N/A",MIN(CY48:DA48)) -> 146059.22 | DC48: =+IF(CY48="N/A","N/A",ROUND(AVERAGE(CY48:DA48),0)) -> 314579 | DD48: =+IF(DB48="N/A","N/A",AVERAGE(DB48:DC48)) -> 230319.11 | DF48: N/A | DG48: N/A | DH48: N/A | DI48: N/A | DJ48: N/A | DK48: N/A | DM48: N/A | DN48: N/A | DO48: N/A | DP48: N/A | DQ48: N/A | DR48: N/A | DT48: 185635.81 | DU48: 357823 | DV48: 81733.898 | DW48: =+IF(DT48="N/A","N/A",MIN(DT48:DV48)) -> 81733.898 | DX48: =+IF(DT48="N/A","N/A",ROUND(AVERAGE(DT48:DV48),0)) -> 208398 | DY48: =+IF(DW48="N/A","N/A",AVERAGE(DW48:DX48)) -> 145065.95 | EA48: N/A | EB48: N/A | EC48: N/A | ED48: N/A | EE48: N/A | EF48: N/A | EH48: 345605.7 | EI48: 385009 | EJ48: 152167.31 | EK48: =+IF(EH48="N/A","N/A",MIN(EH48:EJ48)) -> 152167.31 | EL48: =+IF(EH48="N/A","N/A",ROUND(AVERAGE(EH48:EJ48),0)) -> 294261 | EM48: =+IF(EK48="N/A","N/A",AVERAGE(EK48:EL48)) -> 223214.15 | EO48: 383919.91 | EP48: 650665.21 | EQ48: 169036.74 | ER48: =+IF(EO48="N/A","N/A",MIN(EO48:EQ48)) -> 169036.74 | ES48: =+IF(EO48="N/A","N/A",ROUND(AVERAGE(EO48:EQ48),0)) -> 401207 | ET48: =+IF(ER48="N/A","N/A",AVERAGE(ER48:ES48)) -> 285121.87 | EV48: 364966.32 | EW48: 631145.25 | EX48: 160691.63 | EY48: =+IF(EV48="N/A","N/A",MIN(EV48:EX48)) -> 160691.63 | EZ48: =+IF(EV48="N/A","N/A",ROUND(AVERAGE(EV48:EX48),0)) -> 385601 | FA48: =+IF(EY48="N/A","N/A",AVERAGE(EY48:EZ48)) -> 273146.31
A49: 36 | B49: Juego Bujes Tijeras Inferior (par) | C49: 1 | E49: 180957 | F49: 397009 | G49: 79673.86 | H49: =+IF(E49="N/A","N/A",MIN(E49:G49)) -> 79673.86 | I49: =+IF(E49="N/A","N/A",ROUND(AVERAGE(E49:G49),0)) -> 219213 | J49: =+IF(H49="N/A","N/A",AVERAGE(H49:I49)) -> 149443.43 | L49: 187290.5 | M49: 397009 | N49: N/A | O49: =+IF(L49="N/A","N/A",MIN(L49:N49)) -> 187290.5 | P49: =+IF(L49="N/A","N/A",ROUND(AVERAGE(L49:N49),0)) -> 292150 | Q49: =+IF(O49="N/A","N/A",AVERAGE(O49:P49)) -> 239720.25 | S49: 156824.08 | T49: 341427.74 | U49: 69048.337 | V49: =+IF(S49="N/A","N/A",MIN(S49:U49)) -> 69048.337 | W49: =+IF(S49="N/A","N/A",ROUND(AVERAGE(S49:U49),0)) -> 189100 | X49: =+IF(V49="N/A","N/A",AVERAGE(V49:W49)) -> 129074.17 | Z49: 440664.29 | AA49: 754317.1 | AB49: 194020.81 | AC49: =+IF(Z49="N/A","N/A",MIN(Z49:AB49)) -> 194020.81 | AD49: =+IF(Z49="N/A","N/A",ROUND(AVERAGE(Z49:AB49),0)) -> 463001 | AE49: =+IF(AC49="N/A","N/A",AVERAGE(AC49:AD49)) -> 328510.91 | AG49: 328899.73 | AH49: 377158.55 | AI49: 144811.81 | AJ49: =+IF(AG49="N/A","N/A",MIN(AG49:AI49)) -> 144811.81 | AK49: =+IF(AG49="N/A","N/A",ROUND(AVERAGE(AG49:AI49),0)) -> 283623 | AL49: =+IF(AJ49="N/A","N/A",AVERAGE(AJ49:AK49)) -> 214217.41 | AN49: 181039.16 | AO49: 369615.38 | AP49: 79710.032 | AQ49: =+IF(AN49="N/A","N/A",MIN(AN49:AP49)) -> 79710.032 | AR49: =+IF(AN49="N/A","N/A",ROUND(AVERAGE(AN49:AP49),0)) -> 210122 | AS49: =+IF(AQ49="N/A","N/A",AVERAGE(AQ49:AR49)) -> 144916.02 | AU49: 185052.51 | AV49: 421361.53 | AW49: 81477.078 | AX49: =+IF(AU49="N/A","N/A",MIN(AU49:AW49)) -> 81477.078 | AY49: =+IF(AU49="N/A","N/A",ROUND(AVERAGE(AU49:AW49),0)) -> 229297 | AZ49: =+IF(AX49="N/A","N/A",AVERAGE(AX49:AY49)) -> 155387.04 | BB49: 248631.12 | BC49: 799576.13 | BD49: 109470.21 | BE49: =+IF(BB49="N/A","N/A",MIN(BB49:BD49)) -> 109470.21 | BF49: =+IF(BB49="N/A","N/A",ROUND(AVERAGE(BB49:BD49),0)) -> 385892 | BG49: =+IF(BE49="N/A","N/A",AVERAGE(BE49:BF49)) -> 247681.11 | BI49: 183784.1 | BJ49: 391866.22 | BK49: 80918.606 | BL49: =+IF(BI49="N/A","N/A",MIN(BI49:BK49)) -> 80918.606 | BM49: =+IF(BI49="N/A","N/A",ROUND(AVERAGE(BI49:BK49),0)) -> 218856 | BN49: =+IF(BL49="N/A","N/A",AVERAGE(BL49:BM49)) -> 149887.3 | BP49: 192396 | BQ49: 389068.82 | BR49: 84710.355 | BS49: =+IF(BP49="N/A","N/A",MIN(BP49:BR49)) -> 84710.355 | BT49: =+IF(BP49="N/A","N/A",ROUND(AVERAGE(BP49:BR49),0)) -> 222058 | BU49: =+IF(BS49="N/A","N/A",AVERAGE(BS49:BT49)) -> 153384.18 | BW49: 203514.15 | BX49: 447429.14 | BY49: 89605.586 | BZ49: =+IF(BW49="N/A","N/A",MIN(BW49:BY49)) -> 89605.586 | CA49: =+IF(BW49="N/A","N/A",ROUND(AVERAGE(BW49:BY49),0)) -> 246850 | CB49: =+IF(BZ49="N/A","N/A",AVERAGE(BZ49:CA49)) -> 168227.79 | CD49: 356288.01 | CE49: 517263.42 | CF49: 156870.64 | CG49: =+IF(CD49="N/A","N/A",MIN(CD49:CF49)) -> 156870.64 | CH49: =+IF(CD49="N/A","N/A",ROUND(AVERAGE(CD49:CF49),0)) -> 343474 | CI49: =+IF(CG49="N/A","N/A",AVERAGE(CG49:CH49)) -> 250172.32 | CK49: 381931.43 | CL49: 436709.9 | CM49: 168161.22 | CN49: =+IF(CK49="N/A","N/A",MIN(CK49:CM49)) -> 168161.22 | CO49: =+IF(CK49="N/A","N/A",ROUND(AVERAGE(CK49:CM49),0)) -> 328934 | CP49: =+IF(CN49="N/A","N/A",AVERAGE(CN49:CO49)) -> 248547.61 | CR49: 417171.14 | CS49: 476013.79 | CT49: 183676.98 | CU49: =+IF(CR49="N/A","N/A",MIN(CR49:CT49)) -> 183676.98 | CV49: =+IF(CR49="N/A","N/A",ROUND(AVERAGE(CR49:CT49),0)) -> 358954 | CW49: =+IF(CU49="N/A","N/A",AVERAGE(CU49:CV49)) -> 271315.49 | CY49: 334945.14 | CZ49: 466493.52 | DA49: 147473.55 | DB49: =+IF(CY49="N/A","N/A",MIN(CY49:DA49)) -> 147473.55 | DC49: =+IF(CY49="N/A","N/A",ROUND(AVERAGE(CY49:DA49),0)) -> 316304 | DD49: =+IF(DB49="N/A","N/A",AVERAGE(DB49:DC49)) -> 231888.78 | DF49: 176184.57 | DG49: 457163.64 | DH49: 77572.599 | DI49: =+IF(DF49="N/A","N/A",MIN(DF49:DH49)) -> 77572.599 | DJ49: =+IF(DF49="N/A","N/A",ROUND(AVERAGE(DF49:DH49),0)) -> 236974 | DK49: =+IF(DI49="N/A","N/A",AVERAGE(DI49:DJ49)) -> 157273.3 | DM49: 297356.11 | DN49: 530309.83 | DO49: 130923.42 | DP49: =+IF(DM49="N/A","N/A",MIN(DM49:DO49)) -> 130923.42 | DQ49: =+IF(DM49="N/A","N/A",ROUND(AVERAGE(DM49:DO49),0)) -> 319530 | DR49: =+IF(DP49="N/A","N/A",AVERAGE(DP49:DQ49)) -> 225226.71 | DT49: 185183.7 | DU49: 684099.68 | DV49: 81534.84 | DW49: =+IF(DT49="N/A","N/A",MIN(DT49:DV49)) -> 81534.84 | DX49: =+IF(DT49="N/A","N/A",ROUND(AVERAGE(DT49:DV49),0)) -> 316939 | DY49: =+IF(DW49="N/A","N/A",AVERAGE(DW49:DX49)) -> 199236.92 | EA49: 169502.08 | EB49: 457163.64 | EC49: 74630.353 | ED49: =+IF(EA49="N/A","N/A",MIN(EA49:EC49)) -> 74630.353 | EE49: =+IF(EA49="N/A","N/A",ROUND(AVERAGE(EA49:EC49),0)) -> 233765 | EF49: =+IF(ED49="N/A","N/A",AVERAGE(ED49:EE49)) -> 154197.68 | EH49: 342462.95 | EI49: 576026.19 | EJ49: 150783.58 | EK49: =+IF(EH49="N/A","N/A",MIN(EH49:EJ49)) -> 150783.58 | EL49: =+IF(EH49="N/A","N/A",ROUND(AVERAGE(EH49:EJ49),0)) -> 356424 | EM49: =+IF(EK49="N/A","N/A",AVERAGE(EK49:EL49)) -> 253603.79 | EO49: 388039.65 | EP49: 973484.27 | EQ49: 170850.62 | ER49: =+IF(EO49="N/A","N/A",MIN(EO49:EQ49)) -> 170850.62 | ES49: =+IF(EO49="N/A","N/A",ROUND(AVERAGE(EO49:EQ49),0)) -> 510792 | ET49: =+IF(ER49="N/A","N/A",AVERAGE(ER49:ES49)) -> 340821.31 | EV49: 368756.47 | EW49: 944279.74 | EX49: 162360.4 | EY49: =+IF(EV49="N/A","N/A",MIN(EV49:EX49)) -> 162360.4 | EZ49: =+IF(EV49="N/A","N/A",ROUND(AVERAGE(EV49:EX49),0)) -> 491799 | FA49: =+IF(EY49="N/A","N/A",AVERAGE(EY49:EZ49)) -> 327079.7
